Workbook

Sheet Front sheet
B3: Annex 8 - Adjustment allowance methodology
B5: Version Control | C5: Date Published | D5: Changes
B6: v1.1 | C6: 43969 | D6: Published for statutory consultation
B7: v1.2 | C7: 44048 | D7: Added an adjustment for customer attrition updated CPIH for cap period five, added extra labelling and model map Published with the decision on reassessing the wholesale cost allowance in the first default tariff cap period
B8: v1.3 | C8: 44050 | D8: Published alongside the default tariff cap level: 1 October 2020 to 31 March 2021
B9: v1.4 | C9: 44232 | D9: COVID-19 adjustment added. Published alongside the default tariff cap level: 1 April 2021 to 30 September 2021
B10: v1.5 | C10: 44413 | D10: The COVID-19 adjustment for cap periods four and five was spread across cap period six and seven, as decided in February 2021 decision. This output can be found in tab '1a Adjustment Allowance'. This model was published alongside the 'decision on the potential impact of COVID-19 on the default tariff cap: cap period seven'.
B11: v1.6 | C11: 44777 | D11: The additional wholesale cost adjustment for cap period eight was spread through cap periods nine and ten as decided in the August 2022 decision. Also, added an adjustment for the correction of backwardation costs incurred in cap period seven. This is spread over cap periods nine and ten. This output can be found in 1a Adjustment Allowance. This model was published alongside the 'Price cap - Decision on possible wholesale cost adjustment'.
B12: v1.7 | C12: 44984 | D12: COVID true-up adjustment added. Published alongside the default tariff cap level: 1 April 2023 to 30 June 2023
B13: v1.8 | C13: 45021 | D13: Renewables Obligation ringfencing adjustment added. Published alongside the 'Strengthening Financial Resilience - Decision'
B14: v1.9 | C14: 45071 | D14: Changes made to extend model functionality to 2030: - Input: Updated tabs ‘3d Electricity losses’ and ‘3e CPIH’. - Output: Updated tab ‘1a Adjustment allowance’.
B15: v1.10 | C15: 45163 | D15: Published alongside the default tariff cap level 1 October 2023 to 31 December 2023. -Additional support credit adjustment added
B16: v1.11 | C16: 45345 | D16: Published alongside the Price cap - Additional debt-related costs review decision. -Additional debt related cost adjustment added for April 2024 - March 2025
B17: v1.12 | C17: 45457 | D17: Published alongside the ASC extention consultation letter -Additional support credit adjustment allowance extension added. End date of extension dependant on outcome of Operating costs review implementation
... B19: v1.14 | C19: 45713 | D19: Published alongside the default tariff cap level 1 April 2025 to 30 June 2025 and additional debt-related costs extension decision. -Debt Related Costs and Additional support credit adjustment allowance extensions added. End date of extensions dependant on outcome of Operating costs review implementation.

Sheet Notes
B2: Description
B4: This annex sets out the methodology and sources used to calculate the value of the Adjustment Allowance Component for each fuel, 28AD Charge Restriction Period, Benchmark Metering Arrangement, Payment Method and Charge Restriction Region.
C6: <= Denotes an input
C8: <= Denotes a calculation or output
B10: List of tabs
B12: Tab name | C12: Tab type | D12: Description
B13: Front sheet | C13: n/a | D13: Title
B14: Notes | C14: n/a | D14: This tab
B15: Outputs
B16: 1a Adjustment Allowance | C16: Outputs | D16: Translates to the correct format to be input into the default tariff cap model
B17: Calculations
B18: 2a Q1 Adjustment component | C18: Calculation | D18: This tab takes the final adjustment charge then applies the allowances and losses (from cap period 1) to calculate the regional allowance.
B19: 2b COVID Adjustment | C19: Calculation | D19: On this tab we calculate the COVID-19 adjustment level for each cap period using the input costs based on supplier data.
B20: 2c AWC adjustment | C20: Calculation | D20: On this tab we calculate the additional wholesale cost adjustment level for each cap period using the input costs based on supplier data.
B21: 2d Backwardation adjustment | C21: Calculation | D21: On this tab we calculate the backwardation adjustment level for each cap period using the input costs based on evidence submitted by suppliers
B22: 2e COVID true-up adjustment | C22: Calculation | D22: On this tab we calculate the net adjustment level for each cap periods using the input costs based on supplier data and the float's cost inputs. We then take into account inflation and customer volumes.
B23: 2f RO Ringfencing adjustment | C23: Calculation | D23: On this tab we calculate the RO ringfencing adjustment for the July-September 2023 cap period using the input costs for notional supplier.
B24: 2g Debt related costs adjustment | C24: Calculation | D24: On this tab we calculate the cost for TDCV customers after allocating it to the unit rate element of the cap only.
B25: Inputs
B26: 3a Adjustment term | C26: Inputs | D26: This tab shows the calculation of the adjusted charge (per MWh) using supplier costs and market share. The value is adjusted by consumption and customer volumes.
B27: 3b Allowances | C27: Inputs | D27: This tab shows the assumed uplifts for reshaping, forecast error and imbalance; transaction costs; and (for gas) unidentified gas.
B28: 3c Demand | C28: Inputs | D28: This tab shows the demand assumptions used to calculate the Direct Fuel Cost Component
B29: 3d Electricity losses | C29: Inputs | D29: This tab summarises the loss multipliers used to uplift direct fuel costs, for each Charge Restriction Period. It is populated using the outputs of the "Demand and losses" workbook.
B30: 3e CPIH | C30: Inputs | D30: This tab shows the Consumer Price Index including owner occupiers' housing costs (CPIH) used to inflate the adjustment
B31: 3f Cap levels | C31: Inputs | D31: This tab shows the level of the default tariff cap in cap periods three and four. We use it to calculate the average cap at nil as a proportion of the cap at typical consumption
B32: 3g UIG | C32: Inputs | D32: This tab shows the assumed uplifts for unidentified gas for cap period eight
B33: 3h Unexpected SVT demand costs | C33: Inputs | D33: This tab shows the lower quartile benchmarked unexpected SVT demand costs for cap period eight from our internal analysis using supplier reported data
B34: 3i Backwardation (P7) | C34: Inputs | D34: This tab shows the outcome of a review of cap period seven backwardation estimates to ensure the level of the price cap is set at its intended benchmark level.
B35: 3j Additional COVID costs | C35: Inputs | D35: This tab inputs the COVID-19 true-up incremental cost
B36: 3k CPIH & Attrition | C36: Inputs | D36: This tab shows the calculations of factors that adjust for inflation and customer volumes.
B37: 3l RO Ringfencing | C37: Inputs | D37: This tab shows the inputs for the RO Ringfencing costs.
... B39: 3n DRC | C39: Inputs | D39: This tab shows the inputs for the debt-related costs allowance per dual fuel customer at benchmark consumption and the extension for the allowance
B41: Model Map

Sheet 1. Outputs=>

Sheet 1a Adjustment Allowance
B2: Adjustment Allowance
B3: This tab shows the Adjustment Allowance values for each fuel, Charge Restriction Region, Benchmark Metering Arrangement, Payment Method, Benchmark Consumption and 28AD Charge Restriction Period, calculated according to Annex 8 to the licence conditions Also, note that for cap periods nine (October 2022- March 2023) and ten (April 2023-September 2023) benchmark at Nil consumption is hard coded with a value of Zero. This is because we only include the adjustment at TDCV. For cap periods nine (October 2022- March 2023) and ten (April 2023-September 2023), the additional wholesale cost adjustment applies only for standard credit and other payment methods and backwardation adjustment applies to all payment methods
B5: 1. Adjustment Allowance breakdown
B8: Fuel | C8: Benchmark Metering Arrangement | D8: Payment method | E8: Benchmark Annual Consumption Level | F8: Charge Restriction Region | G8: Unit | J8: Historical examples | S8: Values to be used to update level of default tariff cap | AB8: Values used to update the level of the default tariff cap
J9: These are for historical periods, for illustration only. | S9: These are the values that will be populated to calculate the updated level of the default tariff cap | AB9: These are the values used to update the level of the price cap from winter 2022, using the quarterly approach | AI9: These are the values used to update the level of the price cap from Feb 2024, using the quarterly approach
H10: 28AD Charge Restriction Period: | J10: April 2015 – September 2015 | K10: October 2015- March 2016 | L10: April 2016-September 2016 | M10: October 2016-March 2017 | N10: April 2017 - September 2017 | O10: October 2017 - March 2018 | P10: April 2018 - September 2018 | Q10: October 2018 - March 2019 | S10: January 2019 - March 2019 | T10: April 2019 - September 2019 | U10: October 2019 - March 2020 | V10: April 2020 - September 2020 | W10: October 2020 - March 2021 | X10: April 2021 - September 2021 | Y10: October 2021 - March 2022 | Z10: April 2022 - September 2022 | AB10: October 2022 - December 2022 | AC10: January 2023 - March 2023 | AD10: April 2023 - June 2023 | AE10: July 2023 - September 2023 | AF10: October 2023 - December 2023 | AG10: January 2024 - March 2024 | AI10: April 2024 - June 2024 | AJ10: July 2024 - September 2024 | AK10: October 2024 - December 2024 | AL10: January 2025 - March 2025 | AM10: April 2025 - June 2025 | AN10: July 2025 - September 2025 | AO10: October 2025 - December 2025 | AP10: January 2026 - March 2026 | AQ10: April 2026 - June 2026 | AR10: July 2026 - September 2026 | AS10: October 2026 - December 2026 | AT10: January 2027 - March 2027 | AU10: April 2027 - June 2027 | AV10: July 2027 - September 2027 | AW10: October 2027 - December 2027 | AX10: January 2028 - March 2028 | AY10: April 2028 - June 2028 | AZ10: July 2028 - September 2028 | BA10: October 2028 - December 2028 | BB10: January 2029 - March 2029 | BC10: April 2029 - June 2029 | BD10: July 2029 - September 2029 | BE10: October 2029 - December 2029 | BF10: January 2030 - March 2030 | BG10: April 2030 - June 2030 | BH10: July 2030 - September 2030 | BI10: October 2030 - December 2030
H11: Update calculated as of: | J11: February 2015 | K11: August 2015 | L11: February 2016 | M11: August 2016 | N11: February 2017 | O11: August 2017 | P11: February 2018 | Q11: August 2018 | S11: November 2018 | T11: February 2019 | U11: August 2019 | V11: February 2020 | W11: August 2020 | X11: February 2021 | Y11: August 2021 | Z11: February 2022 | AB11: August 2022 | AC11: November 2022 | AD11: February 2023 | AE11: May 2023 | AF11: August 2023 | AG11: November 2023 | AI11: February 2024 | AJ11: May 2024 | AK11: August 2024 | AL11: November 2024 | AM11: February 2025 | AN11: May 2025 | AO11: August 2025 | AP11: November 2025 | AQ11: February 2026 | AR11: May 2026 | AS11: August 2026 | AT11: November 2026 | AU11: February 2027 | AV11: May 2027 | AW11: August 2027 | AX11: November 2027 | AY11: February 2028 | AZ11: May 2028 | BA11: August 2028 | BB11: November 2028 | BC11: February 2029 | BD11: May 2029 | BE11: August 2029 | BF11: November 2029 | BG11: February 2030 | BH11: May 2030 | BI11: August 2030
H12: Fiscal year (April to March): | J12: 2015/2016 | K12: 2015/2016 | L12: 2016/2017 | M12: 2016/2017 | N12: 2017/2018 | O12: 2017/2018 | P12: 2018/2019 | Q12: 2018/2019 | S12: 2018/2019 | T12: 2019/2020 | U12: 2019/2020 | V12: 2020/2021 | W12: 2020/2021 | X12: 2021/2022 | Y12: 2021/2022 | Z12: 2022/2023 | AB12: 2022/2023 | AC12: 2022/2023 | AD12: 2023/2024 | AE12: 2023/2024 | AF12: 2023/2024 | AG12: 2023/2024 | AI12: 2024/2025 | AJ12: 2024/2025 | AK12: 2024/2025 | AL12: 2024/2025 | AM12: 2025/2026 | AN12: 2025/2026 | AO12: 2025/2026 | AP12: 2025/2026 | AQ12: 2026/2027 | AR12: 2026/2027 | AS12: 2026/2027 | AT12: 2026/2027 | AU12: 2027/2028 | AV12: 2027/2028 | AW12: 2027/2028 | AX12: 2027/2028 | AY12: 2028/2029 | AZ12: 2028/2029 | BA12: 2028/2029 | BB12: 2028/2029 | BC12: 2029/2030 | BD12: 2029/2030 | BE12: 2029/2030 | BF12: 2029/2030 | BG12: 2030/2031 | BH12: 2030/2031 | BI12: 2030/2031
B13: Electricity | C13: Single-Rate Metering Arrangement | D13: Standard credit | E13: Nil | F13: Eastern | G13: £ per customer per year | J13: - | K13: - | L13: - | M13: - | N13: - | O13: - | P13: - | Q13: - | S13: - | T13: - | U13: - | V13: - | W13: 0 | X13: ='2b COVID Adjustment'!$F$321 -> 1.4870742 | Y13: ='2b COVID Adjustment'!$G$321 -> 0.704571 | Z13: - | AB13: 0 | AC13: 0 | AD13: ='2e COVID true-up adjustment'!F$343 -> 0.41079125 | AE13: ='2e COVID true-up adjustment'!G$343 -> 0.41079125 | AF13: ='2e COVID true-up adjustment'!H$343 -> 0.41079125 | AG13: ='2e COVID true-up adjustment'!I$343 -> 0.41079125 | AI13: ='2g Debt related cost adjustment'!$E$38 -> 0 | AJ13: ='2g Debt related cost adjustment'!$E$38 -> 0 | AK13: ='2g Debt related cost adjustment'!$E$38 -> 0 | AL13: ='2g Debt related cost adjustment'!$E$38 -> 0 | AM13: ='2g Debt related cost adjustment'!$E$38 -> 0 | AN13: - | AO13: - | AP13: - | AQ13: - | AR13: - | AS13: - | AT13: - | AU13: - | AV13: - | AW13: - | AX13: - | AY13: - | AZ13: - | BA13: - | BB13: - | BC13: - | BD13: - | BE13: - | BF13: - | BG13: - | BH13: - | BI13: -
F14: East Midlands | J14: - | K14: - | L14: - | M14: - | N14: - | O14: - | P14: - | Q14: - | S14: - | T14: - | U14: - | V14: - | W14: 0 | X14: ='2b COVID Adjustment'!$F$321 -> 1.4870742 | Y14: ='2b COVID Adjustment'!$G$321 -> 0.704571 | Z14: - | AB14: 0 | AC14: 0 | AD14: ='2e COVID true-up adjustment'!F$343 -> 0.41079125 | AE14: ='2e COVID true-up adjustment'!G$343 -> 0.41079125 | AF14: ='2e COVID true-up adjustment'!H$343 -> 0.41079125 | AG14: ='2e COVID true-up adjustment'!I$343 -> 0.41079125 | AI14: ='2g Debt related cost adjustment'!$E$38 -> 0 | AJ14: ='2g Debt related cost adjustment'!$E$38 -> 0 | AK14: ='2g Debt related cost adjustment'!$E$38 -> 0 | AL14: ='2g Debt related cost adjustment'!$E$38 -> 0 | AM14: ='2g Debt related cost adjustment'!$E$38 -> 0 | AN14: - | AO14: - | AP14: - | AQ14: - | AR14: - | AS14: - | AT14: - | AU14: - | AV14: - | AW14: - | AX14: - | AY14: - | AZ14: - | BA14: - | BB14: - | BC14: - | BD14: - | BE14: - | BF14: - | BG14: - | BH14: - | BI14: -
F15: London | J15: - | K15: - | L15: - | M15: - | N15: - | O15: - | P15: - | Q15: - | S15: - | T15: - | U15: - | V15: - | W15: 0 | X15: ='2b COVID Adjustment'!$F$321 -> 1.4870742 | Y15: ='2b COVID Adjustment'!$G$321 -> 0.704571 | Z15: - | AB15: 0 | AC15: 0 | AD15: ='2e COVID true-up adjustment'!F$343 -> 0.41079125 | AE15: ='2e COVID true-up adjustment'!G$343 -> 0.41079125 | AF15: ='2e COVID true-up adjustment'!H$343 -> 0.41079125 | AG15: ='2e COVID true-up adjustment'!I$343 -> 0.41079125 | AI15: ='2g Debt related cost adjustment'!$E$38 -> 0 | AJ15: ='2g Debt related cost adjustment'!$E$38 -> 0 | AK15: ='2g Debt related cost adjustment'!$E$38 -> 0 | AL15: ='2g Debt related cost adjustment'!$E$38 -> 0 | AM15: ='2g Debt related cost adjustment'!$E$38 -> 0 | AN15: - | AO15: - | AP15: - | AQ15: - | AR15: - | AS15: - | AT15: - | AU15: - | AV15: - | AW15: - | AX15: - | AY15: - | AZ15: - | BA15: - | BB15: - | BC15: - | BD15: - | BE15: - | BF15: - | BG15: - | BH15: - | BI15: -
F16: N Wales and Mersey | J16: - | K16: - | L16: - | M16: - | N16: - | O16: - | P16: - | Q16: - | S16: - | T16: - | U16: - | V16: - | W16: 0 | X16: ='2b COVID Adjustment'!$F$321 -> 1.4870742 | Y16: ='2b COVID Adjustment'!$G$321 -> 0.704571 | Z16: - | AB16: 0 | AC16: 0 | AD16: ='2e COVID true-up adjustment'!F$343 -> 0.41079125 | AE16: ='2e COVID true-up adjustment'!G$343 -> 0.41079125 | AF16: ='2e COVID true-up adjustment'!H$343 -> 0.41079125 | AG16: ='2e COVID true-up adjustment'!I$343 -> 0.41079125 | AI16: ='2g Debt related cost adjustment'!$E$38 -> 0 | AJ16: ='2g Debt related cost adjustment'!$E$38 -> 0 | AK16: ='2g Debt related cost adjustment'!$E$38 -> 0 | AL16: ='2g Debt related cost adjustment'!$E$38 -> 0 | AM16: ='2g Debt related cost adjustment'!$E$38 -> 0 | AN16: - | AO16: - | AP16: - | AQ16: - | AR16: - | AS16: - | AT16: - | AU16: - | AV16: - | AW16: - | AX16: - | AY16: - | AZ16: - | BA16: - | BB16: - | BC16: - | BD16: - | BE16: - | BF16: - | BG16: - | BH16: - | BI16: -
F17: Midlands | J17: - | K17: - | L17: - | M17: - | N17: - | O17: - | P17: - | Q17: - | S17: - | T17: - | U17: - | V17: - | W17: 0 | X17: ='2b COVID Adjustment'!$F$321 -> 1.4870742 | Y17: ='2b COVID Adjustment'!$G$321 -> 0.704571 | Z17: - | AB17: 0 | AC17: 0 | AD17: ='2e COVID true-up adjustment'!F$343 -> 0.41079125 | AE17: ='2e COVID true-up adjustment'!G$343 -> 0.41079125 | AF17: ='2e COVID true-up adjustment'!H$343 -> 0.41079125 | AG17: ='2e COVID true-up adjustment'!I$343 -> 0.41079125 | AI17: ='2g Debt related cost adjustment'!$E$38 -> 0 | AJ17: ='2g Debt related cost adjustment'!$E$38 -> 0 | AK17: ='2g Debt related cost adjustment'!$E$38 -> 0 | AL17: ='2g Debt related cost adjustment'!$E$38 -> 0 | AM17: ='2g Debt related cost adjustment'!$E$38 -> 0 | AN17: - | AO17: - | AP17: - | AQ17: - | AR17: - | AS17: - | AT17: - | AU17: - | AV17: - | AW17: - | AX17: - | AY17: - | AZ17: - | BA17: - | BB17: - | BC17: - | BD17: - | BE17: - | BF17: - | BG17: - | BH17: - | BI17: -
F18: Northern | J18: - | K18: - | L18: - | M18: - | N18: - | O18: - | P18: - | Q18: - | S18: - | T18: - | U18: - | V18: - | W18: 0 | X18: ='2b COVID Adjustment'!$F$321 -> 1.4870742 | Y18: ='2b COVID Adjustment'!$G$321 -> 0.704571 | Z18: - | AB18: 0 | AC18: 0 | AD18: ='2e COVID true-up adjustment'!F$343 -> 0.41079125 | AE18: ='2e COVID true-up adjustment'!G$343 -> 0.41079125 | AF18: ='2e COVID true-up adjustment'!H$343 -> 0.41079125 | AG18: ='2e COVID true-up adjustment'!I$343 -> 0.41079125 | AI18: ='2g Debt related cost adjustment'!$E$38 -> 0 | AJ18: ='2g Debt related cost adjustment'!$E$38 -> 0 | AK18: ='2g Debt related cost adjustment'!$E$38 -> 0 | AL18: ='2g Debt related cost adjustment'!$E$38 -> 0 | AM18: ='2g Debt related cost adjustment'!$E$38 -> 0 | AN18: - | AO18: - | AP18: - | AQ18: - | AR18: - | AS18: - | AT18: - | AU18: - | AV18: - | AW18: - | AX18: - | AY18: - | AZ18: - | BA18: - | BB18: - | BC18: - | BD18: - | BE18: - | BF18: - | BG18: - | BH18: - | BI18: -
F19: North West | J19: - | K19: - | L19: - | M19: - | N19: - | O19: - | P19: - | Q19: - | S19: - | T19: - | U19: - | V19: - | W19: 0 | X19: ='2b COVID Adjustment'!$F$321 -> 1.4870742 | Y19: ='2b COVID Adjustment'!$G$321 -> 0.704571 | Z19: - | AB19: 0 | AC19: 0 | AD19: ='2e COVID true-up adjustment'!F$343 -> 0.41079125 | AE19: ='2e COVID true-up adjustment'!G$343 -> 0.41079125 | AF19: ='2e COVID true-up adjustment'!H$343 -> 0.41079125 | AG19: ='2e COVID true-up adjustment'!I$343 -> 0.41079125 | AI19: ='2g Debt related cost adjustment'!$E$38 -> 0 | AJ19: ='2g Debt related cost adjustment'!$E$38 -> 0 | AK19: ='2g Debt related cost adjustment'!$E$38 -> 0 | AL19: ='2g Debt related cost adjustment'!$E$38 -> 0 | AM19: ='2g Debt related cost adjustment'!$E$38 -> 0 | AN19: - | AO19: - | AP19: - | AQ19: - | AR19: - | AS19: - | AT19: - | AU19: - | AV19: - | AW19: - | AX19: - | AY19: - | AZ19: - | BA19: - | BB19: - | BC19: - | BD19: - | BE19: - | BF19: - | BG19: - | BH19: - | BI19: -
F20: Southern | J20: - | K20: - | L20: - | M20: - | N20: - | O20: - | P20: - | Q20: - | S20: - | T20: - | U20: - | V20: - | W20: 0 | X20: ='2b COVID Adjustment'!$F$321 -> 1.4870742 | Y20: ='2b COVID Adjustment'!$G$321 -> 0.704571 | Z20: - | AB20: 0 | AC20: 0 | AD20: ='2e COVID true-up adjustment'!F$343 -> 0.41079125 | AE20: ='2e COVID true-up adjustment'!G$343 -> 0.41079125 | AF20: ='2e COVID true-up adjustment'!H$343 -> 0.41079125 | AG20: ='2e COVID true-up adjustment'!I$343 -> 0.41079125 | AI20: ='2g Debt related cost adjustment'!$E$38 -> 0 | AJ20: ='2g Debt related cost adjustment'!$E$38 -> 0 | AK20: ='2g Debt related cost adjustment'!$E$38 -> 0 | AL20: ='2g Debt related cost adjustment'!$E$38 -> 0 | AM20: ='2g Debt related cost adjustment'!$E$38 -> 0 | AN20: - | AO20: - | AP20: - | AQ20: - | AR20: - | AS20: - | AT20: - | AU20: - | AV20: - | AW20: - | AX20: - | AY20: - | AZ20: - | BA20: - | BB20: - | BC20: - | BD20: - | BE20: - | BF20: - | BG20: - | BH20: - | BI20: -
F21: South East | J21: - | K21: - | L21: - | M21: - | N21: - | O21: - | P21: - | Q21: - | S21: - | T21: - | U21: - | V21: - | W21: 0 | X21: ='2b COVID Adjustment'!$F$321 -> 1.4870742 | Y21: ='2b COVID Adjustment'!$G$321 -> 0.704571 | Z21: - | AB21: 0 | AC21: 0 | AD21: ='2e COVID true-up adjustment'!F$343 -> 0.41079125 | AE21: ='2e COVID true-up adjustment'!G$343 -> 0.41079125 | AF21: ='2e COVID true-up adjustment'!H$343 -> 0.41079125 | AG21: ='2e COVID true-up adjustment'!I$343 -> 0.41079125 | AI21: ='2g Debt related cost adjustment'!$E$38 -> 0 | AJ21: ='2g Debt related cost adjustment'!$E$38 -> 0 | AK21: ='2g Debt related cost adjustment'!$E$38 -> 0 | AL21: ='2g Debt related cost adjustment'!$E$38 -> 0 | AM21: ='2g Debt related cost adjustment'!$E$38 -> 0 | AN21: - | AO21: - | AP21: - | AQ21: - | AR21: - | AS21: - | AT21: - | AU21: - | AV21: - | AW21: - | AX21: - | AY21: - | AZ21: - | BA21: - | BB21: - | BC21: - | BD21: - | BE21: - | BF21: - | BG21: - | BH21: - | BI21: -
F22: South Wales | J22: - | K22: - | L22: - | M22: - | N22: - | O22: - | P22: - | Q22: - | S22: - | T22: - | U22: - | V22: - | W22: 0 | X22: ='2b COVID Adjustment'!$F$321 -> 1.4870742 | Y22: ='2b COVID Adjustment'!$G$321 -> 0.704571 | Z22: - | AB22: 0 | AC22: 0 | AD22: ='2e COVID true-up adjustment'!F$343 -> 0.41079125 | AE22: ='2e COVID true-up adjustment'!G$343 -> 0.41079125 | AF22: ='2e COVID true-up adjustment'!H$343 -> 0.41079125 | AG22: ='2e COVID true-up adjustment'!I$343 -> 0.41079125 | AI22: ='2g Debt related cost adjustment'!$E$38 -> 0 | AJ22: ='2g Debt related cost adjustment'!$E$38 -> 0 | AK22: ='2g Debt related cost adjustment'!$E$38 -> 0 | AL22: ='2g Debt related cost adjustment'!$E$38 -> 0 | AM22: ='2g Debt related cost adjustment'!$E$38 -> 0 | AN22: - | AO22: - | AP22: - | AQ22: - | AR22: - | AS22: - | AT22: - | AU22: - | AV22: - | AW22: - | AX22: - | AY22: - | AZ22: - | BA22: - | BB22: - | BC22: - | BD22: - | BE22: - | BF22: - | BG22: - | BH22: - | BI22: -
F23: Southern Western | J23: - | K23: - | L23: - | M23: - | N23: - | O23: - | P23: - | Q23: - | S23: - | T23: - | U23: - | V23: - | W23: 0 | X23: ='2b COVID Adjustment'!$F$321 -> 1.4870742 | Y23: ='2b COVID Adjustment'!$G$321 -> 0.704571 | Z23: - | AB23: 0 | AC23: 0 | AD23: ='2e COVID true-up adjustment'!F$343 -> 0.41079125 | AE23: ='2e COVID true-up adjustment'!G$343 -> 0.41079125 | AF23: ='2e COVID true-up adjustment'!H$343 -> 0.41079125 | AG23: ='2e COVID true-up adjustment'!I$343 -> 0.41079125 | AI23: ='2g Debt related cost adjustment'!$E$38 -> 0 | AJ23: ='2g Debt related cost adjustment'!$E$38 -> 0 | AK23: ='2g Debt related cost adjustment'!$E$38 -> 0 | AL23: ='2g Debt related cost adjustment'!$E$38 -> 0 | AM23: ='2g Debt related cost adjustment'!$E$38 -> 0 | AN23: - | AO23: - | AP23: - | AQ23: - | AR23: - | AS23: - | AT23: - | AU23: - | AV23: - | AW23: - | AX23: - | AY23: - | AZ23: - | BA23: - | BB23: - | BC23: - | BD23: - | BE23: - | BF23: - | BG23: - | BH23: - | BI23: -
F24: Yorkshire | J24: - | K24: - | L24: - | M24: - | N24: - | O24: - | P24: - | Q24: - | S24: - | T24: - | U24: - | V24: - | W24: 0 | X24: ='2b COVID Adjustment'!$F$321 -> 1.4870742 | Y24: ='2b COVID Adjustment'!$G$321 -> 0.704571 | Z24: - | AB24: 0 | AC24: 0 | AD24: ='2e COVID true-up adjustment'!F$343 -> 0.41079125 | AE24: ='2e COVID true-up adjustment'!G$343 -> 0.41079125 | AF24: ='2e COVID true-up adjustment'!H$343 -> 0.41079125 | AG24: ='2e COVID true-up adjustment'!I$343 -> 0.41079125 | AI24: ='2g Debt related cost adjustment'!$E$38 -> 0 | AJ24: ='2g Debt related cost adjustment'!$E$38 -> 0 | AK24: ='2g Debt related cost adjustment'!$E$38 -> 0 | AL24: ='2g Debt related cost adjustment'!$E$38 -> 0 | AM24: ='2g Debt related cost adjustment'!$E$38 -> 0 | AN24: - | AO24: - | AP24: - | AQ24: - | AR24: - | AS24: - | AT24: - | AU24: - | AV24: - | AW24: - | AX24: - | AY24: - | AZ24: - | BA24: - | BB24: - | BC24: - | BD24: - | BE24: - | BF24: - | BG24: - | BH24: - | BI24: -
F25: Southern Scotland | J25: - | K25: - | L25: - | M25: - | N25: - | O25: - | P25: - | Q25: - | S25: - | T25: - | U25: - | V25: - | W25: 0 | X25: ='2b COVID Adjustment'!$F$321 -> 1.4870742 | Y25: ='2b COVID Adjustment'!$G$321 -> 0.704571 | Z25: - | AB25: 0 | AC25: 0 | AD25: ='2e COVID true-up adjustment'!F$343 -> 0.41079125 | AE25: ='2e COVID true-up adjustment'!G$343 -> 0.41079125 | AF25: ='2e COVID true-up adjustment'!H$343 -> 0.41079125 | AG25: ='2e COVID true-up adjustment'!I$343 -> 0.41079125 | AI25: ='2g Debt related cost adjustment'!$E$38 -> 0 | AJ25: ='2g Debt related cost adjustment'!$E$38 -> 0 | AK25: ='2g Debt related cost adjustment'!$E$38 -> 0 | AL25: ='2g Debt related cost adjustment'!$E$38 -> 0 | AM25: ='2g Debt related cost adjustment'!$E$38 -> 0 | AN25: - | AO25: - | AP25: - | AQ25: - | AR25: - | AS25: - | AT25: - | AU25: - | AV25: - | AW25: - | AX25: - | AY25: - | AZ25: - | BA25: - | BB25: - | BC25: - | BD25: - | BE25: - | BF25: - | BG25: - | BH25: - | BI25: -
F26: Northern Scotland | J26: - | K26: - | L26: - | M26: - | N26: - | O26: - | P26: - | Q26: - | S26: - | T26: - | U26: - | V26: - | W26: 0 | X26: ='2b COVID Adjustment'!$F$321 -> 1.4870742 | Y26: ='2b COVID Adjustment'!$G$321 -> 0.704571 | Z26: - | AB26: 0 | AC26: 0 | AD26: ='2e COVID true-up adjustment'!F$343 -> 0.41079125 | AE26: ='2e COVID true-up adjustment'!G$343 -> 0.41079125 | AF26: ='2e COVID true-up adjustment'!H$343 -> 0.41079125 | AG26: ='2e COVID true-up adjustment'!I$343 -> 0.41079125 | AI26: ='2g Debt related cost adjustment'!$E$38 -> 0 | AJ26: ='2g Debt related cost adjustment'!$E$38 -> 0 | AK26: ='2g Debt related cost adjustment'!$E$38 -> 0 | AL26: ='2g Debt related cost adjustment'!$E$38 -> 0 | AM26: ='2g Debt related cost adjustment'!$E$38 -> 0 | AN26: - | AO26: - | AP26: - | AQ26: - | AR26: - | AS26: - | AT26: - | AU26: - | AV26: - | AW26: - | AX26: - | AY26: - | AZ26: - | BA26: - | BB26: - | BC26: - | BD26: - | BE26: - | BF26: - | BG26: - | BH26: - | BI26: -
C27: Single-Rate Metering Arrangement | D27: Standard credit | E27: TDCV | F27: Eastern | J27: - | K27: - | L27: - | M27: - | N27: - | O27: - | P27: - | Q27: - | S27: - | T27: - | U27: - | V27: - | W27: ='2a Q1 Adjustment Component'!H51 -> 4.5943353 | X27: ='2b COVID Adjustment'!$F$322 -> 9.9756951 | Y27: ='2b COVID Adjustment'!$G$322 -> 4.43 | Z27: - | AB27: ='2c AWC adjustment'!$I14+'2d Backwardation adjustment'!$I14 -> 20.827977 | AC27: ='2c AWC adjustment'!$I14+'2d Backwardation adjustment'!$I14 -> 20.827977 | AD27: ='2c AWC adjustment'!$J14+'2d Backwardation adjustment'!$J14+'2e COVID true-up adjustment'!F$344 -> 26.839194 | AE27: ='2c AWC adjustment'!$J14+'2d Backwardation adjustment'!$J14+'2e COVID true-up adjustment'!G$344+'2f RO Ringfencing adjustment'!I31 -> 35.255648 | AF27: ='2e COVID true-up adjustment'!H$344 -> 6.0112172 | AG27: ='2e COVID true-up adjustment'!I$344 -> 6.0112172 | AI27: ='2g Debt related cost adjustment'!$E$39 -> 15.899644 | AJ27: ='2g Debt related cost adjustment'!$E$39 -> 15.899644 | AK27: ='2g Debt related cost adjustment'!$E$39 -> 15.899644 | AL27: ='2g Debt related cost adjustment'!$E$39 -> 15.899644 | AM27: ='2g Debt related cost adjustment'!$E$39 -> 15.899644 | AN27: - | AO27: - | AP27: - | AQ27: - | AR27: - | AS27: - | AT27: - | AU27: - | AV27: - | AW27: - | AX27: - | AY27: - | AZ27: - | BA27: - | BB27: - | BC27: - | BD27: - | BE27: - | BF27: - | BG27: - | BH27: - | BI27: -
F28: East Midlands | J28: - | K28: - | L28: - | M28: - | N28: - | O28: - | P28: - | Q28: - | S28: - | T28: - | U28: - | V28: - | W28: ='2a Q1 Adjustment Component'!H52 -> 4.5369997 | X28: ='2b COVID Adjustment'!$F$322 -> 9.9756951 | Y28: ='2b COVID Adjustment'!$G$322 -> 4.43 | Z28: - | AB28: ='2c AWC adjustment'!$I15+'2d Backwardation adjustment'!$I15 -> 20.450772 | AC28: ='2c AWC adjustment'!$I15+'2d Backwardation adjustment'!$I15 -> 20.450772 | AD28: ='2c AWC adjustment'!$J15+'2d Backwardation adjustment'!$J15+'2e COVID true-up adjustment'!F$344 -> 26.46199 | AE28: ='2c AWC adjustment'!$J15+'2d Backwardation adjustment'!$J15+'2e COVID true-up adjustment'!G$344+'2f RO Ringfencing adjustment'!I32 -> 34.878444 | AF28: ='2e COVID true-up adjustment'!H$344 -> 6.0112172 | AG28: ='2e COVID true-up adjustment'!I$344 -> 6.0112172 | AI28: ='2g Debt related cost adjustment'!$E$39 -> 15.899644 | AJ28: ='2g Debt related cost adjustment'!$E$39 -> 15.899644 | AK28: ='2g Debt related cost adjustment'!$E$39 -> 15.899644 | AL28: ='2g Debt related cost adjustment'!$E$39 -> 15.899644 | AM28: ='2g Debt related cost adjustment'!$E$39 -> 15.899644 | AN28: - | AO28: - | AP28: - | AQ28: - | AR28: - | AS28: - | AT28: - | AU28: - | AV28: - | AW28: - | AX28: - | AY28: - | AZ28: - | BA28: - | BB28: - | BC28: - | BD28: - | BE28: - | BF28: - | BG28: - | BH28: - | BI28: -
F29: London | J29: - | K29: - | L29: - | M29: - | N29: - | O29: - | P29: - | Q29: - | S29: - | T29: - | U29: - | V29: - | W29: ='2a Q1 Adjustment Component'!H53 -> 4.6337753 | X29: ='2b COVID Adjustment'!$F$322 -> 9.9756951 | Y29: ='2b COVID Adjustment'!$G$322 -> 4.43 | Z29: - | AB29: ='2c AWC adjustment'!$I16+'2d Backwardation adjustment'!$I16 -> 21.093801 | AC29: ='2c AWC adjustment'!$I16+'2d Backwardation adjustment'!$I16 -> 21.093801 | AD29: ='2c AWC adjustment'!$J16+'2d Backwardation adjustment'!$J16+'2e COVID true-up adjustment'!F$344 -> 27.105018 | AE29: ='2c AWC adjustment'!$J16+'2d Backwardation adjustment'!$J16+'2e COVID true-up adjustment'!G$344+'2f RO Ringfencing adjustment'!I33 -> 35.521472 | AF29: ='2e COVID true-up adjustment'!H$344 -> 6.0112172 | AG29: ='2e COVID true-up adjustment'!I$344 -> 6.0112172 | AI29: ='2g Debt related cost adjustment'!$E$39 -> 15.899644 | AJ29: ='2g Debt related cost adjustment'!$E$39 -> 15.899644 | AK29: ='2g Debt related cost adjustment'!$E$39 -> 15.899644 | AL29: ='2g Debt related cost adjustment'!$E$39 -> 15.899644 | AM29: ='2g Debt related cost adjustment'!$E$39 -> 15.899644 | AN29: - | AO29: - | AP29: - | AQ29: - | AR29: - | AS29: - | AT29: - | AU29: - | AV29: - | AW29: - | AX29: - | AY29: - | AZ29: - | BA29: - | BB29: - | BC29: - | BD29: - | BE29: - | BF29: - | BG29: - | BH29: - | BI29: -
F30: N Wales and Mersey | J30: - | K30: - | L30: - | M30: - | N30: - | O30: - | P30: - | Q30: - | S30: - | T30: - | U30: - | V30: - | W30: ='2a Q1 Adjustment Component'!H54 -> 4.6674065 | X30: ='2b COVID Adjustment'!$F$322 -> 9.9756951 | Y30: ='2b COVID Adjustment'!$G$322 -> 4.43 | Z30: - | AB30: ='2c AWC adjustment'!$I17+'2d Backwardation adjustment'!$I17 -> 21.332768 | AC30: ='2c AWC adjustment'!$I17+'2d Backwardation adjustment'!$I17 -> 21.332768 | AD30: ='2c AWC adjustment'!$J17+'2d Backwardation adjustment'!$J17+'2e COVID true-up adjustment'!F$344 -> 27.343985 | AE30: ='2c AWC adjustment'!$J17+'2d Backwardation adjustment'!$J17+'2e COVID true-up adjustment'!G$344+'2f RO Ringfencing adjustment'!I34 -> 35.760439 | AF30: ='2e COVID true-up adjustment'!H$344 -> 6.0112172 | AG30: ='2e COVID true-up adjustment'!I$344 -> 6.0112172 | AI30: ='2g Debt related cost adjustment'!$E$39 -> 15.899644 | AJ30: ='2g Debt related cost adjustment'!$E$39 -> 15.899644 | AK30: ='2g Debt related cost adjustment'!$E$39 -> 15.899644 | AL30: ='2g Debt related cost adjustment'!$E$39 -> 15.899644 | AM30: ='2g Debt related cost adjustment'!$E$39 -> 15.899644 | AN30: - | AO30: - | AP30: - | AQ30: - | AR30: - | AS30: - | AT30: - | AU30: - | AV30: - | AW30: - | AX30: - | AY30: - | AZ30: - | BA30: - | BB30: - | BC30: - | BD30: - | BE30: - | BF30: - | BG30: - | BH30: - | BI30: -
F31: Midlands | J31: - | K31: - | L31: - | M31: - | N31: - | O31: - | P31: - | Q31: - | S31: - | T31: - | U31: - | V31: - | W31: ='2a Q1 Adjustment Component'!H55 -> 4.5700998 | X31: ='2b COVID Adjustment'!$F$322 -> 9.9756951 | Y31: ='2b COVID Adjustment'!$G$322 -> 4.43 | Z31: - | AB31: ='2c AWC adjustment'!$I18+'2d Backwardation adjustment'!$I18 -> 20.861513 | AC31: ='2c AWC adjustment'!$I18+'2d Backwardation adjustment'!$I18 -> 20.861513 | AD31: ='2c AWC adjustment'!$J18+'2d Backwardation adjustment'!$J18+'2e COVID true-up adjustment'!F$344 -> 26.87273 | AE31: ='2c AWC adjustment'!$J18+'2d Backwardation adjustment'!$J18+'2e COVID true-up adjustment'!G$344+'2f RO Ringfencing adjustment'!I35 -> 35.289184 | AF31: ='2e COVID true-up adjustment'!H$344 -> 6.0112172 | AG31: ='2e COVID true-up adjustment'!I$344 -> 6.0112172 | AI31: ='2g Debt related cost adjustment'!$E$39 -> 15.899644 | AJ31: ='2g Debt related cost adjustment'!$E$39 -> 15.899644 | AK31: ='2g Debt related cost adjustment'!$E$39 -> 15.899644 | AL31: ='2g Debt related cost adjustment'!$E$39 -> 15.899644 | AM31: ='2g Debt related cost adjustment'!$E$39 -> 15.899644 | AN31: - | AO31: - | AP31: - | AQ31: - | AR31: - | AS31: - | AT31: - | AU31: - | AV31: - | AW31: - | AX31: - | AY31: - | AZ31: - | BA31: - | BB31: - | BC31: - | BD31: - | BE31: - | BF31: - | BG31: - | BH31: - | BI31: -
F32: Northern | J32: - | K32: - | L32: - | M32: - | N32: - | O32: - | P32: - | Q32: - | S32: - | T32: - | U32: - | V32: - | W32: ='2a Q1 Adjustment Component'!H56 -> 4.514976 | X32: ='2b COVID Adjustment'!$F$322 -> 9.9756951 | Y32: ='2b COVID Adjustment'!$G$322 -> 4.43 | Z32: - | AB32: ='2c AWC adjustment'!$I19+'2d Backwardation adjustment'!$I19 -> 20.243837 | AC32: ='2c AWC adjustment'!$I19+'2d Backwardation adjustment'!$I19 -> 20.243837 | AD32: ='2c AWC adjustment'!$J19+'2d Backwardation adjustment'!$J19+'2e COVID true-up adjustment'!F$344 -> 26.255054 | AE32: ='2c AWC adjustment'!$J19+'2d Backwardation adjustment'!$J19+'2e COVID true-up adjustment'!G$344+'2f RO Ringfencing adjustment'!I36 -> 34.671508 | AF32: ='2e COVID true-up adjustment'!H$344 -> 6.0112172 | AG32: ='2e COVID true-up adjustment'!I$344 -> 6.0112172 | AI32: ='2g Debt related cost adjustment'!$E$39 -> 15.899644 | AJ32: ='2g Debt related cost adjustment'!$E$39 -> 15.899644 | AK32: ='2g Debt related cost adjustment'!$E$39 -> 15.899644 | AL32: ='2g Debt related cost adjustment'!$E$39 -> 15.899644 | AM32: ='2g Debt related cost adjustment'!$E$39 -> 15.899644 | AN32: - | AO32: - | AP32: - | AQ32: - | AR32: - | AS32: - | AT32: - | AU32: - | AV32: - | AW32: - | AX32: - | AY32: - | AZ32: - | BA32: - | BB32: - | BC32: - | BD32: - | BE32: - | BF32: - | BG32: - | BH32: - | BI32: -
F33: North West | J33: - | K33: - | L33: - | M33: - | N33: - | O33: - | P33: - | Q33: - | S33: - | T33: - | U33: - | V33: - | W33: ='2a Q1 Adjustment Component'!H57 -> 4.5915836 | X33: ='2b COVID Adjustment'!$F$322 -> 9.9756951 | Y33: ='2b COVID Adjustment'!$G$322 -> 4.43 | Z33: - | AB33: ='2c AWC adjustment'!$I20+'2d Backwardation adjustment'!$I20 -> 20.569743 | AC33: ='2c AWC adjustment'!$I20+'2d Backwardation adjustment'!$I20 -> 20.569743 | AD33: ='2c AWC adjustment'!$J20+'2d Backwardation adjustment'!$J20+'2e COVID true-up adjustment'!F$344 -> 26.580961 | AE33: ='2c AWC adjustment'!$J20+'2d Backwardation adjustment'!$J20+'2e COVID true-up adjustment'!G$344+'2f RO Ringfencing adjustment'!I37 -> 34.997415 | AF33: ='2e COVID true-up adjustment'!H$344 -> 6.0112172 | AG33: ='2e COVID true-up adjustment'!I$344 -> 6.0112172 | AI33: ='2g Debt related cost adjustment'!$E$39 -> 15.899644 | AJ33: ='2g Debt related cost adjustment'!$E$39 -> 15.899644 | AK33: ='2g Debt related cost adjustment'!$E$39 -> 15.899644 | AL33: ='2g Debt related cost adjustment'!$E$39 -> 15.899644 | AM33: ='2g Debt related cost adjustment'!$E$39 -> 15.899644 | AN33: - | AO33: - | AP33: - | AQ33: - | AR33: - | AS33: - | AT33: - | AU33: - | AV33: - | AW33: - | AX33: - | AY33: - | AZ33: - | BA33: - | BB33: - | BC33: - | BD33: - | BE33: - | BF33: - | BG33: - | BH33: - | BI33: -
F34: Southern | J34: - | K34: - | L34: - | M34: - | N34: - | O34: - | P34: - | Q34: - | S34: - | T34: - | U34: - | V34: - | W34: ='2a Q1 Adjustment Component'!H58 -> 4.5563475 | X34: ='2b COVID Adjustment'!$F$322 -> 9.9756951 | Y34: ='2b COVID Adjustment'!$G$322 -> 4.43 | Z34: - | AB34: ='2c AWC adjustment'!$I21+'2d Backwardation adjustment'!$I21 -> 20.802418 | AC34: ='2c AWC adjustment'!$I21+'2d Backwardation adjustment'!$I21 -> 20.802418 | AD34: ='2c AWC adjustment'!$J21+'2d Backwardation adjustment'!$J21+'2e COVID true-up adjustment'!F$344 -> 26.813635 | AE34: ='2c AWC adjustment'!$J21+'2d Backwardation adjustment'!$J21+'2e COVID true-up adjustment'!G$344+'2f RO Ringfencing adjustment'!I38 -> 35.230089 | AF34: ='2e COVID true-up adjustment'!H$344 -> 6.0112172 | AG34: ='2e COVID true-up adjustment'!I$344 -> 6.0112172 | AI34: ='2g Debt related cost adjustment'!$E$39 -> 15.899644 | AJ34: ='2g Debt related cost adjustment'!$E$39 -> 15.899644 | AK34: ='2g Debt related cost adjustment'!$E$39 -> 15.899644 | AL34: ='2g Debt related cost adjustment'!$E$39 -> 15.899644 | AM34: ='2g Debt related cost adjustment'!$E$39 -> 15.899644 | AN34: - | AO34: - | AP34: - | AQ34: - | AR34: - | AS34: - | AT34: - | AU34: - | AV34: - | AW34: - | AX34: - | AY34: - | AZ34: - | BA34: - | BB34: - | BC34: - | BD34: - | BE34: - | BF34: - | BG34: - | BH34: - | BI34: -
F35: South East | J35: - | K35: - | L35: - | M35: - | N35: - | O35: - | P35: - | Q35: - | S35: - | T35: - | U35: - | V35: - | W35: ='2a Q1 Adjustment Component'!H59 -> 4.566649 | X35: ='2b COVID Adjustment'!$F$322 -> 9.9756951 | Y35: ='2b COVID Adjustment'!$G$322 -> 4.43 | Z35: - | AB35: ='2c AWC adjustment'!$I22+'2d Backwardation adjustment'!$I22 -> 20.840254 | AC35: ='2c AWC adjustment'!$I22+'2d Backwardation adjustment'!$I22 -> 20.840254 | AD35: ='2c AWC adjustment'!$J22+'2d Backwardation adjustment'!$J22+'2e COVID true-up adjustment'!F$344 -> 26.851472 | AE35: ='2c AWC adjustment'!$J22+'2d Backwardation adjustment'!$J22+'2e COVID true-up adjustment'!G$344+'2f RO Ringfencing adjustment'!I39 -> 35.267926 | AF35: ='2e COVID true-up adjustment'!H$344 -> 6.0112172 | AG35: ='2e COVID true-up adjustment'!I$344 -> 6.0112172 | AI35: ='2g Debt related cost adjustment'!$E$39 -> 15.899644 | AJ35: ='2g Debt related cost adjustment'!$E$39 -> 15.899644 | AK35: ='2g Debt related cost adjustment'!$E$39 -> 15.899644 | AL35: ='2g Debt related cost adjustment'!$E$39 -> 15.899644 | AM35: ='2g Debt related cost adjustment'!$E$39 -> 15.899644 | AN35: - | AO35: - | AP35: - | AQ35: - | AR35: - | AS35: - | AT35: - | AU35: - | AV35: - | AW35: - | AX35: - | AY35: - | AZ35: - | BA35: - | BB35: - | BC35: - | BD35: - | BE35: - | BF35: - | BG35: - | BH35: - | BI35: -
F36: South Wales | J36: - | K36: - | L36: - | M36: - | N36: - | O36: - | P36: - | Q36: - | S36: - | T36: - | U36: - | V36: - | W36: ='2a Q1 Adjustment Component'!H60 -> 4.5038229 | X36: ='2b COVID Adjustment'!$F$322 -> 9.9756951 | Y36: ='2b COVID Adjustment'!$G$322 -> 4.43 | Z36: - | AB36: ='2c AWC adjustment'!$I23+'2d Backwardation adjustment'!$I23 -> 20.719452 | AC36: ='2c AWC adjustment'!$I23+'2d Backwardation adjustment'!$I23 -> 20.719452 | AD36: ='2c AWC adjustment'!$J23+'2d Backwardation adjustment'!$J23+'2e COVID true-up adjustment'!F$344 -> 26.730669 | AE36: ='2c AWC adjustment'!$J23+'2d Backwardation adjustment'!$J23+'2e COVID true-up adjustment'!G$344+'2f RO Ringfencing adjustment'!I40 -> 35.147123 | AF36: ='2e COVID true-up adjustment'!H$344 -> 6.0112172 | AG36: ='2e COVID true-up adjustment'!I$344 -> 6.0112172 | AI36: ='2g Debt related cost adjustment'!$E$39 -> 15.899644 | AJ36: ='2g Debt related cost adjustment'!$E$39 -> 15.899644 | AK36: ='2g Debt related cost adjustment'!$E$39 -> 15.899644 | AL36: ='2g Debt related cost adjustment'!$E$39 -> 15.899644 | AM36: ='2g Debt related cost adjustment'!$E$39 -> 15.899644 | AN36: - | AO36: - | AP36: - | AQ36: - | AR36: - | AS36: - | AT36: - | AU36: - | AV36: - | AW36: - | AX36: - | AY36: - | AZ36: - | BA36: - | BB36: - | BC36: - | BD36: - | BE36: - | BF36: - | BG36: - | BH36: - | BI36: -
F37: Southern Western | J37: - | K37: - | L37: - | M37: - | N37: - | O37: - | P37: - | Q37: - | S37: - | T37: - | U37: - | V37: - | W37: ='2a Q1 Adjustment Component'!H61 -> 4.4837546 | X37: ='2b COVID Adjustment'!$F$322 -> 9.9756951 | Y37: ='2b COVID Adjustment'!$G$322 -> 4.43 | Z37: - | AB37: ='2c AWC adjustment'!$I24+'2d Backwardation adjustment'!$I24 -> 20.517182 | AC37: ='2c AWC adjustment'!$I24+'2d Backwardation adjustment'!$I24 -> 20.517182 | AD37: ='2c AWC adjustment'!$J24+'2d Backwardation adjustment'!$J24+'2e COVID true-up adjustment'!F$344 -> 26.5284 | AE37: ='2c AWC adjustment'!$J24+'2d Backwardation adjustment'!$J24+'2e COVID true-up adjustment'!G$344+'2f RO Ringfencing adjustment'!I41 -> 34.944854 | AF37: ='2e COVID true-up adjustment'!H$344 -> 6.0112172 | AG37: ='2e COVID true-up adjustment'!I$344 -> 6.0112172 | AI37: ='2g Debt related cost adjustment'!$E$39 -> 15.899644 | AJ37: ='2g Debt related cost adjustment'!$E$39 -> 15.899644 | AK37: ='2g Debt related cost adjustment'!$E$39 -> 15.899644 | AL37: ='2g Debt related cost adjustment'!$E$39 -> 15.899644 | AM37: ='2g Debt related cost adjustment'!$E$39 -> 15.899644 | AN37: - | AO37: - | AP37: - | AQ37: - | AR37: - | AS37: - | AT37: - | AU37: - | AV37: - | AW37: - | AX37: - | AY37: - | AZ37: - | BA37: - | BB37: - | BC37: - | BD37: - | BE37: - | BF37: - | BG37: - | BH37: - | BI37: -
F38: Yorkshire | J38: - | K38: - | L38: - | M38: - | N38: - | O38: - | P38: - | Q38: - | S38: - | T38: - | U38: - | V38: - | W38: ='2a Q1 Adjustment Component'!H62 -> 4.5725713 | X38: ='2b COVID Adjustment'!$F$322 -> 9.9756951 | Y38: ='2b COVID Adjustment'!$G$322 -> 4.43 | Z38: - | AB38: ='2c AWC adjustment'!$I25+'2d Backwardation adjustment'!$I25 -> 20.696038 | AC38: ='2c AWC adjustment'!$I25+'2d Backwardation adjustment'!$I25 -> 20.696038 | AD38: ='2c AWC adjustment'!$J25+'2d Backwardation adjustment'!$J25+'2e COVID true-up adjustment'!F$344 -> 26.707256 | AE38: ='2c AWC adjustment'!$J25+'2d Backwardation adjustment'!$J25+'2e COVID true-up adjustment'!G$344+'2f RO Ringfencing adjustment'!I42 -> 35.12371 | AF38: ='2e COVID true-up adjustment'!H$344 -> 6.0112172 | AG38: ='2e COVID true-up adjustment'!I$344 -> 6.0112172 | AI38: ='2g Debt related cost adjustment'!$E$39 -> 15.899644 | AJ38: ='2g Debt related cost adjustment'!$E$39 -> 15.899644 | AK38: ='2g Debt related cost adjustment'!$E$39 -> 15.899644 | AL38: ='2g Debt related cost adjustment'!$E$39 -> 15.899644 | AM38: ='2g Debt related cost adjustment'!$E$39 -> 15.899644 | AN38: - | AO38: - | AP38: - | AQ38: - | AR38: - | AS38: - | AT38: - | AU38: - | AV38: - | AW38: - | AX38: - | AY38: - | AZ38: - | BA38: - | BB38: - | BC38: - | BD38: - | BE38: - | BF38: - | BG38: - | BH38: - | BI38: -
F39: Southern Scotland | J39: - | K39: - | L39: - | M39: - | N39: - | O39: - | P39: - | Q39: - | S39: - | T39: - | U39: - | V39: - | W39: ='2a Q1 Adjustment Component'!H63 -> 4.5761635 | X39: ='2b COVID Adjustment'!$F$322 -> 9.9756951 | Y39: ='2b COVID Adjustment'!$G$322 -> 4.43 | Z39: - | AB39: ='2c AWC adjustment'!$I26+'2d Backwardation adjustment'!$I26 -> 20.922096 | AC39: ='2c AWC adjustment'!$I26+'2d Backwardation adjustment'!$I26 -> 20.922096 | AD39: ='2c AWC adjustment'!$J26+'2d Backwardation adjustment'!$J26+'2e COVID true-up adjustment'!F$344 -> 26.933313 | AE39: ='2c AWC adjustment'!$J26+'2d Backwardation adjustment'!$J26+'2e COVID true-up adjustment'!G$344+'2f RO Ringfencing adjustment'!I43 -> 35.349767 | AF39: ='2e COVID true-up adjustment'!H$344 -> 6.0112172 | AG39: ='2e COVID true-up adjustment'!I$344 -> 6.0112172 | AI39: ='2g Debt related cost adjustment'!$E$39 -> 15.899644 | AJ39: ='2g Debt related cost adjustment'!$E$39 -> 15.899644 | AK39: ='2g Debt related cost adjustment'!$E$39 -> 15.899644 | AL39: ='2g Debt related cost adjustment'!$E$39 -> 15.899644 | AM39: ='2g Debt related cost adjustment'!$E$39 -> 15.899644 | AN39: - | AO39: - | AP39: - | AQ39: - | AR39: - | AS39: - | AT39: - | AU39: - | AV39: - | AW39: - | AX39: - | AY39: - | AZ39: - | BA39: - | BB39: - | BC39: - | BD39: - | BE39: - | BF39: - | BG39: - | BH39: - | BI39: -
F40: Northern Scotland | J40: - | K40: - | L40: - | M40: - | N40: - | O40: - | P40: - | Q40: - | S40: - | T40: - | U40: - | V40: - | W40: ='2a Q1 Adjustment Component'!H64 -> 4.5227059 | X40: ='2b COVID Adjustment'!$F$322 -> 9.9756951 | Y40: ='2b COVID Adjustment'!$G$322 -> 4.43 | Z40: - | AB40: ='2c AWC adjustment'!$I27+'2d Backwardation adjustment'!$I27 -> 20.431841 | AC40: ='2c AWC adjustment'!$I27+'2d Backwardation adjustment'!$I27 -> 20.431841 | AD40: ='2c AWC adjustment'!$J27+'2d Backwardation adjustment'!$J27+'2e COVID true-up adjustment'!F$344 -> 26.443058 | AE40: ='2c AWC adjustment'!$J27+'2d Backwardation adjustment'!$J27+'2e COVID true-up adjustment'!G$344+'2f RO Ringfencing adjustment'!I44 -> 34.859512 | AF40: ='2e COVID true-up adjustment'!H$344 -> 6.0112172 | AG40: ='2e COVID true-up adjustment'!I$344 -> 6.0112172 | AI40: ='2g Debt related cost adjustment'!$E$39 -> 15.899644 | AJ40: ='2g Debt related cost adjustment'!$E$39 -> 15.899644 | AK40: ='2g Debt related cost adjustment'!$E$39 -> 15.899644 | AL40: ='2g Debt related cost adjustment'!$E$39 -> 15.899644 | AM40: ='2g Debt related cost adjustment'!$E$39 -> 15.899644 | AN40: - | AO40: - | AP40: - | AQ40: - | AR40: - | AS40: - | AT40: - | AU40: - | AV40: - | AW40: - | AX40: - | AY40: - | AZ40: - | BA40: - | BB40: - | BC40: - | BD40: - | BE40: - | BF40: - | BG40: - | BH40: - | BI40: -
C41: Single-Rate Metering Arrangement | D41: Other Payment Method | E41: Nil | F41: Eastern | J41: - | K41: - | L41: - | M41: - | N41: - | O41: - | P41: - | Q41: - | S41: - | T41: - | U41: - | V41: - | W41: 0 | X41: ='2b COVID Adjustment'!$F$323 -> 1.4870742 | Y41: ='2b COVID Adjustment'!$G$323 -> 0.704571 | Z41: - | AB41: 0 | AC41: 0 | AD41: ='2e COVID true-up adjustment'!F$345 -> 0.41079125 | AE41: ='2e COVID true-up adjustment'!G$345 -> 0.41079125 | AF41: ='2e COVID true-up adjustment'!H$345 -> 0.41079125 | AG41: ='2e COVID true-up adjustment'!I$345 -> 0.41079125 | AI41: ='2g Debt related cost adjustment'!$E$40 -> 0 | AJ41: ='2g Debt related cost adjustment'!$E$40 -> 0 | AK41: ='2g Debt related cost adjustment'!$E$40 -> 0 | AL41: ='2g Debt related cost adjustment'!$E$40 -> 0 | AM41: ='2g Debt related cost adjustment'!$E$40 -> 0 | AN41: - | AO41: - | AP41: - | AQ41: - | AR41: - | AS41: - | AT41: - | AU41: - | AV41: - | AW41: - | AX41: - | AY41: - | AZ41: - | BA41: - | BB41: - | BC41: - | BD41: - | BE41: - | BF41: - | BG41: - | BH41: - | BI41: -
F42: East Midlands | J42: - | K42: - | L42: - | M42: - | N42: - | O42: - | P42: - | Q42: - | S42: - | T42: - | U42: - | V42: - | W42: 0 | X42: ='2b COVID Adjustment'!$F$323 -> 1.4870742 | Y42: ='2b COVID Adjustment'!$G$323 -> 0.704571 | Z42: - | AB42: 0 | AC42: 0 | AD42: ='2e COVID true-up adjustment'!F$345 -> 0.41079125 | AE42: ='2e COVID true-up adjustment'!G$345 -> 0.41079125 | AF42: ='2e COVID true-up adjustment'!H$345 -> 0.41079125 | AG42: ='2e COVID true-up adjustment'!I$345 -> 0.41079125 | AI42: ='2g Debt related cost adjustment'!$E$40 -> 0 | AJ42: ='2g Debt related cost adjustment'!$E$40 -> 0 | AK42: ='2g Debt related cost adjustment'!$E$40 -> 0 | AL42: ='2g Debt related cost adjustment'!$E$40 -> 0 | AM42: ='2g Debt related cost adjustment'!$E$40 -> 0 | AN42: - | AO42: - | AP42: - | AQ42: - | AR42: - | AS42: - | AT42: - | AU42: - | AV42: - | AW42: - | AX42: - | AY42: - | AZ42: - | BA42: - | BB42: - | BC42: - | BD42: - | BE42: - | BF42: - | BG42: - | BH42: - | BI42: -
F43: London | J43: - | K43: - | L43: - | M43: - | N43: - | O43: - | P43: - | Q43: - | S43: - | T43: - | U43: - | V43: - | W43: 0 | X43: ='2b COVID Adjustment'!$F$323 -> 1.4870742 | Y43: ='2b COVID Adjustment'!$G$323 -> 0.704571 | Z43: - | AB43: 0 | AC43: 0 | AD43: ='2e COVID true-up adjustment'!F$345 -> 0.41079125 | AE43: ='2e COVID true-up adjustment'!G$345 -> 0.41079125 | AF43: ='2e COVID true-up adjustment'!H$345 -> 0.41079125 | AG43: ='2e COVID true-up adjustment'!I$345 -> 0.41079125 | AI43: ='2g Debt related cost adjustment'!$E$40 -> 0 | AJ43: ='2g Debt related cost adjustment'!$E$40 -> 0 | AK43: ='2g Debt related cost adjustment'!$E$40 -> 0 | AL43: ='2g Debt related cost adjustment'!$E$40 -> 0 | AM43: ='2g Debt related cost adjustment'!$E$40 -> 0 | AN43: - | AO43: - | AP43: - | AQ43: - | AR43: - | AS43: - | AT43: - | AU43: - | AV43: - | AW43: - | AX43: - | AY43: - | AZ43: - | BA43: - | BB43: - | BC43: - | BD43: - | BE43: - | BF43: - | BG43: - | BH43: - | BI43: -
F44: N Wales and Mersey | J44: - | K44: - | L44: - | M44: - | N44: - | O44: - | P44: - | Q44: - | S44: - | T44: - | U44: - | V44: - | W44: 0 | X44: ='2b COVID Adjustment'!$F$323 -> 1.4870742 | Y44: ='2b COVID Adjustment'!$G$323 -> 0.704571 | Z44: - | AB44: 0 | AC44: 0 | AD44: ='2e COVID true-up adjustment'!F$345 -> 0.41079125 | AE44: ='2e COVID true-up adjustment'!G$345 -> 0.41079125 | AF44: ='2e COVID true-up adjustment'!H$345 -> 0.41079125 | AG44: ='2e COVID true-up adjustment'!I$345 -> 0.41079125 | AI44: ='2g Debt related cost adjustment'!$E$40 -> 0 | AJ44: ='2g Debt related cost adjustment'!$E$40 -> 0 | AK44: ='2g Debt related cost adjustment'!$E$40 -> 0 | AL44: ='2g Debt related cost adjustment'!$E$40 -> 0 | AM44: ='2g Debt related cost adjustment'!$E$40 -> 0 | AN44: - | AO44: - | AP44: - | AQ44: - | AR44: - | AS44: - | AT44: - | AU44: - | AV44: - | AW44: - | AX44: - | AY44: - | AZ44: - | BA44: - | BB44: - | BC44: - | BD44: - | BE44: - | BF44: - | BG44: - | BH44: - | BI44: -
F45: Midlands | J45: - | K45: - | L45: - | M45: - | N45: - | O45: - | P45: - | Q45: - | S45: - | T45: - | U45: - | V45: - | W45: 0 | X45: ='2b COVID Adjustment'!$F$323 -> 1.4870742 | Y45: ='2b COVID Adjustment'!$G$323 -> 0.704571 | Z45: - | AB45: 0 | AC45: 0 | AD45: ='2e COVID true-up adjustment'!F$345 -> 0.41079125 | AE45: ='2e COVID true-up adjustment'!G$345 -> 0.41079125 | AF45: ='2e COVID true-up adjustment'!H$345 -> 0.41079125 | AG45: ='2e COVID true-up adjustment'!I$345 -> 0.41079125 | AI45: ='2g Debt related cost adjustment'!$E$40 -> 0 | AJ45: ='2g Debt related cost adjustment'!$E$40 -> 0 | AK45: ='2g Debt related cost adjustment'!$E$40 -> 0 | AL45: ='2g Debt related cost adjustment'!$E$40 -> 0 | AM45: ='2g Debt related cost adjustment'!$E$40 -> 0 | AN45: - | AO45: - | AP45: - | AQ45: - | AR45: - | AS45: - | AT45: - | AU45: - | AV45: - | AW45: - | AX45: - | AY45: - | AZ45: - | BA45: - | BB45: - | BC45: - | BD45: - | BE45: - | BF45: - | BG45: - | BH45: - | BI45: -
F46: Northern | J46: - | K46: - | L46: - | M46: - | N46: - | O46: - | P46: - | Q46: - | S46: - | T46: - | U46: - | V46: - | W46: 0 | X46: ='2b COVID Adjustment'!$F$323 -> 1.4870742 | Y46: ='2b COVID Adjustment'!$G$323 -> 0.704571 | Z46: - | AB46: 0 | AC46: 0 | AD46: ='2e COVID true-up adjustment'!F$345 -> 0.41079125 | AE46: ='2e COVID true-up adjustment'!G$345 -> 0.41079125 | AF46: ='2e COVID true-up adjustment'!H$345 -> 0.41079125 | AG46: ='2e COVID true-up adjustment'!I$345 -> 0.41079125 | AI46: ='2g Debt related cost adjustment'!$E$40 -> 0 | AJ46: ='2g Debt related cost adjustment'!$E$40 -> 0 | AK46: ='2g Debt related cost adjustment'!$E$40 -> 0 | AL46: ='2g Debt related cost adjustment'!$E$40 -> 0 | AM46: ='2g Debt related cost adjustment'!$E$40 -> 0 | AN46: - | AO46: - | AP46: - | AQ46: - | AR46: - | AS46: - | AT46: - | AU46: - | AV46: - | AW46: - | AX46: - | AY46: - | AZ46: - | BA46: - | BB46: - | BC46: - | BD46: - | BE46: - | BF46: - | BG46: - | BH46: - | BI46: -
F47: North West | J47: - | K47: - | L47: - | M47: - | N47: - | O47: - | P47: - | Q47: - | S47: - | T47: - | U47: - | V47: - | W47: 0 | X47: ='2b COVID Adjustment'!$F$323 -> 1.4870742 | Y47: ='2b COVID Adjustment'!$G$323 -> 0.704571 | Z47: - | AB47: 0 | AC47: 0 | AD47: ='2e COVID true-up adjustment'!F$345 -> 0.41079125 | AE47: ='2e COVID true-up adjustment'!G$345 -> 0.41079125 | AF47: ='2e COVID true-up adjustment'!H$345 -> 0.41079125 | AG47: ='2e COVID true-up adjustment'!I$345 -> 0.41079125 | AI47: ='2g Debt related cost adjustment'!$E$40 -> 0 | AJ47: ='2g Debt related cost adjustment'!$E$40 -> 0 | AK47: ='2g Debt related cost adjustment'!$E$40 -> 0 | AL47: ='2g Debt related cost adjustment'!$E$40 -> 0 | AM47: ='2g Debt related cost adjustment'!$E$40 -> 0 | AN47: - | AO47: - | AP47: - | AQ47: - | AR47: - | AS47: - | AT47: - | AU47: - | AV47: - | AW47: - | AX47: - | AY47: - | AZ47: - | BA47: - | BB47: - | BC47: - | BD47: - | BE47: - | BF47: - | BG47: - | BH47: - | BI47: -
F48: Southern | J48: - | K48: - | L48: - | M48: - | N48: - | O48: - | P48: - | Q48: - | S48: - | T48: - | U48: - | V48: - | W48: 0 | X48: ='2b COVID Adjustment'!$F$323 -> 1.4870742 | Y48: ='2b COVID Adjustment'!$G$323 -> 0.704571 | Z48: - | AB48: 0 | AC48: 0 | AD48: ='2e COVID true-up adjustment'!F$345 -> 0.41079125 | AE48: ='2e COVID true-up adjustment'!G$345 -> 0.41079125 | AF48: ='2e COVID true-up adjustment'!H$345 -> 0.41079125 | AG48: ='2e COVID true-up adjustment'!I$345 -> 0.41079125 | AI48: ='2g Debt related cost adjustment'!$E$40 -> 0 | AJ48: ='2g Debt related cost adjustment'!$E$40 -> 0 | AK48: ='2g Debt related cost adjustment'!$E$40 -> 0 | AL48: ='2g Debt related cost adjustment'!$E$40 -> 0 | AM48: ='2g Debt related cost adjustment'!$E$40 -> 0 | AN48: - | AO48: - | AP48: - | AQ48: - | AR48: - | AS48: - | AT48: - | AU48: - | AV48: - | AW48: - | AX48: - | AY48: - | AZ48: - | BA48: - | BB48: - | BC48: - | BD48: - | BE48: - | BF48: - | BG48: - | BH48: - | BI48: -
F49: South East | J49: - | K49: - | L49: - | M49: - | N49: - | O49: - | P49: - | Q49: - | S49: - | T49: - | U49: - | V49: - | W49: 0 | X49: ='2b COVID Adjustment'!$F$323 -> 1.4870742 | Y49: ='2b COVID Adjustment'!$G$323 -> 0.704571 | Z49: - | AB49: 0 | AC49: 0 | AD49: ='2e COVID true-up adjustment'!F$345 -> 0.41079125 | AE49: ='2e COVID true-up adjustment'!G$345 -> 0.41079125 | AF49: ='2e COVID true-up adjustment'!H$345 -> 0.41079125 | AG49: ='2e COVID true-up adjustment'!I$345 -> 0.41079125 | AI49: ='2g Debt related cost adjustment'!$E$40 -> 0 | AJ49: ='2g Debt related cost adjustment'!$E$40 -> 0 | AK49: ='2g Debt related cost adjustment'!$E$40 -> 0 | AL49: ='2g Debt related cost adjustment'!$E$40 -> 0 | AM49: ='2g Debt related cost adjustment'!$E$40 -> 0 | AN49: - | AO49: - | AP49: - | AQ49: - | AR49: - | AS49: - | AT49: - | AU49: - | AV49: - | AW49: - | AX49: - | AY49: - | AZ49: - | BA49: - | BB49: - | BC49: - | BD49: - | BE49: - | BF49: - | BG49: - | BH49: - | BI49: -
F50: South Wales | J50: - | K50: - | L50: - | M50: - | N50: - | O50: - | P50: - | Q50: - | S50: - | T50: - | U50: - | V50: - | W50: 0 | X50: ='2b COVID Adjustment'!$F$323 -> 1.4870742 | Y50: ='2b COVID Adjustment'!$G$323 -> 0.704571 | Z50: - | AB50: 0 | AC50: 0 | AD50: ='2e COVID true-up adjustment'!F$345 -> 0.41079125 | AE50: ='2e COVID true-up adjustment'!G$345 -> 0.41079125 | AF50: ='2e COVID true-up adjustment'!H$345 -> 0.41079125 | AG50: ='2e COVID true-up adjustment'!I$345 -> 0.41079125 | AI50: ='2g Debt related cost adjustment'!$E$40 -> 0 | AJ50: ='2g Debt related cost adjustment'!$E$40 -> 0 | AK50: ='2g Debt related cost adjustment'!$E$40 -> 0 | AL50: ='2g Debt related cost adjustment'!$E$40 -> 0 | AM50: ='2g Debt related cost adjustment'!$E$40 -> 0 | AN50: - | AO50: - | AP50: - | AQ50: - | AR50: - | AS50: - | AT50: - | AU50: - | AV50: - | AW50: - | AX50: - | AY50: - | AZ50: - | BA50: - | BB50: - | BC50: - | BD50: - | BE50: - | BF50: - | BG50: - | BH50: - | BI50: -
F51: Southern Western | J51: - | K51: - | L51: - | M51: - | N51: - | O51: - | P51: - | Q51: - | S51: - | T51: - | U51: - | V51: - | W51: 0 | X51: ='2b COVID Adjustment'!$F$323 -> 1.4870742 | Y51: ='2b COVID Adjustment'!$G$323 -> 0.704571 | Z51: - | AB51: 0 | AC51: 0 | AD51: ='2e COVID true-up adjustment'!F$345 -> 0.41079125 | AE51: ='2e COVID true-up adjustment'!G$345 -> 0.41079125 | AF51: ='2e COVID true-up adjustment'!H$345 -> 0.41079125 | AG51: ='2e COVID true-up adjustment'!I$345 -> 0.41079125 | AI51: ='2g Debt related cost adjustment'!$E$40 -> 0 | AJ51: ='2g Debt related cost adjustment'!$E$40 -> 0 | AK51: ='2g Debt related cost adjustment'!$E$40 -> 0 | AL51: ='2g Debt related cost adjustment'!$E$40 -> 0 | AM51: ='2g Debt related cost adjustment'!$E$40 -> 0 | AN51: - | AO51: - | AP51: - | AQ51: - | AR51: - | AS51: - | AT51: - | AU51: - | AV51: - | AW51: - | AX51: - | AY51: - | AZ51: - | BA51: - | BB51: - | BC51: - | BD51: - | BE51: - | BF51: - | BG51: - | BH51: - | BI51: -
F52: Yorkshire | J52: - | K52: - | L52: - | M52: - | N52: - | O52: - | P52: - | Q52: - | S52: - | T52: - | U52: - | V52: - | W52: 0 | X52: ='2b COVID Adjustment'!$F$323 -> 1.4870742 | Y52: ='2b COVID Adjustment'!$G$323 -> 0.704571 | Z52: - | AB52: 0 | AC52: 0 | AD52: ='2e COVID true-up adjustment'!F$345 -> 0.41079125 | AE52: ='2e COVID true-up adjustment'!G$345 -> 0.41079125 | AF52: ='2e COVID true-up adjustment'!H$345 -> 0.41079125 | AG52: ='2e COVID true-up adjustment'!I$345 -> 0.41079125 | AI52: ='2g Debt related cost adjustment'!$E$40 -> 0 | AJ52: ='2g Debt related cost adjustment'!$E$40 -> 0 | AK52: ='2g Debt related cost adjustment'!$E$40 -> 0 | AL52: ='2g Debt related cost adjustment'!$E$40 -> 0 | AM52: ='2g Debt related cost adjustment'!$E$40 -> 0 | AN52: - | AO52: - | AP52: - | AQ52: - | AR52: - | AS52: - | AT52: - | AU52: - | AV52: - | AW52: - | AX52: - | AY52: - | AZ52: - | BA52: - | BB52: - | BC52: - | BD52: - | BE52: - | BF52: - | BG52: - | BH52: - | BI52: -
F53: Southern Scotland | J53: - | K53: - | L53: - | M53: - | N53: - | O53: - | P53: - | Q53: - | S53: - | T53: - | U53: - | V53: - | W53: 0 | X53: ='2b COVID Adjustment'!$F$323 -> 1.4870742 | Y53: ='2b COVID Adjustment'!$G$323 -> 0.704571 | Z53: - | AB53: 0 | AC53: 0 | AD53: ='2e COVID true-up adjustment'!F$345 -> 0.41079125 | AE53: ='2e COVID true-up adjustment'!G$345 -> 0.41079125 | AF53: ='2e COVID true-up adjustment'!H$345 -> 0.41079125 | AG53: ='2e COVID true-up adjustment'!I$345 -> 0.41079125 | AI53: ='2g Debt related cost adjustment'!$E$40 -> 0 | AJ53: ='2g Debt related cost adjustment'!$E$40 -> 0 | AK53: ='2g Debt related cost adjustment'!$E$40 -> 0 | AL53: ='2g Debt related cost adjustment'!$E$40 -> 0 | AM53: ='2g Debt related cost adjustment'!$E$40 -> 0 | AN53: - | AO53: - | AP53: - | AQ53: - | AR53: - | AS53: - | AT53: - | AU53: - | AV53: - | AW53: - | AX53: - | AY53: - | AZ53: - | BA53: - | BB53: - | BC53: - | BD53: - | BE53: - | BF53: - | BG53: - | BH53: - | BI53: -
F54: Northern Scotland | J54: - | K54: - | L54: - | M54: - | N54: - | O54: - | P54: - | Q54: - | S54: - | T54: - | U54: - | V54: - | W54: 0 | X54: ='2b COVID Adjustment'!$F$323 -> 1.4870742 | Y54: ='2b COVID Adjustment'!$G$323 -> 0.704571 | Z54: - | AB54: 0 | AC54: 0 | AD54: ='2e COVID true-up adjustment'!F$345 -> 0.41079125 | AE54: ='2e COVID true-up adjustment'!G$345 -> 0.41079125 | AF54: ='2e COVID true-up adjustment'!H$345 -> 0.41079125 | AG54: ='2e COVID true-up adjustment'!I$345 -> 0.41079125 | AI54: ='2g Debt related cost adjustment'!$E$40 -> 0 | AJ54: ='2g Debt related cost adjustment'!$E$40 -> 0 | AK54: ='2g Debt related cost adjustment'!$E$40 -> 0 | AL54: ='2g Debt related cost adjustment'!$E$40 -> 0 | AM54: ='2g Debt related cost adjustment'!$E$40 -> 0 | AN54: - | AO54: - | AP54: - | AQ54: - | AR54: - | AS54: - | AT54: - | AU54: - | AV54: - | AW54: - | AX54: - | AY54: - | AZ54: - | BA54: - | BB54: - | BC54: - | BD54: - | BE54: - | BF54: - | BG54: - | BH54: - | BI54: -
C55: Single-Rate Metering Arrangement | D55: Other Payment Method | E55: TDCV | F55: Eastern | J55: - | K55: - | L55: - | M55: - | N55: - | O55: - | P55: - | Q55: - | S55: - | T55: - | U55: - | V55: - | W55: ='2a Q1 Adjustment Component'!H51 -> 4.5943353 | X55: ='2b COVID Adjustment'!$F$324 -> 9.9756951 | Y55: ='2b COVID Adjustment'!$G$324 -> 4.43 | Z55: - | AB55: ='2c AWC adjustment'!$I14+'2d Backwardation adjustment'!$I14 -> 20.827977 | AC55: ='2c AWC adjustment'!$I14+'2d Backwardation adjustment'!$I14 -> 20.827977 | AD55: ='2c AWC adjustment'!$J14+'2d Backwardation adjustment'!$J14+'2e COVID true-up adjustment'!F$346 -> 26.839194 | AE55: ='2c AWC adjustment'!$J14+'2d Backwardation adjustment'!$J14+'2e COVID true-up adjustment'!G$346+'2f RO Ringfencing adjustment'!I31 -> 35.255648 | AF55: ='2e COVID true-up adjustment'!H$346 -> 6.0112172 | AG55: ='2e COVID true-up adjustment'!I$346 -> 6.0112172 | AI55: ='2g Debt related cost adjustment'!$E$41 -> 15.899644 | AJ55: ='2g Debt related cost adjustment'!$E$41 -> 15.899644 | AK55: ='2g Debt related cost adjustment'!$E$41 -> 15.899644 | AL55: ='2g Debt related cost adjustment'!$E$41 -> 15.899644 | AM55: ='2g Debt related cost adjustment'!$E$41 -> 15.899644 | AN55: - | AO55: - | AP55: - | AQ55: - | AR55: - | AS55: - | AT55: - | AU55: - | AV55: - | AW55: - | AX55: - | AY55: - | AZ55: - | BA55: - | BB55: - | BC55: - | BD55: - | BE55: - | BF55: - | BG55: - | BH55: - | BI55: -
F56: East Midlands | J56: - | K56: - | L56: - | M56: - | N56: - | O56: - | P56: - | Q56: - | S56: - | T56: - | U56: - | V56: - | W56: ='2a Q1 Adjustment Component'!H52 -> 4.5369997 | X56: ='2b COVID Adjustment'!$F$324 -> 9.9756951 | Y56: ='2b COVID Adjustment'!$G$324 -> 4.43 | Z56: - | AB56: ='2c AWC adjustment'!$I15+'2d Backwardation adjustment'!$I15 -> 20.450772 | AC56: ='2c AWC adjustment'!$I15+'2d Backwardation adjustment'!$I15 -> 20.450772 | AD56: ='2c AWC adjustment'!$J15+'2d Backwardation adjustment'!$J15+'2e COVID true-up adjustment'!F$346 -> 26.46199 | AE56: ='2c AWC adjustment'!$J15+'2d Backwardation adjustment'!$J15+'2e COVID true-up adjustment'!G$346+'2f RO Ringfencing adjustment'!I32 -> 34.878444 | AF56: ='2e COVID true-up adjustment'!H$346 -> 6.0112172 | AG56: ='2e COVID true-up adjustment'!I$346 -> 6.0112172 | AI56: ='2g Debt related cost adjustment'!$E$41 -> 15.899644 | AJ56: ='2g Debt related cost adjustment'!$E$41 -> 15.899644 | AK56: ='2g Debt related cost adjustment'!$E$41 -> 15.899644 | AL56: ='2g Debt related cost adjustment'!$E$41 -> 15.899644 | AM56: ='2g Debt related cost adjustment'!$E$41 -> 15.899644 | AN56: - | AO56: - | AP56: - | AQ56: - | AR56: - | AS56: - | AT56: - | AU56: - | AV56: - | AW56: - | AX56: - | AY56: - | AZ56: - | BA56: - | BB56: - | BC56: - | BD56: - | BE56: - | BF56: - | BG56: - | BH56: - | BI56: -
F57: London | J57: - | K57: - | L57: - | M57: - | N57: - | O57: - | P57: - | Q57: - | S57: - | T57: - | U57: - | V57: - | W57: ='2a Q1 Adjustment Component'!H53 -> 4.6337753 | X57: ='2b COVID Adjustment'!$F$324 -> 9.9756951 | Y57: ='2b COVID Adjustment'!$G$324 -> 4.43 | Z57: - | AB57: ='2c AWC adjustment'!$I16+'2d Backwardation adjustment'!$I16 -> 21.093801 | AC57: ='2c AWC adjustment'!$I16+'2d Backwardation adjustment'!$I16 -> 21.093801 | AD57: ='2c AWC adjustment'!$J16+'2d Backwardation adjustment'!$J16+'2e COVID true-up adjustment'!F$346 -> 27.105018 | AE57: ='2c AWC adjustment'!$J16+'2d Backwardation adjustment'!$J16+'2e COVID true-up adjustment'!G$346+'2f RO Ringfencing adjustment'!I33 -> 35.521472 | AF57: ='2e COVID true-up adjustment'!H$346 -> 6.0112172 | AG57: ='2e COVID true-up adjustment'!I$346 -> 6.0112172 | AI57: ='2g Debt related cost adjustment'!$E$41 -> 15.899644 | AJ57: ='2g Debt related cost adjustment'!$E$41 -> 15.899644 | AK57: ='2g Debt related cost adjustment'!$E$41 -> 15.899644 | AL57: ='2g Debt related cost adjustment'!$E$41 -> 15.899644 | AM57: ='2g Debt related cost adjustment'!$E$41 -> 15.899644 | AN57: - | AO57: - | AP57: - | AQ57: - | AR57: - | AS57: - | AT57: - | AU57: - | AV57: - | AW57: - | AX57: - | AY57: - | AZ57: - | BA57: - | BB57: - | BC57: - | BD57: - | BE57: - | BF57: - | BG57: - | BH57: - | BI57: -
F58: N Wales and Mersey | J58: - | K58: - | L58: - | M58: - | N58: - | O58: - | P58: - | Q58: - | S58: - | T58: - | U58: - | V58: - | W58: ='2a Q1 Adjustment Component'!H54 -> 4.6674065 | X58: ='2b COVID Adjustment'!$F$324 -> 9.9756951 | Y58: ='2b COVID Adjustment'!$G$324 -> 4.43 | Z58: - | AB58: ='2c AWC adjustment'!$I17+'2d Backwardation adjustment'!$I17 -> 21.332768 | AC58: ='2c AWC adjustment'!$I17+'2d Backwardation adjustment'!$I17 -> 21.332768 | AD58: ='2c AWC adjustment'!$J17+'2d Backwardation adjustment'!$J17+'2e COVID true-up adjustment'!F$346 -> 27.343985 | AE58: ='2c AWC adjustment'!$J17+'2d Backwardation adjustment'!$J17+'2e COVID true-up adjustment'!G$346+'2f RO Ringfencing adjustment'!I34 -> 35.760439 | AF58: ='2e COVID true-up adjustment'!H$346 -> 6.0112172 | AG58: ='2e COVID true-up adjustment'!I$346 -> 6.0112172 | AI58: ='2g Debt related cost adjustment'!$E$41 -> 15.899644 | AJ58: ='2g Debt related cost adjustment'!$E$41 -> 15.899644 | AK58: ='2g Debt related cost adjustment'!$E$41 -> 15.899644 | AL58: ='2g Debt related cost adjustment'!$E$41 -> 15.899644 | AM58: ='2g Debt related cost adjustment'!$E$41 -> 15.899644 | AN58: - | AO58: - | AP58: - | AQ58: - | AR58: - | AS58: - | AT58: - | AU58: - | AV58: - | AW58: - | AX58: - | AY58: - | AZ58: - | BA58: - | BB58: - | BC58: - | BD58: - | BE58: - | BF58: - | BG58: - | BH58: - | BI58: -
F59: Midlands | J59: - | K59: - | L59: - | M59: - | N59: - | O59: - | P59: - | Q59: - | S59: - | T59: - | U59: - | V59: - | W59: ='2a Q1 Adjustment Component'!H55 -> 4.5700998 | X59: ='2b COVID Adjustment'!$F$324 -> 9.9756951 | Y59: ='2b COVID Adjustment'!$G$324 -> 4.43 | Z59: - | AB59: ='2c AWC adjustment'!$I18+'2d Backwardation adjustment'!$I18 -> 20.861513 | AC59: ='2c AWC adjustment'!$I18+'2d Backwardation adjustment'!$I18 -> 20.861513 | AD59: ='2c AWC adjustment'!$J18+'2d Backwardation adjustment'!$J18+'2e COVID true-up adjustment'!F$346 -> 26.87273 | AE59: ='2c AWC adjustment'!$J18+'2d Backwardation adjustment'!$J18+'2e COVID true-up adjustment'!G$346+'2f RO Ringfencing adjustment'!I35 -> 35.289184 | AF59: ='2e COVID true-up adjustment'!H$346 -> 6.0112172 | AG59: ='2e COVID true-up adjustment'!I$346 -> 6.0112172 | AI59: ='2g Debt related cost adjustment'!$E$41 -> 15.899644 | AJ59: ='2g Debt related cost adjustment'!$E$41 -> 15.899644 | AK59: ='2g Debt related cost adjustment'!$E$41 -> 15.899644 | AL59: ='2g Debt related cost adjustment'!$E$41 -> 15.899644 | AM59: ='2g Debt related cost adjustment'!$E$41 -> 15.899644 | AN59: - | AO59: - | AP59: - | AQ59: - | AR59: - | AS59: - | AT59: - | AU59: - | AV59: - | AW59: - | AX59: - | AY59: - | AZ59: - | BA59: - | BB59: - | BC59: - | BD59: - | BE59: - | BF59: - | BG59: - | BH59: - | BI59: -
F60: Northern | J60: - | K60: - | L60: - | M60: - | N60: - | O60: - | P60: - | Q60: - | S60: - | T60: - | U60: - | V60: - | W60: ='2a Q1 Adjustment Component'!H56 -> 4.514976 | X60: ='2b COVID Adjustment'!$F$324 -> 9.9756951 | Y60: ='2b COVID Adjustment'!$G$324 -> 4.43 | Z60: - | AB60: ='2c AWC adjustment'!$I19+'2d Backwardation adjustment'!$I19 -> 20.243837 | AC60: ='2c AWC adjustment'!$I19+'2d Backwardation adjustment'!$I19 -> 20.243837 | AD60: ='2c AWC adjustment'!$J19+'2d Backwardation adjustment'!$J19+'2e COVID true-up adjustment'!F$346 -> 26.255054 | AE60: ='2c AWC adjustment'!$J19+'2d Backwardation adjustment'!$J19+'2e COVID true-up adjustment'!G$346+'2f RO Ringfencing adjustment'!I36 -> 34.671508 | AF60: ='2e COVID true-up adjustment'!H$346 -> 6.0112172 | AG60: ='2e COVID true-up adjustment'!I$346 -> 6.0112172 | AI60: ='2g Debt related cost adjustment'!$E$41 -> 15.899644 | AJ60: ='2g Debt related cost adjustment'!$E$41 -> 15.899644 | AK60: ='2g Debt related cost adjustment'!$E$41 -> 15.899644 | AL60: ='2g Debt related cost adjustment'!$E$41 -> 15.899644 | AM60: ='2g Debt related cost adjustment'!$E$41 -> 15.899644 | AN60: - | AO60: - | AP60: - | AQ60: - | AR60: - | AS60: - | AT60: - | AU60: - | AV60: - | AW60: - | AX60: - | AY60: - | AZ60: - | BA60: - | BB60: - | BC60: - | BD60: - | BE60: - | BF60: - | BG60: - | BH60: - | BI60: -
F61: North West | J61: - | K61: - | L61: - | M61: - | N61: - | O61: - | P61: - | Q61: - | S61: - | T61: - | U61: - | V61: - | W61: ='2a Q1 Adjustment Component'!H57 -> 4.5915836 | X61: ='2b COVID Adjustment'!$F$324 -> 9.9756951 | Y61: ='2b COVID Adjustment'!$G$324 -> 4.43 | Z61: - | AB61: ='2c AWC adjustment'!$I20+'2d Backwardation adjustment'!$I20 -> 20.569743 | AC61: ='2c AWC adjustment'!$I20+'2d Backwardation adjustment'!$I20 -> 20.569743 | AD61: ='2c AWC adjustment'!$J20+'2d Backwardation adjustment'!$J20+'2e COVID true-up adjustment'!F$346 -> 26.580961 | AE61: ='2c AWC adjustment'!$J20+'2d Backwardation adjustment'!$J20+'2e COVID true-up adjustment'!G$346+'2f RO Ringfencing adjustment'!I37 -> 34.997415 | AF61: ='2e COVID true-up adjustment'!H$346 -> 6.0112172 | AG61: ='2e COVID true-up adjustment'!I$346 -> 6.0112172 | AI61: ='2g Debt related cost adjustment'!$E$41 -> 15.899644 | AJ61: ='2g Debt related cost adjustment'!$E$41 -> 15.899644 | AK61: ='2g Debt related cost adjustment'!$E$41 -> 15.899644 | AL61: ='2g Debt related cost adjustment'!$E$41 -> 15.899644 | AM61: ='2g Debt related cost adjustment'!$E$41 -> 15.899644 | AN61: - | AO61: - | AP61: - | AQ61: - | AR61: - | AS61: - | AT61: - | AU61: - | AV61: - | AW61: - | AX61: - | AY61: - | AZ61: - | BA61: - | BB61: - | BC61: - | BD61: - | BE61: - | BF61: - | BG61: - | BH61: - | BI61: -
F62: Southern | J62: - | K62: - | L62: - | M62: - | N62: - | O62: - | P62: - | Q62: - | S62: - | T62: - | U62: - | V62: - | W62: ='2a Q1 Adjustment Component'!H58 -> 4.5563475 | X62: ='2b COVID Adjustment'!$F$324 -> 9.9756951 | Y62: ='2b COVID Adjustment'!$G$324 -> 4.43 | Z62: - | AB62: ='2c AWC adjustment'!$I21+'2d Backwardation adjustment'!$I21 -> 20.802418 | AC62: ='2c AWC adjustment'!$I21+'2d Backwardation adjustment'!$I21 -> 20.802418 | AD62: ='2c AWC adjustment'!$J21+'2d Backwardation adjustment'!$J21+'2e COVID true-up adjustment'!F$346 -> 26.813635 | AE62: ='2c AWC adjustment'!$J21+'2d Backwardation adjustment'!$J21+'2e COVID true-up adjustment'!G$346+'2f RO Ringfencing adjustment'!I38 -> 35.230089 | AF62: ='2e COVID true-up adjustment'!H$346 -> 6.0112172 | AG62: ='2e COVID true-up adjustment'!I$346 -> 6.0112172 | AI62: ='2g Debt related cost adjustment'!$E$41 -> 15.899644 | AJ62: ='2g Debt related cost adjustment'!$E$41 -> 15.899644 | AK62: ='2g Debt related cost adjustment'!$E$41 -> 15.899644 | AL62: ='2g Debt related cost adjustment'!$E$41 -> 15.899644 | AM62: ='2g Debt related cost adjustment'!$E$41 -> 15.899644 | AN62: - | AO62: - | AP62: - | AQ62: - | AR62: - | AS62: - | AT62: - | AU62: - | AV62: - | AW62: - | AX62: - | AY62: - | AZ62: - | BA62: - | BB62: - | BC62: - | BD62: - | BE62: - | BF62: - | BG62: - | BH62: - | BI62: -
F63: South East | J63: - | K63: - | L63: - | M63: - | N63: - | O63: - | P63: - | Q63: - | S63: - | T63: - | U63: - | V63: - | W63: ='2a Q1 Adjustment Component'!H59 -> 4.566649 | X63: ='2b COVID Adjustment'!$F$324 -> 9.9756951 | Y63: ='2b COVID Adjustment'!$G$324 -> 4.43 | Z63: - | AB63: ='2c AWC adjustment'!$I22+'2d Backwardation adjustment'!$I22 -> 20.840254 | AC63: ='2c AWC adjustment'!$I22+'2d Backwardation adjustment'!$I22 -> 20.840254 | AD63: ='2c AWC adjustment'!$J22+'2d Backwardation adjustment'!$J22+'2e COVID true-up adjustment'!F$346 -> 26.851472 | AE63: ='2c AWC adjustment'!$J22+'2d Backwardation adjustment'!$J22+'2e COVID true-up adjustment'!G$346+'2f RO Ringfencing adjustment'!I39 -> 35.267926 | AF63: ='2e COVID true-up adjustment'!H$346 -> 6.0112172 | AG63: ='2e COVID true-up adjustment'!I$346 -> 6.0112172 | AI63: ='2g Debt related cost adjustment'!$E$41 -> 15.899644 | AJ63: ='2g Debt related cost adjustment'!$E$41 -> 15.899644 | AK63: ='2g Debt related cost adjustment'!$E$41 -> 15.899644 | AL63: ='2g Debt related cost adjustment'!$E$41 -> 15.899644 | AM63: ='2g Debt related cost adjustment'!$E$41 -> 15.899644 | AN63: - | AO63: - | AP63: - | AQ63: - | AR63: - | AS63: - | AT63: - | AU63: - | AV63: - | AW63: - | AX63: - | AY63: - | AZ63: - | BA63: - | BB63: - | BC63: - | BD63: - | BE63: - | BF63: - | BG63: - | BH63: - | BI63: -
F64: South Wales | J64: - | K64: - | L64: - | M64: - | N64: - | O64: - | P64: - | Q64: - | S64: - | T64: - | U64: - | V64: - | W64: ='2a Q1 Adjustment Component'!H60 -> 4.5038229 | X64: ='2b COVID Adjustment'!$F$324 -> 9.9756951 | Y64: ='2b COVID Adjustment'!$G$324 -> 4.43 | Z64: - | AB64: ='2c AWC adjustment'!$I23+'2d Backwardation adjustment'!$I23 -> 20.719452 | AC64: ='2c AWC adjustment'!$I23+'2d Backwardation adjustment'!$I23 -> 20.719452 | AD64: ='2c AWC adjustment'!$J23+'2d Backwardation adjustment'!$J23+'2e COVID true-up adjustment'!F$346 -> 26.730669 | AE64: ='2c AWC adjustment'!$J23+'2d Backwardation adjustment'!$J23+'2e COVID true-up adjustment'!G$346+'2f RO Ringfencing adjustment'!I40 -> 35.147123 | AF64: ='2e COVID true-up adjustment'!H$346 -> 6.0112172 | AG64: ='2e COVID true-up adjustment'!I$346 -> 6.0112172 | AI64: ='2g Debt related cost adjustment'!$E$41 -> 15.899644 | AJ64: ='2g Debt related cost adjustment'!$E$41 -> 15.899644 | AK64: ='2g Debt related cost adjustment'!$E$41 -> 15.899644 | AL64: ='2g Debt related cost adjustment'!$E$41 -> 15.899644 | AM64: ='2g Debt related cost adjustment'!$E$41 -> 15.899644 | AN64: - | AO64: - | AP64: - | AQ64: - | AR64: - | AS64: - | AT64: - | AU64: - | AV64: - | AW64: - | AX64: - | AY64: - | AZ64: - | BA64: - | BB64: - | BC64: - | BD64: - | BE64: - | BF64: - | BG64: - | BH64: - | BI64: -
F65: Southern Western | J65: - | K65: - | L65: - | M65: - | N65: - | O65: - | P65: - | Q65: - | S65: - | T65: - | U65: - | V65: - | W65: ='2a Q1 Adjustment Component'!H61 -> 4.4837546 | X65: ='2b COVID Adjustment'!$F$324 -> 9.9756951 | Y65: ='2b COVID Adjustment'!$G$324 -> 4.43 | Z65: - | AB65: ='2c AWC adjustment'!$I24+'2d Backwardation adjustment'!$I24 -> 20.517182 | AC65: ='2c AWC adjustment'!$I24+'2d Backwardation adjustment'!$I24 -> 20.517182 | AD65: ='2c AWC adjustment'!$J24+'2d Backwardation adjustment'!$J24+'2e COVID true-up adjustment'!F$346 -> 26.5284 | AE65: ='2c AWC adjustment'!$J24+'2d Backwardation adjustment'!$J24+'2e COVID true-up adjustment'!G$346+'2f RO Ringfencing adjustment'!I41 -> 34.944854 | AF65: ='2e COVID true-up adjustment'!H$346 -> 6.0112172 | AG65: ='2e COVID true-up adjustment'!I$346 -> 6.0112172 | AI65: ='2g Debt related cost adjustment'!$E$41 -> 15.899644 | AJ65: ='2g Debt related cost adjustment'!$E$41 -> 15.899644 | AK65: ='2g Debt related cost adjustment'!$E$41 -> 15.899644 | AL65: ='2g Debt related cost adjustment'!$E$41 -> 15.899644 | AM65: ='2g Debt related cost adjustment'!$E$41 -> 15.899644 | AN65: - | AO65: - | AP65: - | AQ65: - | AR65: - | AS65: - | AT65: - | AU65: - | AV65: - | AW65: - | AX65: - | AY65: - | AZ65: - | BA65: - | BB65: - | BC65: - | BD65: - | BE65: - | BF65: - | BG65: - | BH65: - | BI65: -
F66: Yorkshire | J66: - | K66: - | L66: - | M66: - | N66: - | O66: - | P66: - | Q66: - | S66: - | T66: - | U66: - | V66: - | W66: ='2a Q1 Adjustment Component'!H62 -> 4.5725713 | X66: ='2b COVID Adjustment'!$F$324 -> 9.9756951 | Y66: ='2b COVID Adjustment'!$G$324 -> 4.43 | Z66: - | AB66: ='2c AWC adjustment'!$I25+'2d Backwardation adjustment'!$I25 -> 20.696038 | AC66: ='2c AWC adjustment'!$I25+'2d Backwardation adjustment'!$I25 -> 20.696038 | AD66: ='2c AWC adjustment'!$J25+'2d Backwardation adjustment'!$J25+'2e COVID true-up adjustment'!F$346 -> 26.707256 | AE66: ='2c AWC adjustment'!$J25+'2d Backwardation adjustment'!$J25+'2e COVID true-up adjustment'!G$346+'2f RO Ringfencing adjustment'!I42 -> 35.12371 | AF66: ='2e COVID true-up adjustment'!H$346 -> 6.0112172 | AG66: ='2e COVID true-up adjustment'!I$346 -> 6.0112172 | AI66: ='2g Debt related cost adjustment'!$E$41 -> 15.899644 | AJ66: ='2g Debt related cost adjustment'!$E$41 -> 15.899644 | AK66: ='2g Debt related cost adjustment'!$E$41 -> 15.899644 | AL66: ='2g Debt related cost adjustment'!$E$41 -> 15.899644 | AM66: ='2g Debt related cost adjustment'!$E$41 -> 15.899644 | AN66: - | AO66: - | AP66: - | AQ66: - | AR66: - | AS66: - | AT66: - | AU66: - | AV66: - | AW66: - | AX66: - | AY66: - | AZ66: - | BA66: - | BB66: - | BC66: - | BD66: - | BE66: - | BF66: - | BG66: - | BH66: - | BI66: -
F67: Southern Scotland | J67: - | K67: - | L67: - | M67: - | N67: - | O67: - | P67: - | Q67: - | S67: - | T67: - | U67: - | V67: - | W67: ='2a Q1 Adjustment Component'!H63 -> 4.5761635 | X67: ='2b COVID Adjustment'!$F$324 -> 9.9756951 | Y67: ='2b COVID Adjustment'!$G$324 -> 4.43 | Z67: - | AB67: ='2c AWC adjustment'!$I26+'2d Backwardation adjustment'!$I26 -> 20.922096 | AC67: ='2c AWC adjustment'!$I26+'2d Backwardation adjustment'!$I26 -> 20.922096 | AD67: ='2c AWC adjustment'!$J26+'2d Backwardation adjustment'!$J26+'2e COVID true-up adjustment'!F$346 -> 26.933313 | AE67: ='2c AWC adjustment'!$J26+'2d Backwardation adjustment'!$J26+'2e COVID true-up adjustment'!G$346+'2f RO Ringfencing adjustment'!I43 -> 35.349767 | AF67: ='2e COVID true-up adjustment'!H$346 -> 6.0112172 | AG67: ='2e COVID true-up adjustment'!I$346 -> 6.0112172 | AI67: ='2g Debt related cost adjustment'!$E$41 -> 15.899644 | AJ67: ='2g Debt related cost adjustment'!$E$41 -> 15.899644 | AK67: ='2g Debt related cost adjustment'!$E$41 -> 15.899644 | AL67: ='2g Debt related cost adjustment'!$E$41 -> 15.899644 | AM67: ='2g Debt related cost adjustment'!$E$41 -> 15.899644 | AN67: - | AO67: - | AP67: - | AQ67: - | AR67: - | AS67: - | AT67: - | AU67: - | AV67: - | AW67: - | AX67: - | AY67: - | AZ67: - | BA67: - | BB67: - | BC67: - | BD67: - | BE67: - | BF67: - | BG67: - | BH67: - | BI67: -
F68: Northern Scotland | J68: - | K68: - | L68: - | M68: - | N68: - | O68: - | P68: - | Q68: - | S68: - | T68: - | U68: - | V68: - | W68: ='2a Q1 Adjustment Component'!H64 -> 4.5227059 | X68: ='2b COVID Adjustment'!$F$324 -> 9.9756951 | Y68: ='2b COVID Adjustment'!$G$324 -> 4.43 | Z68: - | AB68: ='2c AWC adjustment'!$I27+'2d Backwardation adjustment'!$I27 -> 20.431841 | AC68: ='2c AWC adjustment'!$I27+'2d Backwardation adjustment'!$I27 -> 20.431841 | AD68: ='2c AWC adjustment'!$J27+'2d Backwardation adjustment'!$J27+'2e COVID true-up adjustment'!F$346 -> 26.443058 | AE68: ='2c AWC adjustment'!$J27+'2d Backwardation adjustment'!$J27+'2e COVID true-up adjustment'!G$346+'2f RO Ringfencing adjustment'!I44 -> 34.859512 | AF68: ='2e COVID true-up adjustment'!H$346 -> 6.0112172 | AG68: ='2e COVID true-up adjustment'!I$346 -> 6.0112172 | AI68: ='2g Debt related cost adjustment'!$E$41 -> 15.899644 | AJ68: ='2g Debt related cost adjustment'!$E$41 -> 15.899644 | AK68: ='2g Debt related cost adjustment'!$E$41 -> 15.899644 | AL68: ='2g Debt related cost adjustment'!$E$41 -> 15.899644 | AM68: ='2g Debt related cost adjustment'!$E$41 -> 15.899644 | AN68: - | AO68: - | AP68: - | AQ68: - | AR68: - | AS68: - | AT68: - | AU68: - | AV68: - | AW68: - | AX68: - | AY68: - | AZ68: - | BA68: - | BB68: - | BC68: - | BD68: - | BE68: - | BF68: - | BG68: - | BH68: - | BI68: -
C69: Single-Rate Metering Arrangement | D69: PPM | E69: Nil | F69: Eastern | J69: - | K69: - | L69: - | M69: - | N69: - | O69: - | P69: - | Q69: - | S69: - | T69: - | U69: - | V69: - | W69: 0 | X69: ='2b COVID Adjustment'!$F$325 -> 0 | Y69: ='2b COVID Adjustment'!$G$325 -> 0 | Z69: - | AB69: 0 | AC69: 0 | AD69: ='2e COVID true-up adjustment'!F$347 -> 0 | AE69: ='2e COVID true-up adjustment'!G$347 -> 0 | AF69: ='2e COVID true-up adjustment'!H$347+'3m ASC'!$C$8 -> 4.382769 | AG69: ='2e COVID true-up adjustment'!I$347+'3m ASC'!$C$8 -> 4.382769 | AI69: ='3m ASC'!$C$8+'2g Debt related cost adjustment'!$E$42 -> 4.382769 | AJ69: ='3m ASC'!$C$8+'2g Debt related cost adjustment'!$E$42 -> 4.382769 | AK69: ='3m ASC'!$C$13+'2g Debt related cost adjustment'!$E$42 -> 4.382769 | AL69: ='3m ASC'!$C$13+'2g Debt related cost adjustment'!$E$42 -> 4.382769 | AM69: ='3m ASC'!$C$13+'2g Debt related cost adjustment'!$E$42 -> 4.382769 | AN69: - | AO69: - | AP69: - | AQ69: - | AR69: - | AS69: - | AT69: - | AU69: - | AV69: - | AW69: - | AX69: - | AY69: - | AZ69: - | BA69: - | BB69: - | BC69: - | BD69: - | BE69: - | BF69: - | BG69: - | BH69: - | BI69: -
F70: East Midlands | J70: - | K70: - | L70: - | M70: - | N70: - | O70: - | P70: - | Q70: - | S70: - | T70: - | U70: - | V70: - | W70: 0 | X70: ='2b COVID Adjustment'!$F$325 -> 0 | Y70: ='2b COVID Adjustment'!$G$325 -> 0 | Z70: - | AB70: 0 | AC70: 0 | AD70: ='2e COVID true-up adjustment'!F$347 -> 0 | AE70: ='2e COVID true-up adjustment'!G$347 -> 0 | AF70: ='2e COVID true-up adjustment'!H$347+'3m ASC'!$C$8 -> 4.382769 | AG70: ='2e COVID true-up adjustment'!I$347+'3m ASC'!$C$8 -> 4.382769 | AI70: ='3m ASC'!$C$8+'2g Debt related cost adjustment'!$E$42 -> 4.382769 | AJ70: ='3m ASC'!$C$8+'2g Debt related cost adjustment'!$E$42 -> 4.382769 | AK70: ='3m ASC'!$C$13+'2g Debt related cost adjustment'!$E$42 -> 4.382769 | AL70: ='3m ASC'!$C$13+'2g Debt related cost adjustment'!$E$42 -> 4.382769 | AM70: ='3m ASC'!$C$13+'2g Debt related cost adjustment'!$E$42 -> 4.382769 | AN70: - | AO70: - | AP70: - | AQ70: - | AR70: - | AS70: - | AT70: - | AU70: - | AV70: - | AW70: - | AX70: - | AY70: - | AZ70: - | BA70: - | BB70: - | BC70: - | BD70: - | BE70: - | BF70: - | BG70: - | BH70: - | BI70: -
F71: London | J71: - | K71: - | L71: - | M71: - | N71: - | O71: - | P71: - | Q71: - | S71: - | T71: - | U71: - | V71: - | W71: 0 | X71: ='2b COVID Adjustment'!$F$325 -> 0 | Y71: ='2b COVID Adjustment'!$G$325 -> 0 | Z71: - | AB71: 0 | AC71: 0 | AD71: ='2e COVID true-up adjustment'!F$347 -> 0 | AE71: ='2e COVID true-up adjustment'!G$347 -> 0 | AF71: ='2e COVID true-up adjustment'!H$347+'3m ASC'!$C$8 -> 4.382769 | AG71: ='2e COVID true-up adjustment'!I$347+'3m ASC'!$C$8 -> 4.382769 | AI71: ='3m ASC'!$C$8+'2g Debt related cost adjustment'!$E$42 -> 4.382769 | AJ71: ='3m ASC'!$C$8+'2g Debt related cost adjustment'!$E$42 -> 4.382769 | AK71: ='3m ASC'!$C$13+'2g Debt related cost adjustment'!$E$42 -> 4.382769 | AL71: ='3m ASC'!$C$13+'2g Debt related cost adjustment'!$E$42 -> 4.382769 | AM71: ='3m ASC'!$C$13+'2g Debt related cost adjustment'!$E$42 -> 4.382769 | AN71: - | AO71: - | AP71: - | AQ71: - | AR71: - | AS71: - | AT71: - | AU71: - | AV71: - | AW71: - | AX71: - | AY71: - | AZ71: - | BA71: - | BB71: - | BC71: - | BD71: - | BE71: - | BF71: - | BG71: - | BH71: - | BI71: -
F72: N Wales and Mersey | J72: - | K72: - | L72: - | M72: - | N72: - | O72: - | P72: - | Q72: - | S72: - | T72: - | U72: - | V72: - | W72: 0 | X72: ='2b COVID Adjustment'!$F$325 -> 0 | Y72: ='2b COVID Adjustment'!$G$325 -> 0 | Z72: - | AB72: 0 | AC72: 0 | AD72: ='2e COVID true-up adjustment'!F$347 -> 0 | AE72: ='2e COVID true-up adjustment'!G$347 -> 0 | AF72: ='2e COVID true-up adjustment'!H$347+'3m ASC'!$C$8 -> 4.382769 | AG72: ='2e COVID true-up adjustment'!I$347+'3m ASC'!$C$8 -> 4.382769 | AI72: ='3m ASC'!$C$8+'2g Debt related cost adjustment'!$E$42 -> 4.382769 | AJ72: ='3m ASC'!$C$8+'2g Debt related cost adjustment'!$E$42 -> 4.382769 | AK72: ='3m ASC'!$C$13+'2g Debt related cost adjustment'!$E$42 -> 4.382769 | AL72: ='3m ASC'!$C$13+'2g Debt related cost adjustment'!$E$42 -> 4.382769 | AM72: ='3m ASC'!$C$13+'2g Debt related cost adjustment'!$E$42 -> 4.382769 | AN72: - | AO72: - | AP72: - | AQ72: - | AR72: - | AS72: - | AT72: - | AU72: - | AV72: - | AW72: - | AX72: - | AY72: - | AZ72: - | BA72: - | BB72: - | BC72: - | BD72: - | BE72: - | BF72: - | BG72: - | BH72: - | BI72: -
F73: Midlands | J73: - | K73: - | L73: - | M73: - | N73: - | O73: - | P73: - | Q73: - | S73: - | T73: - | U73: - | V73: - | W73: 0 | X73: ='2b COVID Adjustment'!$F$325 -> 0 | Y73: ='2b COVID Adjustment'!$G$325 -> 0 | Z73: - | AB73: 0 | AC73: 0 | AD73: ='2e COVID true-up adjustment'!F$347 -> 0 | AE73: ='2e COVID true-up adjustment'!G$347 -> 0 | AF73: ='2e COVID true-up adjustment'!H$347+'3m ASC'!$C$8 -> 4.382769 | AG73: ='2e COVID true-up adjustment'!I$347+'3m ASC'!$C$8 -> 4.382769 | AI73: ='3m ASC'!$C$8+'2g Debt related cost adjustment'!$E$42 -> 4.382769 | AJ73: ='3m ASC'!$C$8+'2g Debt related cost adjustment'!$E$42 -> 4.382769 | AK73: ='3m ASC'!$C$13+'2g Debt related cost adjustment'!$E$42 -> 4.382769 | AL73: ='3m ASC'!$C$13+'2g Debt related cost adjustment'!$E$42 -> 4.382769 | AM73: ='3m ASC'!$C$13+'2g Debt related cost adjustment'!$E$42 -> 4.382769 | AN73: - | AO73: - | AP73: - | AQ73: - | AR73: - | AS73: - | AT73: - | AU73: - | AV73: - | AW73: - | AX73: - | AY73: - | AZ73: - | BA73: - | BB73: - | BC73: - | BD73: - | BE73: - | BF73: - | BG73: - | BH73: - | BI73: -
F74: Northern | J74: - | K74: - | L74: - | M74: - | N74: - | O74: - | P74: - | Q74: - | S74: - | T74: - | U74: - | V74: - | W74: 0 | X74: ='2b COVID Adjustment'!$F$325 -> 0 | Y74: ='2b COVID Adjustment'!$G$325 -> 0 | Z74: - | AB74: 0 | AC74: 0 | AD74: ='2e COVID true-up adjustment'!F$347 -> 0 | AE74: ='2e COVID true-up adjustment'!G$347 -> 0 | AF74: ='2e COVID true-up adjustment'!H$347+'3m ASC'!$C$8 -> 4.382769 | AG74: ='2e COVID true-up adjustment'!I$347+'3m ASC'!$C$8 -> 4.382769 | AI74: ='3m ASC'!$C$8+'2g Debt related cost adjustment'!$E$42 -> 4.382769 | AJ74: ='3m ASC'!$C$8+'2g Debt related cost adjustment'!$E$42 -> 4.382769 | AK74: ='3m ASC'!$C$13+'2g Debt related cost adjustment'!$E$42 -> 4.382769 | AL74: ='3m ASC'!$C$13+'2g Debt related cost adjustment'!$E$42 -> 4.382769 | AM74: ='3m ASC'!$C$13+'2g Debt related cost adjustment'!$E$42 -> 4.382769 | AN74: - | AO74: - | AP74: - | AQ74: - | AR74: - | AS74: - | AT74: - | AU74: - | AV74: - | AW74: - | AX74: - | AY74: - | AZ74: - | BA74: - | BB74: - | BC74: - | BD74: - | BE74: - | BF74: - | BG74: - | BH74: - | BI74: -
F75: North West | J75: - | K75: - | L75: - | M75: - | N75: - | O75: - | P75: - | Q75: - | S75: - | T75: - | U75: - | V75: - | W75: 0 | X75: ='2b COVID Adjustment'!$F$325 -> 0 | Y75: ='2b COVID Adjustment'!$G$325 -> 0 | Z75: - | AB75: 0 | AC75: 0 | AD75: ='2e COVID true-up adjustment'!F$347 -> 0 | AE75: ='2e COVID true-up adjustment'!G$347 -> 0 | AF75: ='2e COVID true-up adjustment'!H$347+'3m ASC'!$C$8 -> 4.382769 | AG75: ='2e COVID true-up adjustment'!I$347+'3m ASC'!$C$8 -> 4.382769 | AI75: ='3m ASC'!$C$8+'2g Debt related cost adjustment'!$E$42 -> 4.382769 | AJ75: ='3m ASC'!$C$8+'2g Debt related cost adjustment'!$E$42 -> 4.382769 | AK75: ='3m ASC'!$C$13+'2g Debt related cost adjustment'!$E$42 -> 4.382769 | AL75: ='3m ASC'!$C$13+'2g Debt related cost adjustment'!$E$42 -> 4.382769 | AM75: ='3m ASC'!$C$13+'2g Debt related cost adjustment'!$E$42 -> 4.382769 | AN75: - | AO75: - | AP75: - | AQ75: - | AR75: - | AS75: - | AT75: - | AU75: - | AV75: - | AW75: - | AX75: - | AY75: - | AZ75: - | BA75: - | BB75: - | BC75: - | BD75: - | BE75: - | BF75: - | BG75: - | BH75: - | BI75: -
F76: Southern | J76: - | K76: - | L76: - | M76: - | N76: - | O76: - | P76: - | Q76: - | S76: - | T76: - | U76: - | V76: - | W76: 0 | X76: ='2b COVID Adjustment'!$F$325 -> 0 | Y76: ='2b COVID Adjustment'!$G$325 -> 0 | Z76: - | AB76: 0 | AC76: 0 | AD76: ='2e COVID true-up adjustment'!F$347 -> 0 | AE76: ='2e COVID true-up adjustment'!G$347 -> 0 | AF76: ='2e COVID true-up adjustment'!H$347+'3m ASC'!$C$8 -> 4.382769 | AG76: ='2e COVID true-up adjustment'!I$347+'3m ASC'!$C$8 -> 4.382769 | AI76: ='3m ASC'!$C$8+'2g Debt related cost adjustment'!$E$42 -> 4.382769 | AJ76: ='3m ASC'!$C$8+'2g Debt related cost adjustment'!$E$42 -> 4.382769 | AK76: ='3m ASC'!$C$13+'2g Debt related cost adjustment'!$E$42 -> 4.382769 | AL76: ='3m ASC'!$C$13+'2g Debt related cost adjustment'!$E$42 -> 4.382769 | AM76: ='3m ASC'!$C$13+'2g Debt related cost adjustment'!$E$42 -> 4.382769 | AN76: - | AO76: - | AP76: - | AQ76: - | AR76: - | AS76: - | AT76: - | AU76: - | AV76: - | AW76: - | AX76: - | AY76: - | AZ76: - | BA76: - | BB76: - | BC76: - | BD76: - | BE76: - | BF76: - | BG76: - | BH76: - | BI76: -
F77: South East | J77: - | K77: - | L77: - | M77: - | N77: - | O77: - | P77: - | Q77: - | S77: - | T77: - | U77: - | V77: - | W77: 0 | X77: ='2b COVID Adjustment'!$F$325 -> 0 | Y77: ='2b COVID Adjustment'!$G$325 -> 0 | Z77: - | AB77: 0 | AC77: 0 | AD77: ='2e COVID true-up adjustment'!F$347 -> 0 | AE77: ='2e COVID true-up adjustment'!G$347 -> 0 | AF77: ='2e COVID true-up adjustment'!H$347+'3m ASC'!$C$8 -> 4.382769 | AG77: ='2e COVID true-up adjustment'!I$347+'3m ASC'!$C$8 -> 4.382769 | AI77: ='3m ASC'!$C$8+'2g Debt related cost adjustment'!$E$42 -> 4.382769 | AJ77: ='3m ASC'!$C$8+'2g Debt related cost adjustment'!$E$42 -> 4.382769 | AK77: ='3m ASC'!$C$13+'2g Debt related cost adjustment'!$E$42 -> 4.382769 | AL77: ='3m ASC'!$C$13+'2g Debt related cost adjustment'!$E$42 -> 4.382769 | AM77: ='3m ASC'!$C$13+'2g Debt related cost adjustment'!$E$42 -> 4.382769 | AN77: - | AO77: - | AP77: - | AQ77: - | AR77: - | AS77: - | AT77: - | AU77: - | AV77: - | AW77: - | AX77: - | AY77: - | AZ77: - | BA77: - | BB77: - | BC77: - | BD77: - | BE77: - | BF77: - | BG77: - | BH77: - | BI77: -
F78: South Wales | J78: - | K78: - | L78: - | M78: - | N78: - | O78: - | P78: - | Q78: - | S78: - | T78: - | U78: - | V78: - | W78: 0 | X78: ='2b COVID Adjustment'!$F$325 -> 0 | Y78: ='2b COVID Adjustment'!$G$325 -> 0 | Z78: - | AB78: 0 | AC78: 0 | AD78: ='2e COVID true-up adjustment'!F$347 -> 0 | AE78: ='2e COVID true-up adjustment'!G$347 -> 0 | AF78: ='2e COVID true-up adjustment'!H$347+'3m ASC'!$C$8 -> 4.382769 | AG78: ='2e COVID true-up adjustment'!I$347+'3m ASC'!$C$8 -> 4.382769 | AI78: ='3m ASC'!$C$8+'2g Debt related cost adjustment'!$E$42 -> 4.382769 | AJ78: ='3m ASC'!$C$8+'2g Debt related cost adjustment'!$E$42 -> 4.382769 | AK78: ='3m ASC'!$C$13+'2g Debt related cost adjustment'!$E$42 -> 4.382769 | AL78: ='3m ASC'!$C$13+'2g Debt related cost adjustment'!$E$42 -> 4.382769 | AM78: ='3m ASC'!$C$13+'2g Debt related cost adjustment'!$E$42 -> 4.382769 | AN78: - | AO78: - | AP78: - | AQ78: - | AR78: - | AS78: - | AT78: - | AU78: - | AV78: - | AW78: - | AX78: - | AY78: - | AZ78: - | BA78: - | BB78: - | BC78: - | BD78: - | BE78: - | BF78: - | BG78: - | BH78: - | BI78: -
F79: Southern Western | J79: - | K79: - | L79: - | M79: - | N79: - | O79: - | P79: - | Q79: - | S79: - | T79: - | U79: - | V79: - | W79: 0 | X79: ='2b COVID Adjustment'!$F$325 -> 0 | Y79: ='2b COVID Adjustment'!$G$325 -> 0 | Z79: - | AB79: 0 | AC79: 0 | AD79: ='2e COVID true-up adjustment'!F$347 -> 0 | AE79: ='2e COVID true-up adjustment'!G$347 -> 0 | AF79: ='2e COVID true-up adjustment'!H$347+'3m ASC'!$C$8 -> 4.382769 | AG79: ='2e COVID true-up adjustment'!I$347+'3m ASC'!$C$8 -> 4.382769 | AI79: ='3m ASC'!$C$8+'2g Debt related cost adjustment'!$E$42 -> 4.382769 | AJ79: ='3m ASC'!$C$8+'2g Debt related cost adjustment'!$E$42 -> 4.382769 | AK79: ='3m ASC'!$C$13+'2g Debt related cost adjustment'!$E$42 -> 4.382769 | AL79: ='3m ASC'!$C$13+'2g Debt related cost adjustment'!$E$42 -> 4.382769 | AM79: ='3m ASC'!$C$13+'2g Debt related cost adjustment'!$E$42 -> 4.382769 | AN79: - | AO79: - | AP79: - | AQ79: - | AR79: - | AS79: - | AT79: - | AU79: - | AV79: - | AW79: - | AX79: - | AY79: - | AZ79: - | BA79: - | BB79: - | BC79: - | BD79: - | BE79: - | BF79: - | BG79: - | BH79: - | BI79: -
F80: Yorkshire | J80: - | K80: - | L80: - | M80: - | N80: - | O80: - | P80: - | Q80: - | S80: - | T80: - | U80: - | V80: - | W80: 0 | X80: ='2b COVID Adjustment'!$F$325 -> 0 | Y80: ='2b COVID Adjustment'!$G$325 -> 0 | Z80: - | AB80: 0 | AC80: 0 | AD80: ='2e COVID true-up adjustment'!F$347 -> 0 | AE80: ='2e COVID true-up adjustment'!G$347 -> 0 | AF80: ='2e COVID true-up adjustment'!H$347+'3m ASC'!$C$8 -> 4.382769 | AG80: ='2e COVID true-up adjustment'!I$347+'3m ASC'!$C$8 -> 4.382769 | AI80: ='3m ASC'!$C$8+'2g Debt related cost adjustment'!$E$42 -> 4.382769 | AJ80: ='3m ASC'!$C$8+'2g Debt related cost adjustment'!$E$42 -> 4.382769 | AK80: ='3m ASC'!$C$13+'2g Debt related cost adjustment'!$E$42 -> 4.382769 | AL80: ='3m ASC'!$C$13+'2g Debt related cost adjustment'!$E$42 -> 4.382769 | AM80: ='3m ASC'!$C$13+'2g Debt related cost adjustment'!$E$42 -> 4.382769 | AN80: - | AO80: - | AP80: - | AQ80: - | AR80: - | AS80: - | AT80: - | AU80: - | AV80: - | AW80: - | AX80: - | AY80: - | AZ80: - | BA80: - | BB80: - | BC80: - | BD80: - | BE80: - | BF80: - | BG80: - | BH80: - | BI80: -
F81: Southern Scotland | J81: - | K81: - | L81: - | M81: - | N81: - | O81: - | P81: - | Q81: - | S81: - | T81: - | U81: - | V81: - | W81: 0 | X81: ='2b COVID Adjustment'!$F$325 -> 0 | Y81: ='2b COVID Adjustment'!$G$325 -> 0 | Z81: - | AB81: 0 | AC81: 0 | AD81: ='2e COVID true-up adjustment'!F$347 -> 0 | AE81: ='2e COVID true-up adjustment'!G$347 -> 0 | AF81: ='2e COVID true-up adjustment'!H$347+'3m ASC'!$C$8 -> 4.382769 | AG81: ='2e COVID true-up adjustment'!I$347+'3m ASC'!$C$8 -> 4.382769 | AI81: ='3m ASC'!$C$8+'2g Debt related cost adjustment'!$E$42 -> 4.382769 | AJ81: ='3m ASC'!$C$8+'2g Debt related cost adjustment'!$E$42 -> 4.382769 | AK81: ='3m ASC'!$C$13+'2g Debt related cost adjustment'!$E$42 -> 4.382769 | AL81: ='3m ASC'!$C$13+'2g Debt related cost adjustment'!$E$42 -> 4.382769 | AM81: ='3m ASC'!$C$13+'2g Debt related cost adjustment'!$E$42 -> 4.382769 | AN81: - | AO81: - | AP81: - | AQ81: - | AR81: - | AS81: - | AT81: - | AU81: - | AV81: - | AW81: - | AX81: - | AY81: - | AZ81: - | BA81: - | BB81: - | BC81: - | BD81: - | BE81: - | BF81: - | BG81: - | BH81: - | BI81: -
F82: Northern Scotland | J82: - | K82: - | L82: - | M82: - | N82: - | O82: - | P82: - | Q82: - | S82: - | T82: - | U82: - | V82: - | W82: 0 | X82: ='2b COVID Adjustment'!$F$325 -> 0 | Y82: ='2b COVID Adjustment'!$G$325 -> 0 | Z82: - | AB82: 0 | AC82: 0 | AD82: ='2e COVID true-up adjustment'!F$347 -> 0 | AE82: ='2e COVID true-up adjustment'!G$347 -> 0 | AF82: ='2e COVID true-up adjustment'!H$347+'3m ASC'!$C$8 -> 4.382769 | AG82: ='2e COVID true-up adjustment'!I$347+'3m ASC'!$C$8 -> 4.382769 | AI82: ='3m ASC'!$C$8+'2g Debt related cost adjustment'!$E$42 -> 4.382769 | AJ82: ='3m ASC'!$C$8+'2g Debt related cost adjustment'!$E$42 -> 4.382769 | AK82: ='3m ASC'!$C$13+'2g Debt related cost adjustment'!$E$42 -> 4.382769 | AL82: ='3m ASC'!$C$13+'2g Debt related cost adjustment'!$E$42 -> 4.382769 | AM82: ='3m ASC'!$C$13+'2g Debt related cost adjustment'!$E$42 -> 4.382769 | AN82: - | AO82: - | AP82: - | AQ82: - | AR82: - | AS82: - | AT82: - | AU82: - | AV82: - | AW82: - | AX82: - | AY82: - | AZ82: - | BA82: - | BB82: - | BC82: - | BD82: - | BE82: - | BF82: - | BG82: - | BH82: - | BI82: -
C83: Single-Rate Metering Arrangement | D83: PPM | E83: TDCV | F83: Eastern | J83: - | K83: - | L83: - | M83: - | N83: - | O83: - | P83: - | Q83: - | S83: - | T83: - | U83: - | V83: - | W83: 0 | X83: ='2b COVID Adjustment'!$F$326 -> 0 | Y83: ='2b COVID Adjustment'!$G$326 -> 0 | Z83: - | AB83: ='2d Backwardation adjustment'!$I14 -> 3.6441792 | AC83: ='2d Backwardation adjustment'!$I14 -> 3.6441792 | AD83: ='2d Backwardation adjustment'!$J14+'2e COVID true-up adjustment'!F$348 -> 3.6441792 | AE83: ='2d Backwardation adjustment'!$J14+'2e COVID true-up adjustment'!G$348+'2f RO Ringfencing adjustment'!I31 -> 12.060633 | AF83: ='2e COVID true-up adjustment'!H$348+'3m ASC'!$C$8 -> 4.382769 | AG83: ='2e COVID true-up adjustment'!I$348+'3m ASC'!$C$8 -> 4.382769 | AI83: ='3m ASC'!$C$8+'2g Debt related cost adjustment'!$E$43 -> 4.382769 | AJ83: ='3m ASC'!$C$8+'2g Debt related cost adjustment'!$E$42 -> 4.382769 | AK83: ='3m ASC'!$C$13+'2g Debt related cost adjustment'!$E$43 -> 4.382769 | AL83: ='3m ASC'!$C$13+'2g Debt related cost adjustment'!$E$43 -> 4.382769 | AM83: ='3m ASC'!$C$13+'2g Debt related cost adjustment'!$E$43 -> 4.382769 | AN83: - | AO83: - | AP83: - | AQ83: - | AR83: - | AS83: - | AT83: - | AU83: - | AV83: - | AW83: - | AX83: - | AY83: - | AZ83: - | BA83: - | BB83: - | BC83: - | BD83: - | BE83: - | BF83: - | BG83: - | BH83: - | BI83: -
F84: East Midlands | J84: - | K84: - | L84: - | M84: - | N84: - | O84: - | P84: - | Q84: - | S84: - | T84: - | U84: - | V84: - | W84: 0 | X84: ='2b COVID Adjustment'!$F$326 -> 0 | Y84: ='2b COVID Adjustment'!$G$326 -> 0 | Z84: - | AB84: ='2d Backwardation adjustment'!$I15 -> 3.5781814 | AC84: ='2d Backwardation adjustment'!$I15 -> 3.5781814 | AD84: ='2d Backwardation adjustment'!$J15+'2e COVID true-up adjustment'!F$348 -> 3.5781814 | AE84: ='2d Backwardation adjustment'!$J15+'2e COVID true-up adjustment'!G$348+'2f RO Ringfencing adjustment'!I32 -> 11.994635 | AF84: ='2e COVID true-up adjustment'!H$348+'3m ASC'!$C$8 -> 4.382769 | AG84: ='2e COVID true-up adjustment'!I$348+'3m ASC'!$C$8 -> 4.382769 | AI84: ='3m ASC'!$C$8+'2g Debt related cost adjustment'!$E$43 -> 4.382769 | AJ84: ='3m ASC'!$C$8+'2g Debt related cost adjustment'!$E$42 -> 4.382769 | AK84: ='3m ASC'!$C$13+'2g Debt related cost adjustment'!$E$43 -> 4.382769 | AL84: ='3m ASC'!$C$13+'2g Debt related cost adjustment'!$E$43 -> 4.382769 | AM84: ='3m ASC'!$C$13+'2g Debt related cost adjustment'!$E$43 -> 4.382769 | AN84: - | AO84: - | AP84: - | AQ84: - | AR84: - | AS84: - | AT84: - | AU84: - | AV84: - | AW84: - | AX84: - | AY84: - | AZ84: - | BA84: - | BB84: - | BC84: - | BD84: - | BE84: - | BF84: - | BG84: - | BH84: - | BI84: -
F85: London | J85: - | K85: - | L85: - | M85: - | N85: - | O85: - | P85: - | Q85: - | S85: - | T85: - | U85: - | V85: - | W85: 0 | X85: ='2b COVID Adjustment'!$F$326 -> 0 | Y85: ='2b COVID Adjustment'!$G$326 -> 0 | Z85: - | AB85: ='2d Backwardation adjustment'!$I16 -> 3.6906893 | AC85: ='2d Backwardation adjustment'!$I16 -> 3.6906893 | AD85: ='2d Backwardation adjustment'!$J16+'2e COVID true-up adjustment'!F$348 -> 3.6906893 | AE85: ='2d Backwardation adjustment'!$J16+'2e COVID true-up adjustment'!G$348+'2f RO Ringfencing adjustment'!I33 -> 12.107143 | AF85: ='2e COVID true-up adjustment'!H$348+'3m ASC'!$C$8 -> 4.382769 | AG85: ='2e COVID true-up adjustment'!I$348+'3m ASC'!$C$8 -> 4.382769 | AI85: ='3m ASC'!$C$8+'2g Debt related cost adjustment'!$E$43 -> 4.382769 | AJ85: ='3m ASC'!$C$8+'2g Debt related cost adjustment'!$E$42 -> 4.382769 | AK85: ='3m ASC'!$C$13+'2g Debt related cost adjustment'!$E$43 -> 4.382769 | AL85: ='3m ASC'!$C$13+'2g Debt related cost adjustment'!$E$43 -> 4.382769 | AM85: ='3m ASC'!$C$13+'2g Debt related cost adjustment'!$E$43 -> 4.382769 | AN85: - | AO85: - | AP85: - | AQ85: - | AR85: - | AS85: - | AT85: - | AU85: - | AV85: - | AW85: - | AX85: - | AY85: - | AZ85: - | BA85: - | BB85: - | BC85: - | BD85: - | BE85: - | BF85: - | BG85: - | BH85: - | BI85: -
F86: N Wales and Mersey | J86: - | K86: - | L86: - | M86: - | N86: - | O86: - | P86: - | Q86: - | S86: - | T86: - | U86: - | V86: - | W86: 0 | X86: ='2b COVID Adjustment'!$F$326 -> 0 | Y86: ='2b COVID Adjustment'!$G$326 -> 0 | Z86: - | AB86: ='2d Backwardation adjustment'!$I17 -> 3.7325003 | AC86: ='2d Backwardation adjustment'!$I17 -> 3.7325003 | AD86: ='2d Backwardation adjustment'!$J17+'2e COVID true-up adjustment'!F$348 -> 3.7325003 | AE86: ='2d Backwardation adjustment'!$J17+'2e COVID true-up adjustment'!G$348+'2f RO Ringfencing adjustment'!I34 -> 12.148954 | AF86: ='2e COVID true-up adjustment'!H$348+'3m ASC'!$C$8 -> 4.382769 | AG86: ='2e COVID true-up adjustment'!I$348+'3m ASC'!$C$8 -> 4.382769 | AI86: ='3m ASC'!$C$8+'2g Debt related cost adjustment'!$E$43 -> 4.382769 | AJ86: ='3m ASC'!$C$8+'2g Debt related cost adjustment'!$E$42 -> 4.382769 | AK86: ='3m ASC'!$C$13+'2g Debt related cost adjustment'!$E$43 -> 4.382769 | AL86: ='3m ASC'!$C$13+'2g Debt related cost adjustment'!$E$43 -> 4.382769 | AM86: ='3m ASC'!$C$13+'2g Debt related cost adjustment'!$E$43 -> 4.382769 | AN86: - | AO86: - | AP86: - | AQ86: - | AR86: - | AS86: - | AT86: - | AU86: - | AV86: - | AW86: - | AX86: - | AY86: - | AZ86: - | BA86: - | BB86: - | BC86: - | BD86: - | BE86: - | BF86: - | BG86: - | BH86: - | BI86: -
F87: Midlands | J87: - | K87: - | L87: - | M87: - | N87: - | O87: - | P87: - | Q87: - | S87: - | T87: - | U87: - | V87: - | W87: 0 | X87: ='2b COVID Adjustment'!$F$326 -> 0 | Y87: ='2b COVID Adjustment'!$G$326 -> 0 | Z87: - | AB87: ='2d Backwardation adjustment'!$I18 -> 3.6500469 | AC87: ='2d Backwardation adjustment'!$I18 -> 3.6500469 | AD87: ='2d Backwardation adjustment'!$J18+'2e COVID true-up adjustment'!F$348 -> 3.6500469 | AE87: ='2d Backwardation adjustment'!$J18+'2e COVID true-up adjustment'!G$348+'2f RO Ringfencing adjustment'!I35 -> 12.066501 | AF87: ='2e COVID true-up adjustment'!H$348+'3m ASC'!$C$8 -> 4.382769 | AG87: ='2e COVID true-up adjustment'!I$348+'3m ASC'!$C$8 -> 4.382769 | AI87: ='3m ASC'!$C$8+'2g Debt related cost adjustment'!$E$43 -> 4.382769 | AJ87: ='3m ASC'!$C$8+'2g Debt related cost adjustment'!$E$42 -> 4.382769 | AK87: ='3m ASC'!$C$13+'2g Debt related cost adjustment'!$E$43 -> 4.382769 | AL87: ='3m ASC'!$C$13+'2g Debt related cost adjustment'!$E$43 -> 4.382769 | AM87: ='3m ASC'!$C$13+'2g Debt related cost adjustment'!$E$43 -> 4.382769 | AN87: - | AO87: - | AP87: - | AQ87: - | AR87: - | AS87: - | AT87: - | AU87: - | AV87: - | AW87: - | AX87: - | AY87: - | AZ87: - | BA87: - | BB87: - | BC87: - | BD87: - | BE87: - | BF87: - | BG87: - | BH87: - | BI87: -
F88: Northern | J88: - | K88: - | L88: - | M88: - | N88: - | O88: - | P88: - | Q88: - | S88: - | T88: - | U88: - | V88: - | W88: 0 | X88: ='2b COVID Adjustment'!$F$326 -> 0 | Y88: ='2b COVID Adjustment'!$G$326 -> 0 | Z88: - | AB88: ='2d Backwardation adjustment'!$I19 -> 3.5419749 | AC88: ='2d Backwardation adjustment'!$I19 -> 3.5419749 | AD88: ='2d Backwardation adjustment'!$J19+'2e COVID true-up adjustment'!F$348 -> 3.5419749 | AE88: ='2d Backwardation adjustment'!$J19+'2e COVID true-up adjustment'!G$348+'2f RO Ringfencing adjustment'!I36 -> 11.958429 | AF88: ='2e COVID true-up adjustment'!H$348+'3m ASC'!$C$8 -> 4.382769 | AG88: ='2e COVID true-up adjustment'!I$348+'3m ASC'!$C$8 -> 4.382769 | AI88: ='3m ASC'!$C$8+'2g Debt related cost adjustment'!$E$43 -> 4.382769 | AJ88: ='3m ASC'!$C$8+'2g Debt related cost adjustment'!$E$42 -> 4.382769 | AK88: ='3m ASC'!$C$13+'2g Debt related cost adjustment'!$E$43 -> 4.382769 | AL88: ='3m ASC'!$C$13+'2g Debt related cost adjustment'!$E$43 -> 4.382769 | AM88: ='3m ASC'!$C$13+'2g Debt related cost adjustment'!$E$43 -> 4.382769 | AN88: - | AO88: - | AP88: - | AQ88: - | AR88: - | AS88: - | AT88: - | AU88: - | AV88: - | AW88: - | AX88: - | AY88: - | AZ88: - | BA88: - | BB88: - | BC88: - | BD88: - | BE88: - | BF88: - | BG88: - | BH88: - | BI88: -
F89: North West | J89: - | K89: - | L89: - | M89: - | N89: - | O89: - | P89: - | Q89: - | S89: - | T89: - | U89: - | V89: - | W89: 0 | X89: ='2b COVID Adjustment'!$F$326 -> 0 | Y89: ='2b COVID Adjustment'!$G$326 -> 0 | Z89: - | AB89: ='2d Backwardation adjustment'!$I20 -> 3.5989973 | AC89: ='2d Backwardation adjustment'!$I20 -> 3.5989973 | AD89: ='2d Backwardation adjustment'!$J20+'2e COVID true-up adjustment'!F$348 -> 3.5989973 | AE89: ='2d Backwardation adjustment'!$J20+'2e COVID true-up adjustment'!G$348+'2f RO Ringfencing adjustment'!I37 -> 12.015451 | AF89: ='2e COVID true-up adjustment'!H$348+'3m ASC'!$C$8 -> 4.382769 | AG89: ='2e COVID true-up adjustment'!I$348+'3m ASC'!$C$8 -> 4.382769 | AI89: ='3m ASC'!$C$8+'2g Debt related cost adjustment'!$E$43 -> 4.382769 | AJ89: ='3m ASC'!$C$8+'2g Debt related cost adjustment'!$E$42 -> 4.382769 | AK89: ='3m ASC'!$C$13+'2g Debt related cost adjustment'!$E$43 -> 4.382769 | AL89: ='3m ASC'!$C$13+'2g Debt related cost adjustment'!$E$43 -> 4.382769 | AM89: ='3m ASC'!$C$13+'2g Debt related cost adjustment'!$E$43 -> 4.382769 | AN89: - | AO89: - | AP89: - | AQ89: - | AR89: - | AS89: - | AT89: - | AU89: - | AV89: - | AW89: - | AX89: - | AY89: - | AZ89: - | BA89: - | BB89: - | BC89: - | BD89: - | BE89: - | BF89: - | BG89: - | BH89: - | BI89: -
F90: Southern | J90: - | K90: - | L90: - | M90: - | N90: - | O90: - | P90: - | Q90: - | S90: - | T90: - | U90: - | V90: - | W90: 0 | X90: ='2b COVID Adjustment'!$F$326 -> 0 | Y90: ='2b COVID Adjustment'!$G$326 -> 0 | Z90: - | AB90: ='2d Backwardation adjustment'!$I21 -> 3.6397073 | AC90: ='2d Backwardation adjustment'!$I21 -> 3.6397073 | AD90: ='2d Backwardation adjustment'!$J21+'2e COVID true-up adjustment'!F$348 -> 3.6397073 | AE90: ='2d Backwardation adjustment'!$J21+'2e COVID true-up adjustment'!G$348+'2f RO Ringfencing adjustment'!I38 -> 12.056161 | AF90: ='2e COVID true-up adjustment'!H$348+'3m ASC'!$C$8 -> 4.382769 | AG90: ='2e COVID true-up adjustment'!I$348+'3m ASC'!$C$8 -> 4.382769 | AI90: ='3m ASC'!$C$8+'2g Debt related cost adjustment'!$E$43 -> 4.382769 | AJ90: ='3m ASC'!$C$8+'2g Debt related cost adjustment'!$E$42 -> 4.382769 | AK90: ='3m ASC'!$C$13+'2g Debt related cost adjustment'!$E$43 -> 4.382769 | AL90: ='3m ASC'!$C$13+'2g Debt related cost adjustment'!$E$43 -> 4.382769 | AM90: ='3m ASC'!$C$13+'2g Debt related cost adjustment'!$E$43 -> 4.382769 | AN90: - | AO90: - | AP90: - | AQ90: - | AR90: - | AS90: - | AT90: - | AU90: - | AV90: - | AW90: - | AX90: - | AY90: - | AZ90: - | BA90: - | BB90: - | BC90: - | BD90: - | BE90: - | BF90: - | BG90: - | BH90: - | BI90: -
F91: South East | J91: - | K91: - | L91: - | M91: - | N91: - | O91: - | P91: - | Q91: - | S91: - | T91: - | U91: - | V91: - | W91: 0 | X91: ='2b COVID Adjustment'!$F$326 -> 0 | Y91: ='2b COVID Adjustment'!$G$326 -> 0 | Z91: - | AB91: ='2d Backwardation adjustment'!$I22 -> 3.6463274 | AC91: ='2d Backwardation adjustment'!$I22 -> 3.6463274 | AD91: ='2d Backwardation adjustment'!$J22+'2e COVID true-up adjustment'!F$348 -> 3.6463274 | AE91: ='2d Backwardation adjustment'!$J22+'2e COVID true-up adjustment'!G$348+'2f RO Ringfencing adjustment'!I39 -> 12.062781 | AF91: ='2e COVID true-up adjustment'!H$348+'3m ASC'!$C$8 -> 4.382769 | AG91: ='2e COVID true-up adjustment'!I$348+'3m ASC'!$C$8 -> 4.382769 | AI91: ='3m ASC'!$C$8+'2g Debt related cost adjustment'!$E$43 -> 4.382769 | AJ91: ='3m ASC'!$C$8+'2g Debt related cost adjustment'!$E$42 -> 4.382769 | AK91: ='3m ASC'!$C$13+'2g Debt related cost adjustment'!$E$43 -> 4.382769 | AL91: ='3m ASC'!$C$13+'2g Debt related cost adjustment'!$E$43 -> 4.382769 | AM91: ='3m ASC'!$C$13+'2g Debt related cost adjustment'!$E$43 -> 4.382769 | AN91: - | AO91: - | AP91: - | AQ91: - | AR91: - | AS91: - | AT91: - | AU91: - | AV91: - | AW91: - | AX91: - | AY91: - | AZ91: - | BA91: - | BB91: - | BC91: - | BD91: - | BE91: - | BF91: - | BG91: - | BH91: - | BI91: -
F92: South Wales | J92: - | K92: - | L92: - | M92: - | N92: - | O92: - | P92: - | Q92: - | S92: - | T92: - | U92: - | V92: - | W92: 0 | X92: ='2b COVID Adjustment'!$F$326 -> 0 | Y92: ='2b COVID Adjustment'!$G$326 -> 0 | Z92: - | AB92: ='2d Backwardation adjustment'!$I23 -> 3.6251911 | AC92: ='2d Backwardation adjustment'!$I23 -> 3.6251911 | AD92: ='2d Backwardation adjustment'!$J23+'2e COVID true-up adjustment'!F$348 -> 3.6251911 | AE92: ='2d Backwardation adjustment'!$J23+'2e COVID true-up adjustment'!G$348+'2f RO Ringfencing adjustment'!I40 -> 12.041645 | AF92: ='2e COVID true-up adjustment'!H$348+'3m ASC'!$C$8 -> 4.382769 | AG92: ='2e COVID true-up adjustment'!I$348+'3m ASC'!$C$8 -> 4.382769 | AI92: ='3m ASC'!$C$8+'2g Debt related cost adjustment'!$E$43 -> 4.382769 | AJ92: ='3m ASC'!$C$8+'2g Debt related cost adjustment'!$E$42 -> 4.382769 | AK92: ='3m ASC'!$C$13+'2g Debt related cost adjustment'!$E$43 -> 4.382769 | AL92: ='3m ASC'!$C$13+'2g Debt related cost adjustment'!$E$43 -> 4.382769 | AM92: ='3m ASC'!$C$13+'2g Debt related cost adjustment'!$E$43 -> 4.382769 | AN92: - | AO92: - | AP92: - | AQ92: - | AR92: - | AS92: - | AT92: - | AU92: - | AV92: - | AW92: - | AX92: - | AY92: - | AZ92: - | BA92: - | BB92: - | BC92: - | BD92: - | BE92: - | BF92: - | BG92: - | BH92: - | BI92: -
F93: Southern Western | J93: - | K93: - | L93: - | M93: - | N93: - | O93: - | P93: - | Q93: - | S93: - | T93: - | U93: - | V93: - | W93: 0 | X93: ='2b COVID Adjustment'!$F$326 -> 0 | Y93: ='2b COVID Adjustment'!$G$326 -> 0 | Z93: - | AB93: ='2d Backwardation adjustment'!$I24 -> 3.5898009 | AC93: ='2d Backwardation adjustment'!$I24 -> 3.5898009 | AD93: ='2d Backwardation adjustment'!$J24+'2e COVID true-up adjustment'!F$348 -> 3.5898009 | AE93: ='2d Backwardation adjustment'!$J24+'2e COVID true-up adjustment'!G$348+'2f RO Ringfencing adjustment'!I41 -> 12.006255 | AF93: ='2e COVID true-up adjustment'!H$348+'3m ASC'!$C$8 -> 4.382769 | AG93: ='2e COVID true-up adjustment'!I$348+'3m ASC'!$C$8 -> 4.382769 | AI93: ='3m ASC'!$C$8+'2g Debt related cost adjustment'!$E$43 -> 4.382769 | AJ93: ='3m ASC'!$C$8+'2g Debt related cost adjustment'!$E$42 -> 4.382769 | AK93: ='3m ASC'!$C$13+'2g Debt related cost adjustment'!$E$43 -> 4.382769 | AL93: ='3m ASC'!$C$13+'2g Debt related cost adjustment'!$E$43 -> 4.382769 | AM93: ='3m ASC'!$C$13+'2g Debt related cost adjustment'!$E$43 -> 4.382769 | AN93: - | AO93: - | AP93: - | AQ93: - | AR93: - | AS93: - | AT93: - | AU93: - | AV93: - | AW93: - | AX93: - | AY93: - | AZ93: - | BA93: - | BB93: - | BC93: - | BD93: - | BE93: - | BF93: - | BG93: - | BH93: - | BI93: -
F94: Yorkshire | J94: - | K94: - | L94: - | M94: - | N94: - | O94: - | P94: - | Q94: - | S94: - | T94: - | U94: - | V94: - | W94: 0 | X94: ='2b COVID Adjustment'!$F$326 -> 0 | Y94: ='2b COVID Adjustment'!$G$326 -> 0 | Z94: - | AB94: ='2d Backwardation adjustment'!$I25 -> 3.6210946 | AC94: ='2d Backwardation adjustment'!$I25 -> 3.6210946 | AD94: ='2d Backwardation adjustment'!$J25+'2e COVID true-up adjustment'!F$348 -> 3.6210946 | AE94: ='2d Backwardation adjustment'!$J25+'2e COVID true-up adjustment'!G$348+'2f RO Ringfencing adjustment'!I42 -> 12.037549 | AF94: ='2e COVID true-up adjustment'!H$348+'3m ASC'!$C$8 -> 4.382769 | AG94: ='2e COVID true-up adjustment'!I$348+'3m ASC'!$C$8 -> 4.382769 | AI94: ='3m ASC'!$C$8+'2g Debt related cost adjustment'!$E$43 -> 4.382769 | AJ94: ='3m ASC'!$C$8+'2g Debt related cost adjustment'!$E$42 -> 4.382769 | AK94: ='3m ASC'!$C$13+'2g Debt related cost adjustment'!$E$43 -> 4.382769 | AL94: ='3m ASC'!$C$13+'2g Debt related cost adjustment'!$E$43 -> 4.382769 | AM94: ='3m ASC'!$C$13+'2g Debt related cost adjustment'!$E$43 -> 4.382769 | AN94: - | AO94: - | AP94: - | AQ94: - | AR94: - | AS94: - | AT94: - | AU94: - | AV94: - | AW94: - | AX94: - | AY94: - | AZ94: - | BA94: - | BB94: - | BC94: - | BD94: - | BE94: - | BF94: - | BG94: - | BH94: - | BI94: -
F95: Southern Scotland | J95: - | K95: - | L95: - | M95: - | N95: - | O95: - | P95: - | Q95: - | S95: - | T95: - | U95: - | V95: - | W95: 0 | X95: ='2b COVID Adjustment'!$F$326 -> 0 | Y95: ='2b COVID Adjustment'!$G$326 -> 0 | Z95: - | AB95: ='2d Backwardation adjustment'!$I26 -> 3.6606468 | AC95: ='2d Backwardation adjustment'!$I26 -> 3.6606468 | AD95: ='2d Backwardation adjustment'!$J26+'2e COVID true-up adjustment'!F$348 -> 3.6606468 | AE95: ='2d Backwardation adjustment'!$J26+'2e COVID true-up adjustment'!G$348+'2f RO Ringfencing adjustment'!I43 -> 12.077101 | AF95: ='2e COVID true-up adjustment'!H$348+'3m ASC'!$C$8 -> 4.382769 | AG95: ='2e COVID true-up adjustment'!I$348+'3m ASC'!$C$8 -> 4.382769 | AI95: ='3m ASC'!$C$8+'2g Debt related cost adjustment'!$E$43 -> 4.382769 | AJ95: ='3m ASC'!$C$8+'2g Debt related cost adjustment'!$E$42 -> 4.382769 | AK95: ='3m ASC'!$C$13+'2g Debt related cost adjustment'!$E$43 -> 4.382769 | AL95: ='3m ASC'!$C$13+'2g Debt related cost adjustment'!$E$43 -> 4.382769 | AM95: ='3m ASC'!$C$13+'2g Debt related cost adjustment'!$E$43 -> 4.382769 | AN95: - | AO95: - | AP95: - | AQ95: - | AR95: - | AS95: - | AT95: - | AU95: - | AV95: - | AW95: - | AX95: - | AY95: - | AZ95: - | BA95: - | BB95: - | BC95: - | BD95: - | BE95: - | BF95: - | BG95: - | BH95: - | BI95: -
F96: Northern Scotland | J96: - | K96: - | L96: - | M96: - | N96: - | O96: - | P96: - | Q96: - | S96: - | T96: - | U96: - | V96: - | W96: 0 | X96: ='2b COVID Adjustment'!$F$326 -> 0 | Y96: ='2b COVID Adjustment'!$G$326 -> 0 | Z96: - | AB96: ='2d Backwardation adjustment'!$I27 -> 3.574869 | AC96: ='2d Backwardation adjustment'!$I27 -> 3.574869 | AD96: ='2d Backwardation adjustment'!$J27+'2e COVID true-up adjustment'!F$348 -> 3.574869 | AE96: ='2d Backwardation adjustment'!$J27+'2e COVID true-up adjustment'!G$348+'2f RO Ringfencing adjustment'!I44 -> 11.991323 | AF96: ='2e COVID true-up adjustment'!H$348+'3m ASC'!$C$8 -> 4.382769 | AG96: ='2e COVID true-up adjustment'!I$348+'3m ASC'!$C$8 -> 4.382769 | AI96: ='3m ASC'!$C$8+'2g Debt related cost adjustment'!$E$43 -> 4.382769 | AJ96: ='3m ASC'!$C$8+'2g Debt related cost adjustment'!$E$42 -> 4.382769 | AK96: ='3m ASC'!$C$13+'2g Debt related cost adjustment'!$E$43 -> 4.382769 | AL96: ='3m ASC'!$C$13+'2g Debt related cost adjustment'!$E$43 -> 4.382769 | AM96: ='3m ASC'!$C$13+'2g Debt related cost adjustment'!$E$43 -> 4.382769 | AN96: - | AO96: - | AP96: - | AQ96: - | AR96: - | AS96: - | AT96: - | AU96: - | AV96: - | AW96: - | AX96: - | AY96: - | AZ96: - | BA96: - | BB96: - | BC96: - | BD96: - | BE96: - | BF96: - | BG96: - | BH96: - | BI96: -
C97: Multi-Rate Metering Arrangement | D97: Standard credit | E97: Nil | F97: Eastern | J97: - | K97: - | L97: - | M97: - | N97: - | O97: - | P97: - | Q97: - | S97: - | T97: - | U97: - | V97: - | W97: 0 | X97: ='2b COVID Adjustment'!$F$321 -> 1.4870742 | Y97: ='2b COVID Adjustment'!$G$321 -> 0.704571 | Z97: - | AB97: 0 | AC97: 0 | AD97: ='2e COVID true-up adjustment'!F$343 -> 0.41079125 | AE97: ='2e COVID true-up adjustment'!G$343 -> 0.41079125 | AF97: ='2e COVID true-up adjustment'!H$343 -> 0.41079125 | AG97: ='2e COVID true-up adjustment'!I$343 -> 0.41079125 | AI97: ='2g Debt related cost adjustment'!$E$50 -> 0 | AJ97: ='2g Debt related cost adjustment'!$E$50 -> 0 | AK97: ='2g Debt related cost adjustment'!$E$50 -> 0 | AL97: ='2g Debt related cost adjustment'!$E$50 -> 0 | AM97: ='2g Debt related cost adjustment'!$E$50 -> 0 | AN97: - | AO97: - | AP97: - | AQ97: - | AR97: - | AS97: - | AT97: - | AU97: - | AV97: - | AW97: - | AX97: - | AY97: - | AZ97: - | BA97: - | BB97: - | BC97: - | BD97: - | BE97: - | BF97: - | BG97: - | BH97: - | BI97: -
F98: East Midlands | J98: - | K98: - | L98: - | M98: - | N98: - | O98: - | P98: - | Q98: - | S98: - | T98: - | U98: - | V98: - | W98: 0 | X98: ='2b COVID Adjustment'!$F$321 -> 1.4870742 | Y98: ='2b COVID Adjustment'!$G$321 -> 0.704571 | Z98: - | AB98: 0 | AC98: 0 | AD98: ='2e COVID true-up adjustment'!F$343 -> 0.41079125 | AE98: ='2e COVID true-up adjustment'!G$343 -> 0.41079125 | AF98: ='2e COVID true-up adjustment'!H$343 -> 0.41079125 | AG98: ='2e COVID true-up adjustment'!I$343 -> 0.41079125 | AI98: ='2g Debt related cost adjustment'!$E$50 -> 0 | AJ98: ='2g Debt related cost adjustment'!$E$50 -> 0 | AK98: ='2g Debt related cost adjustment'!$E$50 -> 0 | AL98: ='2g Debt related cost adjustment'!$E$50 -> 0 | AM98: ='2g Debt related cost adjustment'!$E$50 -> 0 | AN98: - | AO98: - | AP98: - | AQ98: - | AR98: - | AS98: - | AT98: - | AU98: - | AV98: - | AW98: - | AX98: - | AY98: - | AZ98: - | BA98: - | BB98: - | BC98: - | BD98: - | BE98: - | BF98: - | BG98: - | BH98: - | BI98: -
F99: London | J99: - | K99: - | L99: - | M99: - | N99: - | O99: - | P99: - | Q99: - | S99: - | T99: - | U99: - | V99: - | W99: 0 | X99: ='2b COVID Adjustment'!$F$321 -> 1.4870742 | Y99: ='2b COVID Adjustment'!$G$321 -> 0.704571 | Z99: - | AB99: 0 | AC99: 0 | AD99: ='2e COVID true-up adjustment'!F$343 -> 0.41079125 | AE99: ='2e COVID true-up adjustment'!G$343 -> 0.41079125 | AF99: ='2e COVID true-up adjustment'!H$343 -> 0.41079125 | AG99: ='2e COVID true-up adjustment'!I$343 -> 0.41079125 | AI99: ='2g Debt related cost adjustment'!$E$50 -> 0 | AJ99: ='2g Debt related cost adjustment'!$E$50 -> 0 | AK99: ='2g Debt related cost adjustment'!$E$50 -> 0 | AL99: ='2g Debt related cost adjustment'!$E$50 -> 0 | AM99: ='2g Debt related cost adjustment'!$E$50 -> 0 | AN99: - | AO99: - | AP99: - | AQ99: - | AR99: - | AS99: - | AT99: - | AU99: - | AV99: - | AW99: - | AX99: - | AY99: - | AZ99: - | BA99: - | BB99: - | BC99: - | BD99: - | BE99: - | BF99: - | BG99: - | BH99: - | BI99: -
F100: N Wales and Mersey | J100: - | K100: - | L100: - | M100: - | N100: - | O100: - | P100: - | Q100: - | S100: - | T100: - | U100: - | V100: - | W100: 0 | X100: ='2b COVID Adjustment'!$F$321 -> 1.4870742 | Y100: ='2b COVID Adjustment'!$G$321 -> 0.704571 | Z100: - | AB100: 0 | AC100: 0 | AD100: ='2e COVID true-up adjustment'!F$343 -> 0.41079125 | AE100: ='2e COVID true-up adjustment'!G$343 -> 0.41079125 | AF100: ='2e COVID true-up adjustment'!H$343 -> 0.41079125 | AG100: ='2e COVID true-up adjustment'!I$343 -> 0.41079125 | AI100: ='2g Debt related cost adjustment'!$E$50 -> 0 | AJ100: ='2g Debt related cost adjustment'!$E$50 -> 0 | AK100: ='2g Debt related cost adjustment'!$E$50 -> 0 | AL100: ='2g Debt related cost adjustment'!$E$50 -> 0 | AM100: ='2g Debt related cost adjustment'!$E$50 -> 0 | AN100: - | AO100: - | AP100: - | AQ100: - | AR100: - | AS100: - | AT100: - | AU100: - | AV100: - | AW100: - | AX100: - | AY100: - | AZ100: - | BA100: - | BB100: - | BC100: - | BD100: - | BE100: - | BF100: - | BG100: - | BH100: - | BI100: -
F101: Midlands | J101: - | K101: - | L101: - | M101: - | N101: - | O101: - | P101: - | Q101: - | S101: - | T101: - | U101: - | V101: - | W101: 0 | X101: ='2b COVID Adjustment'!$F$321 -> 1.4870742 | Y101: ='2b COVID Adjustment'!$G$321 -> 0.704571 | Z101: - | AB101: 0 | AC101: 0 | AD101: ='2e COVID true-up adjustment'!F$343 -> 0.41079125 | AE101: ='2e COVID true-up adjustment'!G$343 -> 0.41079125 | AF101: ='2e COVID true-up adjustment'!H$343 -> 0.41079125 | AG101: ='2e COVID true-up adjustment'!I$343 -> 0.41079125 | AI101: ='2g Debt related cost adjustment'!$E$50 -> 0 | AJ101: ='2g Debt related cost adjustment'!$E$50 -> 0 | AK101: ='2g Debt related cost adjustment'!$E$50 -> 0 | AL101: ='2g Debt related cost adjustment'!$E$50 -> 0 | AM101: ='2g Debt related cost adjustment'!$E$50 -> 0 | AN101: - | AO101: - | AP101: - | AQ101: - | AR101: - | AS101: - | AT101: - | AU101: - | AV101: - | AW101: - | AX101: - | AY101: - | AZ101: - | BA101: - | BB101: - | BC101: - | BD101: - | BE101: - | BF101: - | BG101: - | BH101: - | BI101: -
F102: Northern | J102: - | K102: - | L102: - | M102: - | N102: - | O102: - | P102: - | Q102: - | S102: - | T102: - | U102: - | V102: - | W102: 0 | X102: ='2b COVID Adjustment'!$F$321 -> 1.4870742 | Y102: ='2b COVID Adjustment'!$G$321 -> 0.704571 | Z102: - | AB102: 0 | AC102: 0 | AD102: ='2e COVID true-up adjustment'!F$343 -> 0.41079125 | AE102: ='2e COVID true-up adjustment'!G$343 -> 0.41079125 | AF102: ='2e COVID true-up adjustment'!H$343 -> 0.41079125 | AG102: ='2e COVID true-up adjustment'!I$343 -> 0.41079125 | AI102: ='2g Debt related cost adjustment'!$E$50 -> 0 | AJ102: ='2g Debt related cost adjustment'!$E$50 -> 0 | AK102: ='2g Debt related cost adjustment'!$E$50 -> 0 | AL102: ='2g Debt related cost adjustment'!$E$50 -> 0 | AM102: ='2g Debt related cost adjustment'!$E$50 -> 0 | AN102: - | AO102: - | AP102: - | AQ102: - | AR102: - | AS102: - | AT102: - | AU102: - | AV102: - | AW102: - | AX102: - | AY102: - | AZ102: - | BA102: - | BB102: - | BC102: - | BD102: - | BE102: - | BF102: - | BG102: - | BH102: - | BI102: -
F103: North West | J103: - | K103: - | L103: - | M103: - | N103: - | O103: - | P103: - | Q103: - | S103: - | T103: - | U103: - | V103: - | W103: 0 | X103: ='2b COVID Adjustment'!$F$321 -> 1.4870742 | Y103: ='2b COVID Adjustment'!$G$321 -> 0.704571 | Z103: - | AB103: 0 | AC103: 0 | AD103: ='2e COVID true-up adjustment'!F$343 -> 0.41079125 | AE103: ='2e COVID true-up adjustment'!G$343 -> 0.41079125 | AF103: ='2e COVID true-up adjustment'!H$343 -> 0.41079125 | AG103: ='2e COVID true-up adjustment'!I$343 -> 0.41079125 | AI103: ='2g Debt related cost adjustment'!$E$50 -> 0 | AJ103: ='2g Debt related cost adjustment'!$E$50 -> 0 | AK103: ='2g Debt related cost adjustment'!$E$50 -> 0 | AL103: ='2g Debt related cost adjustment'!$E$50 -> 0 | AM103: ='2g Debt related cost adjustment'!$E$50 -> 0 | AN103: - | AO103: - | AP103: - | AQ103: - | AR103: - | AS103: - | AT103: - | AU103: - | AV103: - | AW103: - | AX103: - | AY103: - | AZ103: - | BA103: - | BB103: - | BC103: - | BD103: - | BE103: - | BF103: - | BG103: - | BH103: - | BI103: -
F104: Southern | J104: - | K104: - | L104: - | M104: - | N104: - | O104: - | P104: - | Q104: - | S104: - | T104: - | U104: - | V104: - | W104: 0 | X104: ='2b COVID Adjustment'!$F$321 -> 1.4870742 | Y104: ='2b COVID Adjustment'!$G$321 -> 0.704571 | Z104: - | AB104: 0 | AC104: 0 | AD104: ='2e COVID true-up adjustment'!F$343 -> 0.41079125 | AE104: ='2e COVID true-up adjustment'!G$343 -> 0.41079125 | AF104: ='2e COVID true-up adjustment'!H$343 -> 0.41079125 | AG104: ='2e COVID true-up adjustment'!I$343 -> 0.41079125 | AI104: ='2g Debt related cost adjustment'!$E$50 -> 0 | AJ104: ='2g Debt related cost adjustment'!$E$50 -> 0 | AK104: ='2g Debt related cost adjustment'!$E$50 -> 0 | AL104: ='2g Debt related cost adjustment'!$E$50 -> 0 | AM104: ='2g Debt related cost adjustment'!$E$50 -> 0 | AN104: - | AO104: - | AP104: - | AQ104: - | AR104: - | AS104: - | AT104: - | AU104: - | AV104: - | AW104: - | AX104: - | AY104: - | AZ104: - | BA104: - | BB104: - | BC104: - | BD104: - | BE104: - | BF104: - | BG104: - | BH104: - | BI104: -
...

Sheet 2. Calculate=>

Sheet 2a Q1 Adjustment Component
A2: Q1 adjustment component
A3: This tab shows the Q1 Adjustment component for each fuel, Charge Restriction Region, Benchmark Metering Arrangement and 28AD Charge Restriction Period. The values below are for Benchmark Annual Consumption Level m kWh (typical consumption). The value of the Direct Fuel Cost Component at Benchmark Annual Consumption Level nil kWh is zero. On this tab, we take the adjusted charge (£ per MWh), apply allowances (for things like shaping, forecast error, etc) then apply an uplift for regional electricity losses and finally calculate the £ per customer amount
B7: Fuel | C7: Benchmark Metering Arrangement | D7: Charge Restriction Region | E7: Unit | H7: Values to be used to update level of default tariff cap
H8: These are the values that will be populated to calculate the updated level of the default tariff cap
F9: 28AD Charge Restriction Period: | H9: October 2020 - March 2021
B12: 1. Volume adjusted charge (2020 prices)
B13: Electricity | C13: Single-Rate Metering Arrangement | E13: £/MWh at transmission system | H13: ='3a Adjustment term'!B70 -> 1.2589103
C14: Multi-Register Metering Arrangement | E14: £/MWh at transmission system | H14: ='3a Adjustment term'!C70 -> 1.3374909
B15: Gas | C15: n/a | E15: £/MWh at NBP | H15: ='3a Adjustment term'!D70 -> 0.82962005
B16: 2. Apply allowance for shaping, forecast error and imbalance; transaction costs; and basis risk
B17: Electricity | C17: Single-Rate Metering Arrangement | E17: £/MWh at transmission system | H17: =IF(H13="-","-",H13*(1+'3b Allowances'!B15)) -> 1.3518668
C18: Multi-Register Metering Arrangement | E18: £/MWh at transmission system | H18: =IF(H14="-","-",H14*(1+'3b Allowances'!C15)) -> 1.4362497
B19: Gas | C19: n/a | E19: £/MWh at NBP | H19: =IF(H15="-","-",H15*(1+SUM('3b Allowances'!$B$20:$B$24))) -> 0.8762609
B20: 3. Apply regional electricity losses and unidentified gas uplift
B21: Electricity | C21: Single-Rate Metering Arrangement | D21: Eastern | E21: £/MWh supplied | H21: =IF(H$17="-","-",H$17*'3d Electricity losses'!O11) -> 1.4820437
D22: East Midlands | H22: =IF(H$17="-","-",H$17*'3d Electricity losses'!O12) -> 1.4635483
D23: London | H23: =IF(H$17="-","-",H$17*'3d Electricity losses'!O13) -> 1.4947662
D24: N Wales and Mersey | H24: =IF(H$17="-","-",H$17*'3d Electricity losses'!O14) -> 1.505615
D25: Midlands | H25: =IF(H$17="-","-",H$17*'3d Electricity losses'!O15) -> 1.4742257
D26: Northern | H26: =IF(H$17="-","-",H$17*'3d Electricity losses'!O16) -> 1.4564439
D27: North West | H27: =IF(H$17="-","-",H$17*'3d Electricity losses'!O17) -> 1.481156
D28: Southern | H28: =IF(H$17="-","-",H$17*'3d Electricity losses'!O18) -> 1.4697895
D29: South East | H29: =IF(H$17="-","-",H$17*'3d Electricity losses'!O19) -> 1.4731126
D30: South Wales | H30: =IF(H$17="-","-",H$17*'3d Electricity losses'!O20) -> 1.4528461
D31: Southern Western | H31: =IF(H$17="-","-",H$17*'3d Electricity losses'!O21) -> 1.4463724
D32: Yorkshire | H32: =IF(H$17="-","-",H$17*'3d Electricity losses'!O22) -> 1.475023
D33: Southern Scotland | H33: =IF(H$17="-","-",H$17*'3d Electricity losses'!O23) -> 1.4761818
D34: Northern Scotland | H34: =IF(H$17="-","-",H$17*'3d Electricity losses'!O24) -> 1.4589374
C35: Multi-Register Metering Arrangement | D35: Eastern | H35: =IF(H$18="-","-",H$18*'3d Electricity losses'!O25) -> 1.5718033
D36: East Midlands | H36: =IF(H$18="-","-",H$18*'3d Electricity losses'!O26) -> 1.5539244
D37: London | H37: =IF(H$18="-","-",H$18*'3d Electricity losses'!O27) -> 1.5844731
D38: N Wales and Mersey | H38: =IF(H$18="-","-",H$18*'3d Electricity losses'!O28) -> 1.5943944
D39: Midlands | H39: =IF(H$18="-","-",H$18*'3d Electricity losses'!O29) -> 1.5645406
D40: Northern | H40: =IF(H$18="-","-",H$18*'3d Electricity losses'!O30) -> 1.5448506
D41: North West | H41: =IF(H$18="-","-",H$18*'3d Electricity losses'!O31) -> 1.5713058
D42: Southern | H42: =IF(H$18="-","-",H$18*'3d Electricity losses'!O32) -> 1.5608868
D43: South East | H43: =IF(H$18="-","-",H$18*'3d Electricity losses'!O33) -> 1.5627384
D44: South Wales | H44: =IF(H$18="-","-",H$18*'3d Electricity losses'!O34) -> 1.5425978
D45: Southern Western | H45: =IF(H$18="-","-",H$18*'3d Electricity losses'!O35) -> 1.536709
D46: Yorkshire | H46: =IF(H$18="-","-",H$18*'3d Electricity losses'!O36) -> 1.563893
D47: Southern Scotland | H47: =IF(H$18="-","-",H$18*'3d Electricity losses'!O37) -> 1.5634009
D48: Northern Scotland | H48: =IF(H$18="-","-",H$18*'3d Electricity losses'!O38) -> 1.5502027
B49: Gas | C49: n/a | H49: =IF(H$19="-","-",H19*(1+'3b Allowances'!$B$25)) -> 0.89378611
B50: 4.Adjustment charge at Benchmark Annual Consumption Level m kWh (typical consumption)
B51: Electricity | C51: Single-Rate Metering Arrangement | D51: Eastern | E51: £ per customer per year | H51: =IF(H21="-","-",H21*'3c Demand'!$C$9) -> 4.5943353
D52: East Midlands | H52: =IF(H22="-","-",H22*'3c Demand'!$C$9) -> 4.5369997
D53: London | H53: =IF(H23="-","-",H23*'3c Demand'!$C$9) -> 4.6337753
D54: N Wales and Mersey | H54: =IF(H24="-","-",H24*'3c Demand'!$C$9) -> 4.6674065
D55: Midlands | H55: =IF(H25="-","-",H25*'3c Demand'!$C$9) -> 4.5700998
D56: Northern | H56: =IF(H26="-","-",H26*'3c Demand'!$C$9) -> 4.514976
D57: North West | H57: =IF(H27="-","-",H27*'3c Demand'!$C$9) -> 4.5915836
D58: Southern | H58: =IF(H28="-","-",H28*'3c Demand'!$C$9) -> 4.5563475
D59: South East | H59: =IF(H29="-","-",H29*'3c Demand'!$C$9) -> 4.566649
D60: South Wales | H60: =IF(H30="-","-",H30*'3c Demand'!$C$9) -> 4.5038229
D61: Southern Western | H61: =IF(H31="-","-",H31*'3c Demand'!$C$9) -> 4.4837546
D62: Yorkshire | H62: =IF(H32="-","-",H32*'3c Demand'!$C$9) -> 4.5725713
D63: Southern Scotland | H63: =IF(H33="-","-",H33*'3c Demand'!$C$9) -> 4.5761635
D64: Northern Scotland | H64: =IF(H34="-","-",H34*'3c Demand'!$C$9) -> 4.5227059
C65: Multi-Register Metering Arrangement | D65: Eastern | H65: =IF(H35="-","-",H35*'3c Demand'!$C$10) -> 6.6015737
D66: East Midlands | H66: =IF(H36="-","-",H36*'3c Demand'!$C$10) -> 6.5264823
D67: London | H67: =IF(H37="-","-",H37*'3c Demand'!$C$10) -> 6.6547871
D68: N Wales and Mersey | H68: =IF(H38="-","-",H38*'3c Demand'!$C$10) -> 6.6964566
D69: Midlands | H69: =IF(H39="-","-",H39*'3c Demand'!$C$10) -> 6.5710705
D70: Northern | H70: =IF(H40="-","-",H40*'3c Demand'!$C$10) -> 6.4883725
D71: North West | H71: =IF(H41="-","-",H41*'3c Demand'!$C$10) -> 6.5994844
D72: Southern | H72: =IF(H42="-","-",H42*'3c Demand'!$C$10) -> 6.5557245
D73: South East | H73: =IF(H43="-","-",H43*'3c Demand'!$C$10) -> 6.5635012
D74: South Wales | H74: =IF(H44="-","-",H44*'3c Demand'!$C$10) -> 6.478911
D75: Southern Western | H75: =IF(H45="-","-",H45*'3c Demand'!$C$10) -> 6.4541776
D76: Yorkshire | H76: =IF(H46="-","-",H46*'3c Demand'!$C$10) -> 6.5683505
D77: Southern Scotland | H77: =IF(H47="-","-",H47*'3c Demand'!$C$10) -> 6.566284
D78: Northern Scotland | H78: =IF(H48="-","-",H48*'3c Demand'!$C$10) -> 6.5108514
B79: Gas | C79: n/a | H79: =IF(H49="-","-",'3c Demand'!$C$11*H49) -> 10.725433

Sheet 2b COVID Adjustment
B2: COVID Adjustment
B3: This tab shows the calculation of the cap allowance from the COVID related costs.
B4: To update this file, insert rows between the latest cap period of costs and the block of "Final period of costs" cells. This will ensure all formulas are correctly applied without having to change references.
B6: Section 1: Additional COVID costs incurred split by cap period
B7: Source: supplier data
B8: This table shows the input of additional COVID costs per customer account incurred during each cap period. Increment calculations do not take into account inflation. The table provides our latest view of costs in each period of allowance we set. E.g. cells D11:D16 are costs incurred in cap period 4 for inclusion in the allowance set in cap period 6.
B9: The input for this table comes from our analysis of supplier data.
C10: Period of cost | D10: Fuel | E10: Payment method | F10: Costs included in cap 6 | G10: Costs included in cap 7
B11: Additional COVID cost | C11: Cap period 4 | D11: Electricity | E11: Standard Credit | F11: 2.02 | G11: 2.02
B12: Additional COVID cost | C12: Cap period 4 | D12: Electricity | E12: Other | F12: 2.02 | G12: 2.02
B13: Additional COVID cost | C13: Cap period 4 | D13: Electricity | E13: PPM | F13: 0 | G13: 0
B14: Additional COVID cost | C14: Cap period 4 | D14: Gas | E14: Standard Credit | F14: 2.02 | G14: 2.02
B15: Additional COVID cost | C15: Cap period 4 | D15: Gas | E15: Other | F15: 2.02 | G15: 2.02
B16: Additional COVID cost | C16: Cap period 4 | D16: Gas | E16: PPM | F16: 0 | G16: 0
B17: Additional COVID cost | C17: Cap period 5 | D17: Electricity | E17: Standard Credit | F17: 2.41 | G17: 2.41
B18: Additional COVID cost | C18: Cap period 5 | D18: Electricity | E18: Other | F18: 2.41 | G18: 2.41
B19: Additional COVID cost | C19: Cap period 5 | D19: Electricity | E19: PPM | F19: 0 | G19: 0
B20: Additional COVID cost | C20: Cap period 5 | D20: Gas | E20: Standard Credit | F20: 2.41 | G20: 2.41
B21: Additional COVID cost | C21: Cap period 5 | D21: Gas | E21: Other | F21: 2.41 | G21: 2.41
B22: Additional COVID cost | C22: Cap period 5 | D22: Gas | E22: PPM | F22: 0 | G22: 0
... B28: Additional COVID cost | C28: Cap period 6 | D28: Gas | E28: PPM | F28: 0 | G28: 0
B29: Additional COVID cost | C29: Final period of costs | D29: Electricity | E29: Standard Credit
B30: Additional COVID cost | C30: Final period of costs | D30: Electricity | E30: Other
B31: Additional COVID cost | C31: Final period of costs | D31: Electricity | E31: PPM
B32: Additional COVID cost | C32: Final period of costs | D32: Gas | E32: Standard Credit
B33: Additional COVID cost | C33: Final period of costs | D33: Gas | E33: Other
B34: Additional COVID cost | C34: Final period of costs | D34: Gas | E34: PPM
B36: Section 2: Calculating Nil consumption
B37: In this section, we adjust the costs to split them between TDCV and Nil consumption. This determines how much of the costs sit in the standing charge and Unit rate.
B39: The below two tables show the direct debit, GB average cap levels at Nil and TDCV for cap periods 3 and 4.
B40: Electricity cap level | C40: Nil | D40: TDCV
B41: Cap period 3 | C41: ='3f Cap levels'!C9 -> 81.73364 | D41: ='3f Cap levels'!D9 -> 608.87797
B42: Cap period 4 | C42: ='3f Cap levels'!C10 -> 84.764672 | D42: ='3f Cap levels'!D10 -> 610.66271
B44: Gas cap level | C44: Nil | D44: TDCV
B45: Cap period 3 | C45: ='3f Cap levels'!C25 -> 92.858635 | D45: ='3f Cap levels'!D25 -> 513.57545
B46: Cap period 4 | C46: ='3f Cap levels'!C26 -> 95.053517 | D46: ='3f Cap levels'!D26 -> 495.60091
B48: We calculate the dual fuel cap level by summing the gas and electricity cap levels.
B49: Dual fuel cap level | C49: Nil | D49: TDCV
B50: Cap period 3 | C50: =C41+C45 -> 174.59227 | D50: =D41+D45 -> 1122.4534
B51: Cap period 4 | C51: =C42+C46 -> 179.81819 | D51: =D42+D46 -> 1106.2636
B53: We use the dual fuel cap levels at Nil and TDCV to calculate Nil level of the cap as a proportion of TDCV
B54: Dual fuel | C54: Nil level as a percentage of TDCV
B55: Cap period 3 | C55: =C50/D50 -> 0.15554523
B56: Cap period 4 | C56: =C51/D51 -> 0.16254551
B57: Average | C57: =AVERAGE(C55:C56) -> 0.15904537
B60: The below two tables splits the cost inputs from section 1 into Nil and TDCV levels for the allowance.
B61: To calculate nil consumption, we multiply the original inputs by 16% derived from the above tables.
B62: Period of cost | C62: Fuel | D62: Payment method | E62: Benchmark annual consumption | F62: Costs included in cap 6 | G62: Costs included in cap 7
B63: Cap period 4 | C63: Electricity | D63: Standard Credit | E63: Nil | F63: =F11*$C$57 -> 0.32127165 | G63: =G11*$C$57 -> 0.32127165
B64: Cap period 4 | C64: Electricity | D64: Other | E64: Nil | F64: =F12*$C$57 -> 0.32127165 | G64: =G12*$C$57 -> 0.32127165
B65: Cap period 4 | C65: Electricity | D65: PPM | E65: Nil | F65: =F13*$C$57 -> 0 | G65: =G13*$C$57 -> 0
B66: Cap period 4 | C66: Gas | D66: Standard Credit | E66: Nil | F66: =F14*$C$57 -> 0.32127165 | G66: =G14*$C$57 -> 0.32127165
B67: Cap period 4 | C67: Gas | D67: Other | E67: Nil | F67: =F15*$C$57 -> 0.32127165 | G67: =G15*$C$57 -> 0.32127165
B68: Cap period 4 | C68: Gas | D68: PPM | E68: Nil | F68: =F16*$C$57 -> 0 | G68: =G16*$C$57 -> 0
B69: Cap period 5 | C69: Electricity | D69: Standard Credit | E69: Nil | F69: =F17*$C$57 -> 0.38329935 | G69: =G17*$C$57 -> 0.38329935
B70: Cap period 5 | C70: Electricity | D70: Other | E70: Nil | F70: =F18*$C$57 -> 0.38329935 | G70: =G18*$C$57 -> 0.38329935
B71: Cap period 5 | C71: Electricity | D71: PPM | E71: Nil | F71: =F19*$C$57 -> 0 | G71: =G19*$C$57 -> 0
B72: Cap period 5 | C72: Gas | D72: Standard Credit | E72: Nil | F72: =F20*$C$57 -> 0.38329935 | G72: =G20*$C$57 -> 0.38329935
B73: Cap period 5 | C73: Gas | D73: Other | E73: Nil | F73: =F21*$C$57 -> 0.38329935 | G73: =G21*$C$57 -> 0.38329935
B74: Cap period 5 | C74: Gas | D74: PPM | E74: Nil | F74: =F22*$C$57 -> 0 | G74: =G22*$C$57 -> 0
... B80: Cap period 6 | C80: Gas | D80: PPM | E80: Nil | F80: =F28*$C$57 -> 0 | G80: =G28*$C$57 -> 0
B81: Final period of costs | C81: Electricity | D81: Standard Credit | E81: Nil
B82: Final period of costs | C82: Electricity | D82: Other | E82: Nil
B83: Final period of costs | C83: Electricity | D83: PPM | E83: Nil
B84: Final period of costs | C84: Gas | D84: Standard Credit | E84: Nil
B85: Final period of costs | C85: Gas | D85: Other | E85: Nil
B86: Final period of costs | C86: Gas | D86: PPM | E86: Nil
B89: Period of cost | C89: Fuel | D89: Payment method | E89: Benchmark annual consumption | F89: Costs included in cap 6 | G89: Costs included in cap 7
B90: Cap period 4 | C90: Electricity | D90: Standard Credit | E90: TDCV | F90: =F11 -> 2.02 | G90: =G11 -> 2.02
B91: Cap period 4 | C91: Electricity | D91: Other | E91: TDCV | F91: =F12 -> 2.02 | G91: =G12 -> 2.02
B92: Cap period 4 | C92: Electricity | D92: PPM | E92: TDCV | F92: =F13 -> 0 | G92: =G13 -> 0
B93: Cap period 4 | C93: Gas | D93: Standard Credit | E93: TDCV | F93: =F14 -> 2.02 | G93: =G14 -> 2.02
B94: Cap period 4 | C94: Gas | D94: Other | E94: TDCV | F94: =F15 -> 2.02 | G94: =G15 -> 2.02
B95: Cap period 4 | C95: Gas | D95: PPM | E95: TDCV | F95: =F16 -> 0 | G95: =G16 -> 0
B96: Cap period 5 | C96: Electricity | D96: Standard Credit | E96: TDCV | F96: =F17 -> 2.41 | G96: =G17 -> 2.41
B97: Cap period 5 | C97: Electricity | D97: Other | E97: TDCV | F97: =F18 -> 2.41 | G97: =G18 -> 2.41
B98: Cap period 5 | C98: Electricity | D98: PPM | E98: TDCV | F98: =F19 -> 0 | G98: =G19 -> 0
B99: Cap period 5 | C99: Gas | D99: Standard Credit | E99: TDCV | F99: =F20 -> 2.41 | G99: =G20 -> 2.41
B100: Cap period 5 | C100: Gas | D100: Other | E100: TDCV | F100: =F21 -> 2.41 | G100: =G21 -> 2.41
B101: Cap period 5 | C101: Gas | D101: PPM | E101: TDCV | F101: =F22 -> 0 | G101: =G22 -> 0
... B107: Cap period 6 | C107: Gas | D107: PPM | E107: TDCV | F107: =F28 -> 0 | G107: =G28 -> 0
B108: Final period of costs | C108: Electricity | D108: Standard Credit | E108: TDCV
B109: Final period of costs | C109: Electricity | D109: Other | E109: TDCV
B110: Final period of costs | C110: Electricity | D110: PPM | E110: TDCV
B111: Final period of costs | C111: Gas | D111: Standard Credit | E111: TDCV
B112: Final period of costs | C112: Gas | D112: Other | E112: TDCV
B113: Final period of costs | C113: Gas | D113: PPM | E113: TDCV
B115: Check cell: check that the count of Nil consumption rows equals the count of TDCV rows | C115: =COUNTA(B63:B86)=COUNTA(B90:B113) -> TRUE
B116: Section 3: Calculate net TDCV values
B117: In this section we calculate the net TDCV value. This is the amount of costs only in the unit rate and is calculated by subtracting the nil consumption value from the TDCV value.
B119: The following two tables show the Nil consumption value of the costs and the net TDCV value of the costs
B120: Period of cost | C120: Fuel | D120: Payment method | E120: Benchmark annual consumption | F120: Costs included in cap 6 | G120: Costs included in cap 7
B121: Cap period 4 | C121: Electricity | D121: Standard Credit | E121: Nil | F121: =F63 -> 0.32127165 | G121: =G63 -> 0.32127165
B122: Cap period 4 | C122: Electricity | D122: Other | E122: Nil | F122: =F64 -> 0.32127165 | G122: =G64 -> 0.32127165
B123: Cap period 4 | C123: Electricity | D123: PPM | E123: Nil | F123: =F65 -> 0 | G123: =G65 -> 0
B124: Cap period 4 | C124: Gas | D124: Standard Credit | E124: Nil | F124: =F66 -> 0.32127165 | G124: =G66 -> 0.32127165
B125: Cap period 4 | C125: Gas | D125: Other | E125: Nil | F125: =F67 -> 0.32127165 | G125: =G67 -> 0.32127165
B126: Cap period 4 | C126: Gas | D126: PPM | E126: Nil | F126: =F68 -> 0 | G126: =G68 -> 0
B127: Cap period 5 | C127: Electricity | D127: Standard Credit | E127: Nil | F127: =F69 -> 0.38329935 | G127: =G69 -> 0.38329935
B128: Cap period 5 | C128: Electricity | D128: Other | E128: Nil | F128: =F70 -> 0.38329935 | G128: =G70 -> 0.38329935
...

Sheet 2c AWC adjustment
B2: Additional Wholesale Cost Adjustment
B3: This tab shows the calculation of the cap allowance from additional wholesale costs. We adjust the benchmark unexpected SVT demand costs input in sheet 3h for regional electricity losses and unidentified gas. These values are fed into the respective cells in sheet 1a Adjustment Allowance. We use electricity losses and unidentified gas relating to cap period eight. This is because we consider it more accurate to apply the losses/unidentified gas adjustment to reflect the costs of the additional energy suppliers needed to buy in that cap period.
B7: Fuel | C7: Payment Method | D7: Benchmark Metering Arrangement | E7: Charge Restriction Region | F7: Unit | G7: 28AD Charge Restriction Period: | I7: October 2022 - March 2023 | J7: April 2023 - September 2023
B10: 1. Unexpected SVT demand costs
B11: Electricity | C11: Non-PPM | F11: £ per customer per year | I11: ='3h Unexpected SVT demand costs'!$C$9 -> 15.570075 | J11: ='3h Unexpected SVT demand costs'!$C$9 -> 15.570075
B12: Gas | C12: Non-PPM | F12: £ per customer per year | I12: ='3h Unexpected SVT demand costs'!$C$14 -> 23.379171 | J12: ='3h Unexpected SVT demand costs'!$C$14 -> 23.379171
B13: 2. Apply regional electricity losses and unidentified gas uplift
B14: Electricity | C14: Non-PPM | D14: Single-Rate Metering Arrangement | E14: Eastern | F14: £ per customer per year | I14: =$I$11*'3d Electricity losses'!$V11 -> 17.183798 | J14: =$J$11*'3d Electricity losses'!$V11 -> 17.183798
E15: East Midlands | I15: =$I$11*'3d Electricity losses'!$V12 -> 16.872591 | J15: =$J$11*'3d Electricity losses'!$V12 -> 16.872591
E16: London | I16: =$I$11*'3d Electricity losses'!$V13 -> 17.403112 | J16: =$J$11*'3d Electricity losses'!$V13 -> 17.403112
E17: N Wales and Mersey | I17: =$I$11*'3d Electricity losses'!$V14 -> 17.600268 | J17: =$J$11*'3d Electricity losses'!$V14 -> 17.600268
E18: Midlands | I18: =$I$11*'3d Electricity losses'!$V15 -> 17.211466 | J18: =$J$11*'3d Electricity losses'!$V15 -> 17.211466
E19: Northern | I19: =$I$11*'3d Electricity losses'!$V16 -> 16.701862 | J19: =$J$11*'3d Electricity losses'!$V16 -> 16.701862
E20: North West | I20: =$I$11*'3d Electricity losses'!$V17 -> 16.970746 | J20: =$J$11*'3d Electricity losses'!$V17 -> 16.970746
E21: Southern | I21: =$I$11*'3d Electricity losses'!$V18 -> 17.162711 | J21: =$J$11*'3d Electricity losses'!$V18 -> 17.162711
E22: South East | I22: =$I$11*'3d Electricity losses'!$V19 -> 17.193927 | J22: =$J$11*'3d Electricity losses'!$V19 -> 17.193927
E23: South Wales | I23: =$I$11*'3d Electricity losses'!$V20 -> 17.094261 | J23: =$J$11*'3d Electricity losses'!$V20 -> 17.094261
E24: Southern Western | I24: =$I$11*'3d Electricity losses'!$V21 -> 16.927381 | J24: =$J$11*'3d Electricity losses'!$V21 -> 16.927381
E25: Yorkshire | I25: =$I$11*'3d Electricity losses'!$V22 -> 17.074944 | J25: =$J$11*'3d Electricity losses'!$V22 -> 17.074944
E26: Southern Scotland | I26: =$I$11*'3d Electricity losses'!$V23 -> 17.261449 | J26: =$J$11*'3d Electricity losses'!$V23 -> 17.261449
E27: Northern Scotland | I27: =$I$11*'3d Electricity losses'!$V24 -> 16.856972 | J27: =$J$11*'3d Electricity losses'!$V24 -> 16.856972
D28: Multi-Register Metering Arrangement | E28: Eastern | I28: =$I$11*'3d Electricity losses'!$V25 -> 17.141286 | J28: =$J$11*'3d Electricity losses'!$V25 -> 17.141286
E29: East Midlands | I29: =$I$11*'3d Electricity losses'!$V26 -> 16.86331 | J29: =$J$11*'3d Electricity losses'!$V26 -> 16.86331
E30: London | I30: =$I$11*'3d Electricity losses'!$V27 -> 17.345648 | J30: =$J$11*'3d Electricity losses'!$V27 -> 17.345648
E31: N Wales and Mersey | I31: =$I$11*'3d Electricity losses'!$V28 -> 17.52207 | J31: =$J$11*'3d Electricity losses'!$V28 -> 17.52207
E32: Midlands | I32: =$I$11*'3d Electricity losses'!$V29 -> 17.191792 | J32: =$J$11*'3d Electricity losses'!$V29 -> 17.191792
E33: Northern | I33: =$I$11*'3d Electricity losses'!$V30 -> 16.681679 | J33: =$J$11*'3d Electricity losses'!$V30 -> 16.681679
E34: North West | I34: =$I$11*'3d Electricity losses'!$V31 -> 16.941039 | J34: =$J$11*'3d Electricity losses'!$V31 -> 16.941039
E35: Southern | I35: =$I$11*'3d Electricity losses'!$V32 -> 17.153835 | J35: =$J$11*'3d Electricity losses'!$V32 -> 17.153835
E36: South East | I36: =$I$11*'3d Electricity losses'!$V33 -> 17.15192 | J36: =$J$11*'3d Electricity losses'!$V33 -> 17.15192
E37: South Wales | I37: =$I$11*'3d Electricity losses'!$V34 -> 17.100059 | J37: =$J$11*'3d Electricity losses'!$V34 -> 17.100059
E38: Southern Western | I38: =$I$11*'3d Electricity losses'!$V35 -> 16.937051 | J38: =$J$11*'3d Electricity losses'!$V35 -> 16.937051
E39: Yorkshire | I39: =$I$11*'3d Electricity losses'!$V36 -> 17.028705 | J39: =$J$11*'3d Electricity losses'!$V36 -> 17.028705
E40: Southern Scotland | I40: =$I$11*'3d Electricity losses'!$V37 -> 17.197801 | J40: =$J$11*'3d Electricity losses'!$V37 -> 17.197801
E41: Northern Scotland | I41: =$I$11*'3d Electricity losses'!$V38 -> 16.861082 | J41: =$J$11*'3d Electricity losses'!$V38 -> 16.861082
B42: Gas | C42: Non-PPM | D42: n/a | F42: £ per customer per year | I42: =$I$12*(1+'3g UIG'!$B$10) -> 23.804672 | J42: =$J$12*(1+'3g UIG'!$B$10) -> 23.804672

Sheet 2d Backwardation adjustment
B2: Backwardation Adjustment (P7)
B3: This tab shows the calculation of the cap allowance from backwardation costs. We adjust the backwardation costs (P7) in sheet 3i for regional electricity losses and unidentified gas. These values are fed into the respective cells in sheet 1a Adjustment Allowance. We use electricity losses and unidentified gas relating to cap period eight. This is because we use cap period eight electricity losses and unidentified gas to uplift the initial cap period seven adjustment, therefore we want to maintain the consistency between the two adjustments
B7: Fuel | C7: Payment Method | D7: Benchmark Metering Arrangement | E7: Charge Restriction Region | F7: Unit | G7: 28AD Charge Restriction Period: | I7: October 2022 - March 2023 | J7: April 2023 - September 2023
B10: 1. Unexpected SVT demand costs
B11: Electricity | F11: £ per customer per year | I11: ='3i Backwardation (P7)'!$C$9 -> 3.3019561 | J11: ='3i Backwardation (P7)'!$C$9 -> 3.3019561
B12: Gas | F12: £ per customer per year | I12: ='3i Backwardation (P7)'!$C$14 -> 2.8234858 | J12: ='3i Backwardation (P7)'!$C$14 -> 2.8234858
B13: 2. Apply regional electricity losses and unidentified gas uplift
B14: Electricity | D14: Single-Rate Metering Arrangement | E14: Eastern | F14: £ per customer per year | I14: =$I$11*'3d Electricity losses'!$V11 -> 3.6441792 | J14: =$J$11*'3d Electricity losses'!$V11 -> 3.6441792
E15: East Midlands | I15: =$I$11*'3d Electricity losses'!$V12 -> 3.5781814 | J15: =$J$11*'3d Electricity losses'!$V12 -> 3.5781814
E16: London | I16: =$I$11*'3d Electricity losses'!$V13 -> 3.6906893 | J16: =$J$11*'3d Electricity losses'!$V13 -> 3.6906893
E17: N Wales and Mersey | I17: =$I$11*'3d Electricity losses'!$V14 -> 3.7325003 | J17: =$J$11*'3d Electricity losses'!$V14 -> 3.7325003
E18: Midlands | I18: =$I$11*'3d Electricity losses'!$V15 -> 3.6500469 | J18: =$J$11*'3d Electricity losses'!$V15 -> 3.6500469
E19: Northern | I19: =$I$11*'3d Electricity losses'!$V16 -> 3.5419749 | J19: =$J$11*'3d Electricity losses'!$V16 -> 3.5419749
E20: North West | I20: =$I$11*'3d Electricity losses'!$V17 -> 3.5989973 | J20: =$J$11*'3d Electricity losses'!$V17 -> 3.5989973
E21: Southern | I21: =$I$11*'3d Electricity losses'!$V18 -> 3.6397073 | J21: =$J$11*'3d Electricity losses'!$V18 -> 3.6397073
E22: South East | I22: =$I$11*'3d Electricity losses'!$V19 -> 3.6463274 | J22: =$J$11*'3d Electricity losses'!$V19 -> 3.6463274
E23: South Wales | I23: =$I$11*'3d Electricity losses'!$V20 -> 3.6251911 | J23: =$J$11*'3d Electricity losses'!$V20 -> 3.6251911
E24: Southern Western | I24: =$I$11*'3d Electricity losses'!$V21 -> 3.5898009 | J24: =$J$11*'3d Electricity losses'!$V21 -> 3.5898009
E25: Yorkshire | I25: =$I$11*'3d Electricity losses'!$V22 -> 3.6210946 | J25: =$J$11*'3d Electricity losses'!$V22 -> 3.6210946
E26: Southern Scotland | I26: =$I$11*'3d Electricity losses'!$V23 -> 3.6606468 | J26: =$J$11*'3d Electricity losses'!$V23 -> 3.6606468
E27: Northern Scotland | I27: =$I$11*'3d Electricity losses'!$V24 -> 3.574869 | J27: =$J$11*'3d Electricity losses'!$V24 -> 3.574869
D28: Multi-Register Metering Arrangement | E28: Eastern | I28: =$I$11*'3d Electricity losses'!$V25 -> 3.6351637 | J28: =$J$11*'3d Electricity losses'!$V25 -> 3.6351637
E29: East Midlands | I29: =$I$11*'3d Electricity losses'!$V26 -> 3.5762132 | J29: =$J$11*'3d Electricity losses'!$V26 -> 3.5762132
E30: London | I30: =$I$11*'3d Electricity losses'!$V27 -> 3.6785029 | J30: =$J$11*'3d Electricity losses'!$V27 -> 3.6785029
E31: N Wales and Mersey | I31: =$I$11*'3d Electricity losses'!$V28 -> 3.7159169 | J31: =$J$11*'3d Electricity losses'!$V28 -> 3.7159169
E32: Midlands | I32: =$I$11*'3d Electricity losses'!$V29 -> 3.6458747 | J32: =$J$11*'3d Electricity losses'!$V29 -> 3.6458747
E33: Northern | I33: =$I$11*'3d Electricity losses'!$V30 -> 3.5376947 | J33: =$J$11*'3d Electricity losses'!$V30 -> 3.5376947
E34: North West | I34: =$I$11*'3d Electricity losses'!$V31 -> 3.5926972 | J34: =$J$11*'3d Electricity losses'!$V31 -> 3.5926972
E35: Southern | I35: =$I$11*'3d Electricity losses'!$V32 -> 3.6378251 | J35: =$J$11*'3d Electricity losses'!$V32 -> 3.6378251
E36: South East | I36: =$I$11*'3d Electricity losses'!$V33 -> 3.637419 | J36: =$J$11*'3d Electricity losses'!$V33 -> 3.637419
E37: South Wales | I37: =$I$11*'3d Electricity losses'!$V34 -> 3.6264207 | J37: =$J$11*'3d Electricity losses'!$V34 -> 3.6264207
E38: Southern Western | I38: =$I$11*'3d Electricity losses'!$V35 -> 3.5918516 | J38: =$J$11*'3d Electricity losses'!$V35 -> 3.5918516
E39: Yorkshire | I39: =$I$11*'3d Electricity losses'!$V36 -> 3.6112886 | J39: =$J$11*'3d Electricity losses'!$V36 -> 3.6112886
E40: Southern Scotland | I40: =$I$11*'3d Electricity losses'!$V37 -> 3.6471489 | J40: =$J$11*'3d Electricity losses'!$V37 -> 3.6471489
E41: Northern Scotland | I41: =$I$11*'3d Electricity losses'!$V38 -> 3.5757407 | J41: =$J$11*'3d Electricity losses'!$V38 -> 3.5757407
B42: Gas | C42: Non-PPM | D42: n/a | F42: £ per customer per year | I42: =$I$12*(1+'3g UIG'!$B$10) -> 2.8748733 | J42: =$J$12*(1+'3g UIG'!$B$10) -> 2.8748733
B43: Gas | C43: PPM | D43: n/a | F43: £ per customer per year | I43: =$I$12*(1+'3g UIG'!$C$10) -> 2.97426 | J43: =$J$12*(1+'3g UIG'!$C$10) -> 2.97426

Sheet 2e COVID true-up adjustment
B2: COVID true-up adjustment
B3: This tab shows the calculation to true-up initial float provided for additional debt-related costs during COVID-19. It also shows how we take into account inflation and changes in default tariff customers.
B5: Section 1: Additional COVID-19 costs incurred split by cap period
B6: Source: Tab 3j Additional COVID-19 costs
B7: The input for this table comes from our analysis of suppliers' RFI data.
B8: The tables below show the final additional bad debt, debt-related administrative and working capital costs due to COVID-19 in cap periods 4-7, for each cap period (10a-11b) in nominal prices.
B9: Additional COVID-19 cost | C9: Period of cost | D9: Fuel | E9: Payment method | F9: Costs included in cap 10a | G9: Costs included in cap 10b | H9: Costs included in cap 11a | I9: Costs included in cap 11b
B10: Bad debt | C10: Cap period 4 | D10: Electricity | E10: Standard Credit | F10: ='3j Additional COVID-19 costs'!E7 -> 3.2476245 | G10: ='3j Additional COVID-19 costs'!F7 -> 3.2476245 | H10: ='3j Additional COVID-19 costs'!G7 -> 3.2476245 | I10: ='3j Additional COVID-19 costs'!H7 -> 3.2476245
B11: Bad debt | C11: Cap period 4 | D11: Electricity | E11: Other | F11: ='3j Additional COVID-19 costs'!E8 -> 3.2476245 | G11: ='3j Additional COVID-19 costs'!F8 -> 3.2476245 | H11: ='3j Additional COVID-19 costs'!G8 -> 3.2476245 | I11: ='3j Additional COVID-19 costs'!H8 -> 3.2476245
B12: Bad debt | C12: Cap period 4 | D12: Electricity | E12: PPM | F12: ='3j Additional COVID-19 costs'!E9 -> 0 | G12: ='3j Additional COVID-19 costs'!F9 -> 0 | H12: ='3j Additional COVID-19 costs'!G9 -> 0 | I12: ='3j Additional COVID-19 costs'!H9 -> 0
B13: Bad debt | C13: Cap period 4 | D13: Gas | E13: Standard Credit | F13: ='3j Additional COVID-19 costs'!E10 -> 3.2476245 | G13: ='3j Additional COVID-19 costs'!F10 -> 3.2476245 | H13: ='3j Additional COVID-19 costs'!G10 -> 3.2476245 | I13: ='3j Additional COVID-19 costs'!H10 -> 3.2476245
B14: Bad debt | C14: Cap period 4 | D14: Gas | E14: Other | F14: ='3j Additional COVID-19 costs'!E11 -> 3.2476245 | G14: ='3j Additional COVID-19 costs'!F11 -> 3.2476245 | H14: ='3j Additional COVID-19 costs'!G11 -> 3.2476245 | I14: ='3j Additional COVID-19 costs'!H11 -> 3.2476245
B15: Bad debt | C15: Cap period 4 | D15: Gas | E15: PPM | F15: ='3j Additional COVID-19 costs'!E12 -> 0 | G15: ='3j Additional COVID-19 costs'!F12 -> 0 | H15: ='3j Additional COVID-19 costs'!G12 -> 0 | I15: ='3j Additional COVID-19 costs'!H12 -> 0
B16: Bad debt | C16: Cap period 5 | D16: Electricity | E16: Standard Credit | F16: ='3j Additional COVID-19 costs'!E13 -> 3.7304963 | G16: ='3j Additional COVID-19 costs'!F13 -> 3.7304963 | H16: ='3j Additional COVID-19 costs'!G13 -> 3.7304963 | I16: ='3j Additional COVID-19 costs'!H13 -> 3.7304963
B17: Bad debt | C17: Cap period 5 | D17: Electricity | E17: Other | F17: ='3j Additional COVID-19 costs'!E14 -> 3.7304963 | G17: ='3j Additional COVID-19 costs'!F14 -> 3.7304963 | H17: ='3j Additional COVID-19 costs'!G14 -> 3.7304963 | I17: ='3j Additional COVID-19 costs'!H14 -> 3.7304963
B18: Bad debt | C18: Cap period 5 | D18: Electricity | E18: PPM | F18: ='3j Additional COVID-19 costs'!E15 -> 0 | G18: ='3j Additional COVID-19 costs'!F15 -> 0 | H18: ='3j Additional COVID-19 costs'!G15 -> 0 | I18: ='3j Additional COVID-19 costs'!H15 -> 0
B19: Bad debt | C19: Cap period 5 | D19: Gas | E19: Standard Credit | F19: ='3j Additional COVID-19 costs'!E16 -> 3.7304963 | G19: ='3j Additional COVID-19 costs'!F16 -> 3.7304963 | H19: ='3j Additional COVID-19 costs'!G16 -> 3.7304963 | I19: ='3j Additional COVID-19 costs'!H16 -> 3.7304963
B20: Bad debt | C20: Cap period 5 | D20: Gas | E20: Other | F20: ='3j Additional COVID-19 costs'!E17 -> 3.7304963 | G20: ='3j Additional COVID-19 costs'!F17 -> 3.7304963 | H20: ='3j Additional COVID-19 costs'!G17 -> 3.7304963 | I20: ='3j Additional COVID-19 costs'!H17 -> 3.7304963
B21: Bad debt | C21: Cap period 5 | D21: Gas | E21: PPM | F21: ='3j Additional COVID-19 costs'!E18 -> 0 | G21: ='3j Additional COVID-19 costs'!F18 -> 0 | H21: ='3j Additional COVID-19 costs'!G18 -> 0 | I21: ='3j Additional COVID-19 costs'!H18 -> 0
... B33: Bad debt | C33: Cap period 7 | D33: Gas | E33: PPM | F33: ='3j Additional COVID-19 costs'!E30 -> 0 | G33: ='3j Additional COVID-19 costs'!F30 -> 0 | H33: ='3j Additional COVID-19 costs'!G30 -> 0 | I33: ='3j Additional COVID-19 costs'!H30 -> 0
B35: Additional COVID-19 cost | C35: Period of cost | D35: Fuel | E35: Payment method | F35: Costs included in cap 10a | G35: Costs included in cap 10b | H35: Costs included in cap 11a | I35: Costs included in cap 11b
B36: Debt-related administrative cost | C36: Cap period 4 | D36: Electricity | E36: Standard Credit | F36: ='3j Additional COVID-19 costs'!E33 -> -0.4744148 | G36: ='3j Additional COVID-19 costs'!F33 -> -0.4744148 | H36: ='3j Additional COVID-19 costs'!G33 -> -0.4744148 | I36: ='3j Additional COVID-19 costs'!H33 -> -0.4744148
B37: Debt-related administrative cost | C37: Cap period 4 | D37: Electricity | E37: Other | F37: ='3j Additional COVID-19 costs'!E34 -> -0.4744148 | G37: ='3j Additional COVID-19 costs'!F34 -> -0.4744148 | H37: ='3j Additional COVID-19 costs'!G34 -> -0.4744148 | I37: ='3j Additional COVID-19 costs'!H34 -> -0.4744148
B38: Debt-related administrative cost | C38: Cap period 4 | D38: Electricity | E38: PPM | F38: ='3j Additional COVID-19 costs'!E35 -> 0 | G38: ='3j Additional COVID-19 costs'!F35 -> 0 | H38: ='3j Additional COVID-19 costs'!G35 -> 0 | I38: ='3j Additional COVID-19 costs'!H35 -> 0
B39: Debt-related administrative cost | C39: Cap period 4 | D39: Gas | E39: Standard Credit | F39: ='3j Additional COVID-19 costs'!E36 -> -0.4744148 | G39: ='3j Additional COVID-19 costs'!F36 -> -0.4744148 | H39: ='3j Additional COVID-19 costs'!G36 -> -0.4744148 | I39: ='3j Additional COVID-19 costs'!H36 -> -0.4744148
B40: Debt-related administrative cost | C40: Cap period 4 | D40: Gas | E40: Other | F40: ='3j Additional COVID-19 costs'!E37 -> -0.4744148 | G40: ='3j Additional COVID-19 costs'!F37 -> -0.4744148 | H40: ='3j Additional COVID-19 costs'!G37 -> -0.4744148 | I40: ='3j Additional COVID-19 costs'!H37 -> -0.4744148
B41: Debt-related administrative cost | C41: Cap period 4 | D41: Gas | E41: PPM | F41: ='3j Additional COVID-19 costs'!E38 -> 0 | G41: ='3j Additional COVID-19 costs'!F38 -> 0 | H41: ='3j Additional COVID-19 costs'!G38 -> 0 | I41: ='3j Additional COVID-19 costs'!H38 -> 0
B42: Debt-related administrative cost | C42: Cap period 5 | D42: Electricity | E42: Standard Credit | F42: ='3j Additional COVID-19 costs'!E39 -> -0.067801596 | G42: ='3j Additional COVID-19 costs'!F39 -> -0.067801596 | H42: ='3j Additional COVID-19 costs'!G39 -> -0.067801596 | I42: ='3j Additional COVID-19 costs'!H39 -> -0.067801596
B43: Debt-related administrative cost | C43: Cap period 5 | D43: Electricity | E43: Other | F43: ='3j Additional COVID-19 costs'!E40 -> -0.067801596 | G43: ='3j Additional COVID-19 costs'!F40 -> -0.067801596 | H43: ='3j Additional COVID-19 costs'!G40 -> -0.067801596 | I43: ='3j Additional COVID-19 costs'!H40 -> -0.067801596
B44: Debt-related administrative cost | C44: Cap period 5 | D44: Electricity | E44: PPM | F44: ='3j Additional COVID-19 costs'!E41 -> 0 | G44: ='3j Additional COVID-19 costs'!F41 -> 0 | H44: ='3j Additional COVID-19 costs'!G41 -> 0 | I44: ='3j Additional COVID-19 costs'!H41 -> 0
B45: Debt-related administrative cost | C45: Cap period 5 | D45: Gas | E45: Standard Credit | F45: ='3j Additional COVID-19 costs'!E42 -> -0.067801596 | G45: ='3j Additional COVID-19 costs'!F42 -> -0.067801596 | H45: ='3j Additional COVID-19 costs'!G42 -> -0.067801596 | I45: ='3j Additional COVID-19 costs'!H42 -> -0.067801596
B46: Debt-related administrative cost | C46: Cap period 5 | D46: Gas | E46: Other | F46: ='3j Additional COVID-19 costs'!E43 -> -0.067801596 | G46: ='3j Additional COVID-19 costs'!F43 -> -0.067801596 | H46: ='3j Additional COVID-19 costs'!G43 -> -0.067801596 | I46: ='3j Additional COVID-19 costs'!H43 -> -0.067801596
B47: Debt-related administrative cost | C47: Cap period 5 | D47: Gas | E47: PPM | F47: ='3j Additional COVID-19 costs'!E44 -> 0 | G47: ='3j Additional COVID-19 costs'!F44 -> 0 | H47: ='3j Additional COVID-19 costs'!G44 -> 0 | I47: ='3j Additional COVID-19 costs'!H44 -> 0
... B59: Debt-related administrative cost | C59: Cap period 7 | D59: Gas | E59: PPM | F59: ='3j Additional COVID-19 costs'!E56 -> 0 | G59: ='3j Additional COVID-19 costs'!F56 -> 0 | H59: ='3j Additional COVID-19 costs'!G56 -> 0 | I59: ='3j Additional COVID-19 costs'!H56 -> 0
B61: Additional COVID-19 cost | C61: Period of cost | D61: Fuel | E61: Payment method | F61: Costs included in cap 10a | G61: Costs included in cap 10b | H61: Costs included in cap 11a | I61: Costs included in cap 11b
B62: Working capital | C62: Cap period 4 | D62: Electricity | E62: Standard Credit | F62: ='3j Additional COVID-19 costs'!E59 -> 0.86537765 | G62: ='3j Additional COVID-19 costs'!F59 -> 0.86537765 | H62: ='3j Additional COVID-19 costs'!G59 -> 0.86537765 | I62: ='3j Additional COVID-19 costs'!H59 -> 0.86537765
B63: Working capital | C63: Cap period 4 | D63: Electricity | E63: Other | F63: ='3j Additional COVID-19 costs'!E60 -> 0.86537765 | G63: ='3j Additional COVID-19 costs'!F60 -> 0.86537765 | H63: ='3j Additional COVID-19 costs'!G60 -> 0.86537765 | I63: ='3j Additional COVID-19 costs'!H60 -> 0.86537765
B64: Working capital | C64: Cap period 4 | D64: Electricity | E64: PPM | F64: ='3j Additional COVID-19 costs'!E61 -> 0 | G64: ='3j Additional COVID-19 costs'!F61 -> 0 | H64: ='3j Additional COVID-19 costs'!G61 -> 0 | I64: ='3j Additional COVID-19 costs'!H61 -> 0
B65: Working capital | C65: Cap period 4 | D65: Gas | E65: Standard Credit | F65: ='3j Additional COVID-19 costs'!E62 -> 0.86537765 | G65: ='3j Additional COVID-19 costs'!F62 -> 0.86537765 | H65: ='3j Additional COVID-19 costs'!G62 -> 0.86537765 | I65: ='3j Additional COVID-19 costs'!H62 -> 0.86537765
B66: Working capital | C66: Cap period 4 | D66: Gas | E66: Other | F66: ='3j Additional COVID-19 costs'!E63 -> 0.86537765 | G66: ='3j Additional COVID-19 costs'!F63 -> 0.86537765 | H66: ='3j Additional COVID-19 costs'!G63 -> 0.86537765 | I66: ='3j Additional COVID-19 costs'!H63 -> 0.86537765
B67: Working capital | C67: Cap period 4 | D67: Gas | E67: PPM | F67: ='3j Additional COVID-19 costs'!E64 -> 0 | G67: ='3j Additional COVID-19 costs'!F64 -> 0 | H67: ='3j Additional COVID-19 costs'!G64 -> 0 | I67: ='3j Additional COVID-19 costs'!H64 -> 0
B68: Working capital | C68: Cap period 5 | D68: Electricity | E68: Standard Credit | F68: ='3j Additional COVID-19 costs'!E65 -> 1.3743623 | G68: ='3j Additional COVID-19 costs'!F65 -> 1.3743623 | H68: ='3j Additional COVID-19 costs'!G65 -> 1.3743623 | I68: ='3j Additional COVID-19 costs'!H65 -> 1.3743623
B69: Working capital | C69: Cap period 5 | D69: Electricity | E69: Other | F69: ='3j Additional COVID-19 costs'!E66 -> 1.3743623 | G69: ='3j Additional COVID-19 costs'!F66 -> 1.3743623 | H69: ='3j Additional COVID-19 costs'!G66 -> 1.3743623 | I69: ='3j Additional COVID-19 costs'!H66 -> 1.3743623
B70: Working capital | C70: Cap period 5 | D70: Electricity | E70: PPM | F70: ='3j Additional COVID-19 costs'!E67 -> 0 | G70: ='3j Additional COVID-19 costs'!F67 -> 0 | H70: ='3j Additional COVID-19 costs'!G67 -> 0 | I70: ='3j Additional COVID-19 costs'!H67 -> 0
B71: Working capital | C71: Cap period 5 | D71: Gas | E71: Standard Credit | F71: ='3j Additional COVID-19 costs'!E68 -> 1.3743623 | G71: ='3j Additional COVID-19 costs'!F68 -> 1.3743623 | H71: ='3j Additional COVID-19 costs'!G68 -> 1.3743623 | I71: ='3j Additional COVID-19 costs'!H68 -> 1.3743623
B72: Working capital | C72: Cap period 5 | D72: Gas | E72: Other | F72: ='3j Additional COVID-19 costs'!E69 -> 1.3743623 | G72: ='3j Additional COVID-19 costs'!F69 -> 1.3743623 | H72: ='3j Additional COVID-19 costs'!G69 -> 1.3743623 | I72: ='3j Additional COVID-19 costs'!H69 -> 1.3743623
B73: Working capital | C73: Cap period 5 | D73: Gas | E73: PPM | F73: ='3j Additional COVID-19 costs'!E70 -> 0 | G73: ='3j Additional COVID-19 costs'!F70 -> 0 | H73: ='3j Additional COVID-19 costs'!G70 -> 0 | I73: ='3j Additional COVID-19 costs'!H70 -> 0
... B85: Working capital | C85: Cap period 7 | D85: Gas | E85: PPM | F85: ='3j Additional COVID-19 costs'!E82 -> 0 | G85: ='3j Additional COVID-19 costs'!F82 -> 0 | H85: ='3j Additional COVID-19 costs'!G82 -> 0 | I85: ='3j Additional COVID-19 costs'!H82 -> 0
B87: Section 2: Removing EBIT uplift from working capital
B88: This section removes the EBIT uplift (using the EBIT margin percentage) from the final additional COVID-19 working capital in cap periods 4-7, for each cap period (10a-11b)
B90: Fuel | C90: EBIT margin percentage
B91: Electricity | C91: 0.019368
B92: Gas | C92: 0.019368
B93: Source: Default tariff cap model: 1 January 2023 to 31 March 2023 (tab '3k EBIT')
B95: Additional COVID-19 cost | C95: Period of cost | D95: Fuel | E95: Payment method | F95: Costs included in cap 10a | G95: Costs included in cap 10b | H95: Costs included in cap 11a | I95: Costs included in cap 11b
B96: Working capital | C96: Cap period 4 | D96: Electricity | E96: Standard Credit | F96: {=F62/(1+INDEX($C$91:$C$92,MATCH(1,($D96=$B$91:$B$92)*($D96=$B$91:$B$92),0)))} -> 0.84893547 | G96: {=G62/(1+INDEX($C$91:$C$92,MATCH(1,($D96=$B$91:$B$92)*($D96=$B$91:$B$92),0)))} -> 0.84893547 | H96: {=H62/(1+INDEX($C$91:$C$92,MATCH(1,($D96=$B$91:$B$92)*($D96=$B$91:$B$92),0)))} -> 0.84893547 | I96: {=I62/(1+INDEX($C$91:$C$92,MATCH(1,($D96=$B$91:$B$92)*($D96=$B$91:$B$92),0)))} -> 0.84893547
B97: Working capital | C97: Cap period 4 | D97: Electricity | E97: Other | F97: {=F63/(1+INDEX($C$91:$C$92,MATCH(1,($D97=$B$91:$B$92)*($D97=$B$91:$B$92),0)))} -> 0.84893547 | G97: {=G63/(1+INDEX($C$91:$C$92,MATCH(1,($D97=$B$91:$B$92)*($D97=$B$91:$B$92),0)))} -> 0.84893547 | H97: {=H63/(1+INDEX($C$91:$C$92,MATCH(1,($D97=$B$91:$B$92)*($D97=$B$91:$B$92),0)))} -> 0.84893547 | I97: {=I63/(1+INDEX($C$91:$C$92,MATCH(1,($D97=$B$91:$B$92)*($D97=$B$91:$B$92),0)))} -> 0.84893547
B98: Working capital | C98: Cap period 4 | D98: Electricity | E98: PPM | F98: {=F64/(1+INDEX($C$91:$C$92,MATCH(1,($D98=$B$91:$B$92)*($D98=$B$91:$B$92),0)))} -> 0 | G98: {=G64/(1+INDEX($C$91:$C$92,MATCH(1,($D98=$B$91:$B$92)*($D98=$B$91:$B$92),0)))} -> 0 | H98: {=H64/(1+INDEX($C$91:$C$92,MATCH(1,($D98=$B$91:$B$92)*($D98=$B$91:$B$92),0)))} -> 0 | I98: {=I64/(1+INDEX($C$91:$C$92,MATCH(1,($D98=$B$91:$B$92)*($D98=$B$91:$B$92),0)))} -> 0
B99: Working capital | C99: Cap period 4 | D99: Gas | E99: Standard Credit | F99: {=F65/(1+INDEX($C$91:$C$92,MATCH(1,($D99=$B$91:$B$92)*($D99=$B$91:$B$92),0)))} -> 0.84893547 | G99: {=G65/(1+INDEX($C$91:$C$92,MATCH(1,($D99=$B$91:$B$92)*($D99=$B$91:$B$92),0)))} -> 0.84893547 | H99: {=H65/(1+INDEX($C$91:$C$92,MATCH(1,($D99=$B$91:$B$92)*($D99=$B$91:$B$92),0)))} -> 0.84893547 | I99: {=I65/(1+INDEX($C$91:$C$92,MATCH(1,($D99=$B$91:$B$92)*($D99=$B$91:$B$92),0)))} -> 0.84893547
B100: Working capital | C100: Cap period 4 | D100: Gas | E100: Other | F100: {=F66/(1+INDEX($C$91:$C$92,MATCH(1,($D100=$B$91:$B$92)*($D100=$B$91:$B$92),0)))} -> 0.84893547 | G100: {=G66/(1+INDEX($C$91:$C$92,MATCH(1,($D100=$B$91:$B$92)*($D100=$B$91:$B$92),0)))} -> 0.84893547 | H100: {=H66/(1+INDEX($C$91:$C$92,MATCH(1,($D100=$B$91:$B$92)*($D100=$B$91:$B$92),0)))} -> 0.84893547 | I100: {=I66/(1+INDEX($C$91:$C$92,MATCH(1,($D100=$B$91:$B$92)*($D100=$B$91:$B$92),0)))} -> 0.84893547
B101: Working capital | C101: Cap period 4 | D101: Gas | E101: PPM | F101: {=F67/(1+INDEX($C$91:$C$92,MATCH(1,($D101=$B$91:$B$92)*($D101=$B$91:$B$92),0)))} -> 0 | G101: {=G67/(1+INDEX($C$91:$C$92,MATCH(1,($D101=$B$91:$B$92)*($D101=$B$91:$B$92),0)))} -> 0 | H101: {=H67/(1+INDEX($C$91:$C$92,MATCH(1,($D101=$B$91:$B$92)*($D101=$B$91:$B$92),0)))} -> 0 | I101: {=I67/(1+INDEX($C$91:$C$92,MATCH(1,($D101=$B$91:$B$92)*($D101=$B$91:$B$92),0)))} -> 0
B102: Working capital | C102: Cap period 5 | D102: Electricity | E102: Standard Credit | F102: {=F68/(1+INDEX($C$91:$C$92,MATCH(1,($D102=$B$91:$B$92)*($D102=$B$91:$B$92),0)))} -> 1.3482494 | G102: {=G68/(1+INDEX($C$91:$C$92,MATCH(1,($D102=$B$91:$B$92)*($D102=$B$91:$B$92),0)))} -> 1.3482494 | H102: {=H68/(1+INDEX($C$91:$C$92,MATCH(1,($D102=$B$91:$B$92)*($D102=$B$91:$B$92),0)))} -> 1.3482494 | I102: {=I68/(1+INDEX($C$91:$C$92,MATCH(1,($D102=$B$91:$B$92)*($D102=$B$91:$B$92),0)))} -> 1.3482494
B103: Working capital | C103: Cap period 5 | D103: Electricity | E103: Other | F103: {=F69/(1+INDEX($C$91:$C$92,MATCH(1,($D103=$B$91:$B$92)*($D103=$B$91:$B$92),0)))} -> 1.3482494 | G103: {=G69/(1+INDEX($C$91:$C$92,MATCH(1,($D103=$B$91:$B$92)*($D103=$B$91:$B$92),0)))} -> 1.3482494 | H103: {=H69/(1+INDEX($C$91:$C$92,MATCH(1,($D103=$B$91:$B$92)*($D103=$B$91:$B$92),0)))} -> 1.3482494 | I103: {=I69/(1+INDEX($C$91:$C$92,MATCH(1,($D103=$B$91:$B$92)*($D103=$B$91:$B$92),0)))} -> 1.3482494
B104: Working capital | C104: Cap period 5 | D104: Electricity | E104: PPM | F104: {=F70/(1+INDEX($C$91:$C$92,MATCH(1,($D104=$B$91:$B$92)*($D104=$B$91:$B$92),0)))} -> 0 | G104: {=G70/(1+INDEX($C$91:$C$92,MATCH(1,($D104=$B$91:$B$92)*($D104=$B$91:$B$92),0)))} -> 0 | H104: {=H70/(1+INDEX($C$91:$C$92,MATCH(1,($D104=$B$91:$B$92)*($D104=$B$91:$B$92),0)))} -> 0 | I104: {=I70/(1+INDEX($C$91:$C$92,MATCH(1,($D104=$B$91:$B$92)*($D104=$B$91:$B$92),0)))} -> 0
B105: Working capital | C105: Cap period 5 | D105: Gas | E105: Standard Credit | F105: {=F71/(1+INDEX($C$91:$C$92,MATCH(1,($D105=$B$91:$B$92)*($D105=$B$91:$B$92),0)))} -> 1.3482494 | G105: {=G71/(1+INDEX($C$91:$C$92,MATCH(1,($D105=$B$91:$B$92)*($D105=$B$91:$B$92),0)))} -> 1.3482494 | H105: {=H71/(1+INDEX($C$91:$C$92,MATCH(1,($D105=$B$91:$B$92)*($D105=$B$91:$B$92),0)))} -> 1.3482494 | I105: {=I71/(1+INDEX($C$91:$C$92,MATCH(1,($D105=$B$91:$B$92)*($D105=$B$91:$B$92),0)))} -> 1.3482494
B106: Working capital | C106: Cap period 5 | D106: Gas | E106: Other | F106: {=F72/(1+INDEX($C$91:$C$92,MATCH(1,($D106=$B$91:$B$92)*($D106=$B$91:$B$92),0)))} -> 1.3482494 | G106: {=G72/(1+INDEX($C$91:$C$92,MATCH(1,($D106=$B$91:$B$92)*($D106=$B$91:$B$92),0)))} -> 1.3482494 | H106: {=H72/(1+INDEX($C$91:$C$92,MATCH(1,($D106=$B$91:$B$92)*($D106=$B$91:$B$92),0)))} -> 1.3482494 | I106: {=I72/(1+INDEX($C$91:$C$92,MATCH(1,($D106=$B$91:$B$92)*($D106=$B$91:$B$92),0)))} -> 1.3482494
B107: Working capital | C107: Cap period 5 | D107: Gas | E107: PPM | F107: {=F73/(1+INDEX($C$91:$C$92,MATCH(1,($D107=$B$91:$B$92)*($D107=$B$91:$B$92),0)))} -> 0 | G107: {=G73/(1+INDEX($C$91:$C$92,MATCH(1,($D107=$B$91:$B$92)*($D107=$B$91:$B$92),0)))} -> 0 | H107: {=H73/(1+INDEX($C$91:$C$92,MATCH(1,($D107=$B$91:$B$92)*($D107=$B$91:$B$92),0)))} -> 0 | I107: {=I73/(1+INDEX($C$91:$C$92,MATCH(1,($D107=$B$91:$B$92)*($D107=$B$91:$B$92),0)))} -> 0
... B119: Working capital | C119: Cap period 7 | D119: Gas | E119: PPM | F119: {=F85/(1+INDEX($C$91:$C$92,MATCH(1,($D119=$B$91:$B$92)*($D119=$B$91:$B$92),0)))} -> 0 | G119: {=G85/(1+INDEX($C$91:$C$92,MATCH(1,($D119=$B$91:$B$92)*($D119=$B$91:$B$92),0)))} -> 0 | H119: {=H85/(1+INDEX($C$91:$C$92,MATCH(1,($D119=$B$91:$B$92)*($D119=$B$91:$B$92),0)))} -> 0 | I119: {=I85/(1+INDEX($C$91:$C$92,MATCH(1,($D119=$B$91:$B$92)*($D119=$B$91:$B$92),0)))} -> 0
B121: Section 3: Summing up bad debt, debt-related administrative cost and working capital
B122: This sections sums up the bad debt, debt-related administrative costs and working capital (with EBIT uplift removed), to give the final additional COVID cost included in cap periods 10a-11b.
D124: Fuel | E124: Payment method | F124: Costs included in cap 10a | G124: Costs included in cap 10b | H124: Costs included in cap 11a | I124: Costs included in cap 11b
B125: Additional COVID cost | C125: Cap period 4 | D125: Electricity | E125: Standard Credit | F125: =SUM(F10,F36,F96) -> 3.6221452 | G125: =SUM(G10,G36,G96) -> 3.6221452 | H125: =SUM(H10,H36,H96) -> 3.6221452 | I125: =SUM(I10,I36,I96) -> 3.6221452
B126: Additional COVID cost | C126: Cap period 4 | D126: Electricity | E126: Other | F126: =SUM(F11,F37,F97) -> 3.6221452 | G126: =SUM(G11,G37,G97) -> 3.6221452 | H126: =SUM(H11,H37,H97) -> 3.6221452 | I126: =SUM(I11,I37,I97) -> 3.6221452
B127: Additional COVID cost | C127: Cap period 4 | D127: Electricity | E127: PPM | F127: =SUM(F12,F38,F98) -> 0 | G127: =SUM(G12,G38,G98) -> 0 | H127: =SUM(H12,H38,H98) -> 0 | I127: =SUM(I12,I38,I98) -> 0
B128: Additional COVID cost | C128: Cap period 4 | D128: Gas | E128: Standard Credit | F128: =SUM(F13,F39,F99) -> 3.6221452 | G128: =SUM(G13,G39,G99) -> 3.6221452 | H128: =SUM(H13,H39,H99) -> 3.6221452 | I128: =SUM(I13,I39,I99) -> 3.6221452
B129: Additional COVID cost | C129: Cap period 4 | D129: Gas | E129: Other | F129: =SUM(F14,F40,F100) -> 3.6221452 | G129: =SUM(G14,G40,G100) -> 3.6221452 | H129: =SUM(H14,H40,H100) -> 3.6221452 | I129: =SUM(I14,I40,I100) -> 3.6221452
B130: Additional COVID cost | C130: Cap period 4 | D130: Gas | E130: PPM | F130: =SUM(F15,F41,F101) -> 0 | G130: =SUM(G15,G41,G101) -> 0 | H130: =SUM(H15,H41,H101) -> 0 | I130: =SUM(I15,I41,I101) -> 0
B131: Additional COVID cost | C131: Cap period 5 | D131: Electricity | E131: Standard Credit | F131: =SUM(F16,F42,F102) -> 5.0109441 | G131: =SUM(G16,G42,G102) -> 5.0109441 | H131: =SUM(H16,H42,H102) -> 5.0109441 | I131: =SUM(I16,I42,I102) -> 5.0109441
B132: Additional COVID cost | C132: Cap period 5 | D132: Electricity | E132: Other | F132: =SUM(F17,F43,F103) -> 5.0109441 | G132: =SUM(G17,G43,G103) -> 5.0109441 | H132: =SUM(H17,H43,H103) -> 5.0109441 | I132: =SUM(I17,I43,I103) -> 5.0109441
B133: Additional COVID cost | C133: Cap period 5 | D133: Electricity | E133: PPM | F133: =SUM(F18,F44,F104) -> 0 | G133: =SUM(G18,G44,G104) -> 0 | H133: =SUM(H18,H44,H104) -> 0 | I133: =SUM(I18,I44,I104) -> 0
B134: Additional COVID cost | C134: Cap period 5 | D134: Gas | E134: Standard Credit | F134: =SUM(F19,F45,F105) -> 5.0109441 | G134: =SUM(G19,G45,G105) -> 5.0109441 | H134: =SUM(H19,H45,H105) -> 5.0109441 | I134: =SUM(I19,I45,I105) -> 5.0109441
B135: Additional COVID cost | C135: Cap period 5 | D135: Gas | E135: Other | F135: =SUM(F20,F46,F106) -> 5.0109441 | G135: =SUM(G20,G46,G106) -> 5.0109441 | H135: =SUM(H20,H46,H106) -> 5.0109441 | I135: =SUM(I20,I46,I106) -> 5.0109441
B136: Additional COVID cost | C136: Cap period 5 | D136: Gas | E136: PPM | F136: =SUM(F21,F47,F107) -> 0 | G136: =SUM(G21,G47,G107) -> 0 | H136: =SUM(H21,H47,H107) -> 0 | I136: =SUM(I21,I47,I107) -> 0
... B148: Additional COVID cost | C148: Cap period 7 | D148: Gas | E148: PPM | F148: =SUM(F33,F59,F119) -> 0 | G148: =SUM(G33,G59,G119) -> 0 | H148: =SUM(H33,H59,H119) -> 0 | I148: =SUM(I33,I59,I119) -> 0
B150: Section 4: Additional COVID costs included in the cap 6 and 7 float split by cap periods
B151: This section converts the relative proportion of customers in cap periods 4 -7, to to account for under/ over recoveries caused by the change in default tariff customer numbers between the period of cost and float recovery
B153: Harmonising | C153: Period of cost origin | D153: Period converted to | F153: Attrition adjustment
B154: Attrition adjustment | C154: 4 | D154: 4 | E154: Factor | F154: ='3k CPIH & Attrition'!B38 -> 1.123524
B155: Attrition adjustment | C155: 5 | D155: 5 | E155: Factor | F155: ='3k CPIH & Attrition'!B39 -> 1.1152493
B156: Attrition adjustment | C156: 6 | D156: 6 | E156: Factor | F156: ='3k CPIH & Attrition'!B40 -> 1
B157: Attrition adjustment | C157: 7 | D157: 7 | E157: Factor | F157: ='3k CPIH & Attrition'!B41 -> 1
B158: Source: Tab '3k CPIH & Attrition'
B160: This table breaks down the costs included in the float and the origin period of cost and is multiplied by the above table to account for under/ over recoveries caused by the change in default tariff customer numbers between when the cost was incurred and when the float was recovered
B161: Additional COVID-19 cost | C161: Period of cost | D161: Fuel | E161: Payment method | F161: Cap period 4-6 float increments
B162: Bad debt | C162: Cap period 4 | D162: Electricity | E162: Standard Credit | F162: {='2b COVID Adjustment'!F11*INDEX($F$154:$F$157,MATCH(INT(RIGHT($C162,1)),$C$154:$C$157,0),0)} -> 2.2695185
B163: Bad debt | C163: Cap period 4 | D163: Electricity | E163: Other | F163: {='2b COVID Adjustment'!F12*INDEX($F$154:$F$157,MATCH(INT(RIGHT($C163,1)),$C$154:$C$157,0),0)} -> 2.2695185
B164: Bad debt | C164: Cap period 4 | D164: Electricity | E164: PPM | F164: {='2b COVID Adjustment'!F13*INDEX($F$154:$F$157,MATCH(INT(RIGHT($C164,1)),$C$154:$C$157,0),0)} -> 0
B165: Bad debt | C165: Cap period 4 | D165: Gas | E165: Standard Credit | F165: {='2b COVID Adjustment'!F14*INDEX($F$154:$F$157,MATCH(INT(RIGHT($C165,1)),$C$154:$C$157,0),0)} -> 2.2695185
B166: Bad debt | C166: Cap period 4 | D166: Gas | E166: Other | F166: {='2b COVID Adjustment'!F15*INDEX($F$154:$F$157,MATCH(INT(RIGHT($C166,1)),$C$154:$C$157,0),0)} -> 2.2695185
B167: Bad debt | C167: Cap period 4 | D167: Gas | E167: PPM | F167: {='2b COVID Adjustment'!F16*INDEX($F$154:$F$157,MATCH(INT(RIGHT($C167,1)),$C$154:$C$157,0),0)} -> 0
...

Sheet 2f RO Ringfencing adjustment
B2: RO Ringfencing
B3: This tab shows the calculation of the cap allowance adjustment due to ringfencing RO receipts.
B6: Electricity - Annualised cost
B8: RO Ringfencing cost | C8: Unit | D8: July 2023 - September 2023
B9: Profile class 1 | C9: £ per customer | D9: ='3l RO Ringfencing'!D9*'3l RO Ringfencing'!D10*'3c Demand'!C9*'3l RO Ringfencing'!D28 -> 8.5794639
B10: Profile class 2 | C10: £ per customer | D10: ='3l RO Ringfencing'!D9*'3l RO Ringfencing'!D10*'3c Demand'!C10*'3l RO Ringfencing'!D28 -> 11.62379
B12: Electricity - Annualised cost (Reversing EBIT uplift)
B14: RO Ringfencing cost | C14: Unit | D14: July 2023 - September 2023
B15: Profile class 1 | C15: £ per customer | D15: =D9/(1+'3l RO Ringfencing'!$D$24) -> 8.416454
B16: Profile class 2 | C16: £ per customer | D16: =D10/(1+'3l RO Ringfencing'!$D$25) -> 11.402938
B18: Electricity - Price cap 10b, Q3 2023 figures (Reversing EBIT uplift)
B20: RO Ringfencing cost | C20: Unit | D20: July 2023 - September 2023
B21: Profile class 1 | C21: £ per customer | D21: =D15*'3l RO Ringfencing'!C18 -> 1.7474904
B22: Profile class 2 | C22: £ per customer | D22: =D16*'3l RO Ringfencing'!D18 -> 2.0574943
B24: Fuel | C24: Payment Method | D24: Benchmark Metering Arrangement | E24: Charge Restriction Region | F24: Unit | G24: 28AD Charge Restriction Period: | I24: July 2023 - September 2023
B27: 1.Additional cost for RO ringfencing based on peak incremental capital employed
B28: Electricity | C28: All | D28: Single-Rate Metering Arrangement | F28: £ per customer per year | I28: =D15 -> 8.416454
D29: Multi-Register Metering Arrangement | F29: £ per customer per year | I29: =D16 -> 11.402938
B30: 2. Apply regional electricity losses
B31: Electricity | C31: All | D31: Single-Rate Metering Arrangement | E31: Eastern | F31: £ per customer per year | I31: =$I$28 -> 8.416454
E32: East Midlands | I32: =$I$28 -> 8.416454
E33: London | I33: =$I$28 -> 8.416454
E34: N Wales and Mersey | I34: =$I$28 -> 8.416454
E35: Midlands | I35: =$I$28 -> 8.416454
E36: Northern | I36: =$I$28 -> 8.416454
E37: North West | I37: =$I$28 -> 8.416454
E38: Southern | I38: =$I$28 -> 8.416454
E39: South East | I39: =$I$28 -> 8.416454
E40: South Wales | I40: =$I$28 -> 8.416454
E41: Southern Western | I41: =$I$28 -> 8.416454
E42: Yorkshire | I42: =$I$28 -> 8.416454
E43: Southern Scotland | I43: =$I$28 -> 8.416454
E44: Northern Scotland | I44: =$I$28 -> 8.416454
D45: Multi-Register Metering Arrangement | E45: Eastern | I45: =$I$29 -> 11.402938
E46: East Midlands | I46: =$I$29 -> 11.402938
E47: London | I47: =$I$29 -> 11.402938
E48: N Wales and Mersey | I48: =$I$29 -> 11.402938
E49: Midlands | I49: =$I$29 -> 11.402938
E50: Northern | I50: =$I$29 -> 11.402938
E51: North West | I51: =$I$29 -> 11.402938
E52: Southern | I52: =$I$29 -> 11.402938
E53: South East | I53: =$I$29 -> 11.402938
E54: South Wales | I54: =$I$29 -> 11.402938
E55: Southern Western | I55: =$I$29 -> 11.402938
E56: Yorkshire | I56: =$I$29 -> 11.402938
E57: Southern Scotland | I57: =$I$29 -> 11.402938
E58: Northern Scotland | I58: =$I$29 -> 11.402938

Sheet 2g Debt related cost adjustment
A2: Debt related cost adjustment
A3: On this tab we calculate the cost for TDCV customers after allocating it to the unit rate element of the cap only.
A6: Dual fuel cost per customer split by payment type
A7: Table 1a
A8: This table uses figures from tab 3n DRC to show the dual fuel cost per customer split by payment type
A9: Payment type | B9: £ dual fuel cost per customer
A10: Standard Credit | B10: ='3n DRC'!B10 -> 30.568582
A11: Other | B11: ='3n DRC'!B11 -> 30.568582
A12: PPM | B12: ='3n DRC'!B12 -> 0
A17: Calculating the benchmark consumption split between gas and electricity for the cap period
A18: Table 1b
A19: This table shows the benchmark consumption split between gas and electricity for cap period 11b
A20: Cap period 11b | B20: TDCV
A21: Gas | B21: ='3f Cap levels'!D36 -> 950.55
A22: Electricity | B22: ='3f Cap levels'!D20 -> 1030.3
A23: Dual fuel | B23: =SUM(B21:B22) -> 1980.85
A25: Table 1c
A26: This table shows the benchmark consumption split by % between gas and electricity for cap period 11b
A27: Cap period 11b | B27: TDCV
A28: Gas | B28: =B21/$B$23 -> 0.47986975
A29: Electricity | B29: =B22/$B$23 -> 0.52013025
A34: Adjustments included in price cap using the benchmark consumption values
A35: Table 1d
A36: This table shows the costs included in the cap adjusted for the 11b price cap level
A37: Benchmark Metering Arrangement | B37: Fuel | C37: Payment method | D37: Benchmark annual consumption | E37: Costs included in cap periods 12a-13b
A38: Single-Rate Metering Arrangement | B38: Electricity | C38: Standard Credit | D38: Nil | E38: {=IF(D38="Nil",0,_xlfn.IFS(B38=$A$29,($B$29*(INDEX($A$10:$B$12,MATCH(C38,$A$10:$A$12,0),2))),B38=$A$28,($B$28*(INDEX($A$10:$B$12,MATCH(C38,$A$10:$A$12,0),2)))))} -> 0
A39: Single-Rate Metering Arrangement | B39: Electricity | C39: Standard Credit | D39: TDCV | E39: {=IF(D39="Nil",0,_xlfn.IFS(B39=$A$29,($B$29*(INDEX($A$10:$B$12,MATCH(C39,$A$10:$A$12,0),2))),B39=$A$28,($B$28*(INDEX($A$10:$B$12,MATCH(C39,$A$10:$A$12,0),2)))))} -> 15.899644
A40: Single-Rate Metering Arrangement | B40: Electricity | C40: Other | D40: Nil | E40: {=IF(D40="Nil",0,_xlfn.IFS(B40=$A$29,($B$29*(INDEX($A$10:$B$12,MATCH(C40,$A$10:$A$12,0),2))),B40=$A$28,($B$28*(INDEX($A$10:$B$12,MATCH(C40,$A$10:$A$12,0),2)))))} -> 0
A41: Single-Rate Metering Arrangement | B41: Electricity | C41: Other | D41: TDCV | E41: {=IF(D41="Nil",0,_xlfn.IFS(B41=$A$29,($B$29*(INDEX($A$10:$B$12,MATCH(C41,$A$10:$A$12,0),2))),B41=$A$28,($B$28*(INDEX($A$10:$B$12,MATCH(C41,$A$10:$A$12,0),2)))))} -> 15.899644
A42: Single-Rate Metering Arrangement | B42: Electricity | C42: PPM | D42: Nil | E42: {=IF(D42="Nil",0,_xlfn.IFS(B42=$A$29,($B$29*(INDEX($A$10:$B$12,MATCH(C42,$A$10:$A$12,0),2))),B42=$A$28,($B$28*(INDEX($A$10:$B$12,MATCH(C42,$A$10:$A$12,0),2)))))} -> 0
A43: Single-Rate Metering Arrangement | B43: Electricity | C43: PPM | D43: TDCV | E43: {=IF(D43="Nil",0,_xlfn.IFS(B43=$A$29,($B$29*(INDEX($A$10:$B$12,MATCH(C43,$A$10:$A$12,0),2))),B43=$A$28,($B$28*(INDEX($A$10:$B$12,MATCH(C43,$A$10:$A$12,0),2)))))} -> 0
A44: Single-Rate Metering Arrangement | B44: Gas | C44: Standard Credit | D44: Nil | E44: {=IF(D44="Nil",0,_xlfn.IFS(B44=$A$29,($B$29*(INDEX($A$10:$B$12,MATCH(C44,$A$10:$A$12,0),2))),B44=$A$28,($B$28*(INDEX($A$10:$B$12,MATCH(C44,$A$10:$A$12,0),2)))))} -> 0
A45: Single-Rate Metering Arrangement | B45: Gas | C45: Standard Credit | D45: TDCV | E45: {=IF(D45="Nil",0,_xlfn.IFS(B45=$A$29,($B$29*(INDEX($A$10:$B$12,MATCH(C45,$A$10:$A$12,0),2))),B45=$A$28,($B$28*(INDEX($A$10:$B$12,MATCH(C45,$A$10:$A$12,0),2)))))} -> 14.668938
A46: Single-Rate Metering Arrangement | B46: Gas | C46: Other | D46: Nil | E46: {=IF(D46="Nil",0,_xlfn.IFS(B46=$A$29,($B$29*(INDEX($A$10:$B$12,MATCH(C46,$A$10:$A$12,0),2))),B46=$A$28,($B$28*(INDEX($A$10:$B$12,MATCH(C46,$A$10:$A$12,0),2)))))} -> 0
A47: Single-Rate Metering Arrangement | B47: Gas | C47: Other | D47: TDCV | E47: {=IF(D47="Nil",0,_xlfn.IFS(B47=$A$29,($B$29*(INDEX($A$10:$B$12,MATCH(C47,$A$10:$A$12,0),2))),B47=$A$28,($B$28*(INDEX($A$10:$B$12,MATCH(C47,$A$10:$A$12,0),2)))))} -> 14.668938
A48: Single-Rate Metering Arrangement | B48: Gas | C48: PPM | D48: Nil | E48: {=IF(D48="Nil",0,_xlfn.IFS(B48=$A$29,($B$29*(INDEX($A$10:$B$12,MATCH(C48,$A$10:$A$12,0),2))),B48=$A$28,($B$28*(INDEX($A$10:$B$12,MATCH(C48,$A$10:$A$12,0),2)))))} -> 0
A49: Single-Rate Metering Arrangement | B49: Gas | C49: PPM | D49: TDCV | E49: {=IF(D49="Nil",0,_xlfn.IFS(B49=$A$29,($B$29*(INDEX($A$10:$B$12,MATCH(C49,$A$10:$A$12,0),2))),B49=$A$28,($B$28*(INDEX($A$10:$B$12,MATCH(C49,$A$10:$A$12,0),2)))))} -> 0
... A55: Multi-Register Metering Arrangement | B55: Electricity | C55: PPM | D55: TDCV | E55: {=IF(D55="Nil",0,_xlfn.IFS(B55=$A$29,($B$29*(INDEX($A$10:$B$12,MATCH(C55,$A$10:$A$12,0),2))),B55=$A$28,($B$28*(INDEX($A$10:$B$12,MATCH(C55,$A$10:$A$12,0),2)))))} -> 0

Sheet 3. Inputs=>

Sheet 3a Adjustment term
A2: Adjustment
A3: This tab shows the per MWh values for each supplier and the weighted average level we use as an input to the calculations
A6: Per MWh adjustment by supplier (£ per MWh, 2019 prices)
A8: Supplier | B8: Electricity - Single rate | C8: Electricity - Multi-register | D8: Gas | E8: Note:
E9: Data removed for publication purposes
A16: Market share for weighting (2019 customer accounts)
A18: Supplier | B18: Electricity - Single rate | C18: Electricity - Multi-register | D18: Gas | E18: Note:
E19: Data removed for publication purposes
A26: Weighted average costs in Cap 1 (£ per MWh, 2019 prices)
B28: Electricity - Single rate | C28: Electricity - Multi-register | D28: Gas
A29: Weighted average costs (£ per MWh, 2019 prices) | B29: 55.222035 | C29: 55.788327 | D29: 20.063384
A31: Cap period 1 allowance (£ per MWh, 2019 prices)
A32: Source: Annex 2 - wholesale cost allowance
B34: Electricity - Single rate | C34: Electricity - Multi-register | D34: Gas
A35: Cap 1 allowance (£ per MWh, 2019 prices) | B35: 53.150285 | C35: 53.570923 | D35: 18.823954
A36: Note this allowance is before applying 1) allowances for shaping, forecast error and imbalance; transaction costs; and basis risk 2) electricity losses
A37: Difference between allowance and weighted costs (£ per MWh, 2019 prices)
B39: Electricity - Single rate | C39: Electricity - Multi-register | D39: Gas
A40: Difference in costs (per MWh) | B40: =B29-B35 -> 2.0717498 | C40: =C29-C35 -> 2.2174038 | D40: =D29-D35 -> 1.23943
A42: Adjustment for differences in period length (consumption in period)
A43: We adjust for the differences in average consumption between the period in which the original wholesale allowance was provided (cap period 1) and the period in which the reassessed wholesale allowance will be recovered (cap period 5).
B45: Electricity - Single rate | C45: Electricity - Multi-register | D45: Gas
A46: % consumption in cap period 1 | B46: ='3c Demand'!D43*'3c Demand'!F18 -> 0.28439011 | C46: ='3c Demand'!D49*'3c Demand'!F19 -> 0.30431707 | D46: ='3c Demand'!D30 -> 0.419
A47: % consumption in cap period 5 | B47: ='3c Demand'!D18 -> 0.56568023 | C47: ='3c Demand'!D19 -> 0.60980965 | D47: ='3c Demand'!C38 -> 0.75660775
A48: Consumption adjustment factor | B48: =B46/B47 -> 0.50274005 | C48: =C46/C47 -> 0.49903617 | D48: =D46/D47 -> 0.55378761
A50: Charge adjusted for differences in period length (adjusted by consumption) (£ per MWh, 2019 prices)
B52: Electricity - Single rate | C52: Electricity - Multi-register | D52: Gas
A53: Consumption adjusted charge (£ per MWh, 2019 prices) | B53: =B40*B48 -> 1.0415516 | C53: =C40*C48 -> 1.1065647 | D53: =D40*D48 -> 0.68638096
A55: Attrition adjusted charge (£ per MWh, 2019 prices)
A56: Source: Ofgem analysis of customer account data
A57: We adjust for attrition of default tariff customers to acknowledge suppliers have less customers in cap period 5 to recover costs over than in cap period 1.
B59: Electricity - Single rate | C59: Electricity - Multi-register | D59: Gas
A60: Attrition in customer volumes | B60: 0.15 | C60: 0.15 | D60: 0.15
A61: Adjustment for attrition in customer volumes | B61: =1/(1-B60) -> 1.1764706 | C61: =1/(1-C60) -> 1.1764706 | D61: =1/(1-D60) -> 1.1764706
A63: Attrition adjusted charge (£ per MWh, 2019 prices) | B63: =B53*B61 -> 1.2253548 | C63: =C53*C61 -> 1.3018408 | D63: =D53*D61 -> 0.80750702
A67: Adjusted charge indexed by CPIH (£ per MWh, 2020 prices)
B69: Electricity - Single rate | C69: Electricity - Multi-register | D69: Gas
A70: Indexed adjustment (£ per MWh, 2020 prices) | B70: =B63*('3e CPIH'!$P$16/'3e CPIH'!$L$16) -> 1.2589103 | C70: =C63*('3e CPIH'!$P$16/'3e CPIH'!$L$16) -> 1.3374909 | D70: =D63*('3e CPIH'!$P$16/'3e CPIH'!$L$16) -> 0.82962005

Sheet 3b Allowances
A2: Allowances
A3: This tab shows the assumed uplifts for reshaping, forecast error and imbalance; transaction costs; and (for gas) unidentified gas.
A6: Electricity
B8: Single rate | C8: Multi-register
A9: Seasonal to monthly shaping | B9: 0.002321823 | C9: 0.002321823
A10: Monthly peak/baseload to hourly shaping | B10: 0.041608176 | C10: 0.041608176
A11: Rehedging day ahead | B11: 0.002868983 | C11: 0.002868983
A12: Imbalance | B12: 0.013104191 | C12: 0.013104191
A13: Transaction costs | B13: 0.0039356792 | C13: 0.0039356792
A14: Additional risk allowance | B14: 0.01 | C14: 0.01
A15: Total | B15: =SUM(B9:B14) -> 0.073838852 | C15: =SUM(C9:C14) -> 0.073838852
A17: Gas
B19: Gas
A20: Quarterly to monthly shaping | B20: 0.007943805
A21: Rehedging day ahead | B21: 0.033946243
A22: Imbalance | B22: 0.0011747733
A23: Transaction costs | B23: 0.0031547064
A24: Additional risk allowance | B24: 0.01
A25: Unidentified gas | B25: 0.02
A26: Total | B26: =SUM(B20:B25) -> 0.076219528

Sheet 3c Demand
A2: Demand
A3: This tab shows typical domestic consumption values, the assumed demand weights for electricity (based on Ofgem analysis of Elexon data, as set out in the workbook "Demand and Losses"); the assumed peak / baseload split; and the assumed demand weights for gas (based on Xoserve annual load profiles, taken from UK Link documentation)
A4: Data same as that which is used in Annex 2: Wholesale cost allowance
A6: Typical consumption values
B8: Fuel / Benchmark Metering Arrangement | C8: Typical consumption, MWh
B9: Electricity - Single-Rate Metering Arrangement | C9: 3.1
B10: Electricity - Multi-Register Metering Arrangement | C10: 4.2
B11: Gas | C11: 12
A14: Electricity - demand shares
C16: Share of demand cap period 5 | E16: Share of demand cap period 1
B17: Profile class | C17: Summer | D17: Winter | E17: Summer | F17: Winter
B18: 1 | C18: 0.43431977 | D18: 0.56568023 | E18: 0.432 | F18: 0.568
B19: 2 | C19: 0.39019035 | D19: 0.60980965 | E19: 0.395 | F19: 0.605
A21: Electricity - peak / baseload split
C24: Peak | D24: Baseload
B25: Share of contracts | C25: 0.3 | D25: 0.7
A27: Gas - demand shares
B29: Quarter | C29: Share of demand (cap period 5) | D29: Share of demand (cap period 1)
A30: 1 | B30: Jan - Mar | C30: 0.42293309 | D30: 0.419
A31: 2 | B31: Apr - Jun | C31: 0.16756126 | D31: 0.169
A32: 3 | B32: Jul - Sep | C32: 0.075830993 | D32: 0.078
A33: 4 | B33: Oct - Dec | C33: 0.33367466 | D33: 0.334
B36: Season | C36: Share of demand (cap period 5) | D36: Share of demand (cap period 1)
B37: Summer | C37: =SUM(C31:C32) -> 0.24339225 | D37: =SUM(D31:D32) -> 0.247
B38: Winter | C38: =SUM(C30,C33) -> 0.75660775 | D38: =SUM(D30,D33) -> 0.753
A40: Electricity - demand shares - Single Rate Meter
B42: Quarter | C42: Q418 | D42: Q119
B43: Share | C43: 0.49931319 | D43: 0.50068681
A46: Electricity - demand shares - Multi rate Meters
B48: Quarter | C48: Q418 | D48: Q119
B49: Share | C49: 0.49699657 | D49: 0.50300343

Sheet 3d Electricity losses
B2: Losses
B3: This tab summarises the loss multipliers used to uplift direct fuel costs, for each 28AD Charge Restriction Period. It is populated using the outputs of the "Demand and losses" workbook.
B6: Benchmark Metering Arrangement | C6: Charge Restriction Region | F6: Historical examples | O6: Values to be used to update level of default tariff cap | AA6: Values to be used to update level of default tariff cap
F7: These are for historical periods, for illustration only. | O7: These are the values that will be populated to calculate the updated level of the default tariff cap | AA7: These are the values that will be populated to calculate the updated level of the default tariff cap, using the quarterly approach
D8: 28AD Charge Restriction Period: | F8: April 2015 – September 2015 | G8: October 2015- March 2016 | H8: April 2016-September 2016 | I8: October 2016-March 2017 | J8: April 2017 - September 2017 | K8: October 2017 - March 2018 | L8: April 2018 - September 2018 | M8: October 2018 - March 2019 | O8: January 2019 - March 2019 | P8: April 2019 - September 2019 | Q8: October 2019 - March 2020 | R8: April 2020 - September 2020 | S8: October 2020 - March 2021 | T8: April 2021 - September 2021 | U8: October 2021 - March 2022 | V8: April 2022 - September 2022 | W8: October 2022 - March 2023 | X8: April 2023 - September 2023 | Y8: October 2023 - December 2023 | AA8: January 2024 - March 2024 | AB8: April 2024 - June 2024 | AC8: July 2024 - September 2024 | AD8: October 2024 - December 2024 | AE8: January 2025 - March 2025 | AF8: April 2025 - June 2025 | AG8: July 2025 - September 2025 | AH8: October 2025 - December 2025 | AI8: January 2026 - March 2026 | AJ8: April 2026 - June 2026 | AK8: July 2026 - September 2026 | AL8: October 2026 - December 2026 | AM8: January 2027 - March 2027 | AN8: April 2027 - June 2027 | AO8: July 2027 - September 2027 | AP8: October 2027 - December 2027 | AQ8: January 2028 - March 2028 | AR8: April 2028 - June 2028 | AS8: July 2028 - September 2028 | AT8: October 2028 - December 2028 | AU8: January 2029 - March 2029 | AV8: April 2029 - June 2029 | AW8: July 2029 - September 2029 | AX8: October 2029 - December 2029 | AY8: January 2030 - March 2030 | AZ8: April 2030 - June 2030 | BA8: July 2030 - September 2030 | BB8: October 2030 - December 2030
D9: Updated calculated as of: | F9: February 2015 | G9: August 2015 | H9: February 2016 | I9: August 2016 | J9: February 2017 | K9: August 2017 | L9: February 2018 | M9: August 2018 | O9: November 2018 | P9: February 2019 | Q9: August 2019 | R9: February 2020 | S9: August 2020 | T9: February 2021 | U9: August 2021 | V9: February 2022 | W9: August 2022 | X9: February 2023 | Y9: August 2023 | AA9: August 2023 | AB9: February 2024 | AC9: February 2024 | AD9: August 2024 | AE9: August 2024 | AF9: February 2025 | AG9: February 2025 | AH9: August 2025 | AI9: August 2025 | AJ9: February 2026 | AK9: February 2026 | AL9: August 2026 | AM9: August 2026 | AN9: February 2027 | AO9: February 2027 | AP9: August 2027 | AQ9: August 2027 | AR9: February 2028 | AS9: February 2028 | AT9: August 2028 | AU9: August 2028 | AV9: February 2029 | AW9: February 2029 | AX9: August 2029 | AY9: August 2029 | AZ9: February 2030 | BA9: February 2030 | BB9: August 2030
D10: Year: | F10: 2015/16 | G10: 2015/16 | H10: 2016/17 | I10: 2016/17 | J10: 2017/18 | K10: 2017/18 | L10: 2018/19 | M10: 2018/19 | O10: 2018/2019 | P10: 2019/2020 | Q10: 2019/2020 | R10: 2020/2021 | S10: 2020/2021 | T10: 2021/2022 | U10: 2021/2022 | V10: 2022/2023 | W10: 2022/2023 | X10: 2023/2024 | Y10: 2023/2024 | AA10: 2023/2024 | AB10: 2024/2025 | AC10: 2024/2025 | AD10: 2024/2025 | AE10: 2024/2025 | AF10: 2025/2026 | AG10: 2025/2026 | AH10: 2025/2026 | AI10: 2025/2026 | AJ10: 2026/2027 | AK10: 2026/2027 | AL10: 2026/2027 | AM10: 2026/2027 | AN10: 2027/2028 | AO10: 2027/2028 | AP10: 2027/2028 | AQ10: 2027/2028 | AR10: 2028/2029 | AS10: 2028/2029 | AT10: 2028/2029 | AU10: 2028/2029 | AV10: 2029/2030 | AW10: 2029/2030 | AX10: 2029/2030 | AY10: 2029/2030 | AZ10: 2030/2031 | BA10: 2030/2031 | BB10: 2030/2031
B11: Single-Rate Metering Arrangement | C11: Eastern | F11: 1.1082752 | G11: 1.1082752 | H11: 1.1082752 | I11: 1.1082752 | J11: 1.1082752 | K11: 1.1082752 | L11: 1.0962941 | M11: 1.0962941 | O11: 1.0962941 | P11: 1.1020877 | Q11: 1.1020865 | R11: 1.1008085 | V11: 1.1036426
C12: East Midlands | F12: 1.0837988 | G12: 1.0837988 | H12: 1.0837988 | I12: 1.0837988 | J12: 1.0837988 | K12: 1.0837988 | L12: 1.0826128 | M12: 1.0826128 | O12: 1.0826128 | P12: 1.0807458 | Q12: 1.0807488 | R12: 1.0825588 | V12: 1.0836551
C13: London | F13: 1.0948785 | G13: 1.0948785 | H13: 1.0948785 | I13: 1.0948785 | J13: 1.0948785 | K13: 1.0948785 | L13: 1.1057052 | M13: 1.1057052 | O13: 1.1057052 | P13: 1.107757 | Q13: 1.1077544 | R13: 1.1099372 | V13: 1.1177282
C14: N Wales and Mersey | F14: 1.10824 | G14: 1.10824 | H14: 1.10824 | I14: 1.10824 | J14: 1.10824 | K14: 1.10824 | L14: 1.1137303 | M14: 1.1137303 | O14: 1.1137303 | P14: 1.1161233 | Q14: 1.1161771 | R14: 1.1201051 | V14: 1.1303907
C15: Midlands | F15: 1.0860779 | G15: 1.0860779 | H15: 1.0860779 | I15: 1.0860779 | J15: 1.0860779 | K15: 1.0860779 | L15: 1.0905111 | M15: 1.0905111 | O15: 1.0905111 | P15: 1.0928474 | Q15: 1.0928522 | R15: 1.1000097 | V15: 1.1054196
C16: Northern | F16: 1.0948524 | G16: 1.0948524 | H16: 1.0948524 | I16: 1.0948524 | J16: 1.0948524 | K16: 1.0948524 | L16: 1.0773575 | M16: 1.0773575 | O16: 1.0773575 | P16: 1.0724968 | Q16: 1.072513 | R16: 1.0697649 | V16: 1.0726899
C17: North West | F17: 1.099948 | G17: 1.099948 | H17: 1.099948 | I17: 1.099948 | J17: 1.099948 | K17: 1.099948 | L17: 1.0956375 | M17: 1.0956375 | O17: 1.0956375 | P17: 1.0967896 | Q17: 1.0968202 | R17: 1.0918186 | V17: 1.0899592
C18: Southern | F18: 1.0809928 | G18: 1.0809928 | H18: 1.0809928 | I18: 1.0809928 | J18: 1.0809928 | K18: 1.0809928 | L18: 1.0872295 | M18: 1.0872295 | O18: 1.0872295 | P18: 1.0910196 | Q18: 1.0958721 | R18: 1.0990695 | V18: 1.1022882
C19: South East | F19: 1.0934633 | G19: 1.0934633 | H19: 1.0934633 | I19: 1.0934633 | J19: 1.0934633 | K19: 1.0934633 | L19: 1.0896877 | M19: 1.0896877 | O19: 1.0896877 | P19: 1.0932122 | Q19: 1.0932078 | R19: 1.0996397 | V19: 1.1042931
C20: South Wales | F20: 1.087313 | G20: 1.087313 | H20: 1.087313 | I20: 1.087313 | J20: 1.087313 | K20: 1.087313 | L20: 1.0746962 | M20: 1.0746962 | O20: 1.0746962 | P20: 1.0832647 | Q20: 1.0832564 | R20: 1.0842536 | V20: 1.097892
C21: Southern Western | F21: 1.0693643 | G21: 1.0693643 | H21: 1.0693643 | I21: 1.0693643 | J21: 1.0693643 | K21: 1.0693643 | L21: 1.0699075 | M21: 1.0699075 | O21: 1.0699075 | P21: 1.0817559 | Q21: 1.0817451 | R21: 1.0860675 | V21: 1.087174
C22: Yorkshire | F22: 1.1089972 | G22: 1.1089972 | H22: 1.1089972 | I22: 1.1089972 | J22: 1.1089972 | K22: 1.1089972 | L22: 1.0911008 | M22: 1.0911008 | O22: 1.0911008 | P22: 1.0916664 | Q22: 1.0916904 | R22: 1.0988625 | V22: 1.0966513
C23: Southern Scotland | F23: 1.1015999 | G23: 1.1015999 | H23: 1.1015999 | I23: 1.1015999 | J23: 1.1015999 | K23: 1.1015999 | L23: 1.091958 | M23: 1.091958 | O23: 1.091958 | P23: 1.0927569 | Q23: 1.0928089 | R23: 1.0894956 | V23: 1.1086298
C24: Northern Scotland | F24: 1.1019888 | G24: 1.1019888 | H24: 1.1019888 | I24: 1.1019888 | J24: 1.1019888 | K24: 1.1019888 | L24: 1.079202 | M24: 1.079202 | O24: 1.079202 | P24: 1.0689838 | Q24: 1.0640139 | R24: 1.0551588 | V24: 1.0826519
B25: Multi-Register Metering Arrangement | C25: Eastern | F25: 1.1062978 | G25: 1.1062978 | H25: 1.1062978 | I25: 1.1062978 | J25: 1.1062978 | K25: 1.1062978 | L25: 1.0943802 | M25: 1.0943802 | O25: 1.0943802 | P25: 1.0994053 | Q25: 1.0992844 | R25: 1.0980904 | V25: 1.1009122
C26: East Midlands | F26: 1.0832654 | G26: 1.0832654 | H26: 1.0832654 | I26: 1.0832654 | J26: 1.0832654 | K26: 1.0832654 | L26: 1.0819319 | M26: 1.0819319 | O26: 1.0819319 | P26: 1.0800679 | Q26: 1.0800365 | R26: 1.0817927 | V26: 1.083059
C27: London | F27: 1.092622 | G27: 1.092622 | H27: 1.092622 | I27: 1.092622 | J27: 1.092622 | K27: 1.092622 | L27: 1.1032017 | M27: 1.1032017 | O27: 1.1032017 | P27: 1.1044196 | Q27: 1.1042815 | R27: 1.106407 | V27: 1.1140375
C28: N Wales and Mersey | F28: 1.1051677 | G28: 1.1051677 | H28: 1.1051677 | I28: 1.1051677 | J28: 1.1051677 | K28: 1.1051677 | L28: 1.1101095 | M28: 1.1101095 | O28: 1.1101095 | P28: 1.1120764 | Q28: 1.1119109 | R28: 1.1156493 | V28: 1.1253684
C29: Midlands | F29: 1.0848717 | G29: 1.0848717 | H29: 1.0848717 | I29: 1.0848717 | J29: 1.0848717 | K29: 1.0848717 | L29: 1.0893236 | M29: 1.0893236 | O29: 1.0893236 | P29: 1.0916554 | Q29: 1.0916092 | R29: 1.0986388 | V29: 1.104156
C30: Northern | F30: 1.0926847 | G30: 1.0926847 | H30: 1.0926847 | I30: 1.0926847 | J30: 1.0926847 | K30: 1.0926847 | L30: 1.0756142 | M30: 1.0756142 | O30: 1.0756142 | P30: 1.0714258 | Q30: 1.0713861 | R30: 1.0688039 | V30: 1.0713936
C31: North West | F31: 1.0986769 | G31: 1.0986769 | H31: 1.0986769 | I31: 1.0986769 | J31: 1.0986769 | K31: 1.0986769 | L31: 1.0940339 | M31: 1.0940339 | O31: 1.0940339 | P31: 1.0950189 | Q31: 1.0949459 | R31: 1.0894938 | V31: 1.0880512
C32: Southern | F32: 1.0804109 | G32: 1.0804109 | H32: 1.0804109 | I32: 1.0804109 | J32: 1.0804109 | K32: 1.0804109 | L32: 1.0867796 | M32: 1.0867796 | O32: 1.0867796 | P32: 1.090616 | Q32: 1.0950737 | R32: 1.0980421 | V32: 1.1017182
C33: South East | F33: 1.0905921 | G33: 1.0905921 | H33: 1.0905921 | I33: 1.0905921 | J33: 1.0905921 | K33: 1.0905921 | L33: 1.0880688 | M33: 1.0880688 | O33: 1.0880688 | P33: 1.0908892 | Q33: 1.0907897 | R33: 1.0969047 | V33: 1.1015952
C34: South Wales | F34: 1.0864765 | G34: 1.0864765 | H34: 1.0864765 | I34: 1.0864765 | J34: 1.0864765 | K34: 1.0864765 | L34: 1.0740457 | M34: 1.0740457 | O34: 1.0740457 | P34: 1.0828812 | Q34: 1.0828655 | R34: 1.0842498 | V34: 1.0982644
C35: Southern Western | F35: 1.0693123 | G35: 1.0693123 | H35: 1.0693123 | I35: 1.0693123 | J35: 1.0693123 | K35: 1.0693123 | L35: 1.0699456 | M35: 1.0699456 | O35: 1.0699456 | P35: 1.0819394 | Q35: 1.0819462 | R35: 1.0860332 | V35: 1.0877951
C36: Yorkshire | F36: 1.1063638 | G36: 1.1063638 | H36: 1.1063638 | I36: 1.1063638 | J36: 1.1063638 | K36: 1.1063638 | L36: 1.0888726 | M36: 1.0888726 | O36: 1.0888726 | P36: 1.089571 | Q36: 1.0894823 | R36: 1.0962436 | V36: 1.0936816
C37: Southern Scotland | F37: 1.0990611 | G37: 1.0990611 | H37: 1.0990611 | I37: 1.0990611 | J37: 1.0990611 | K37: 1.0990611 | L37: 1.0885301 | M37: 1.0885301 | O37: 1.0885301 | P37: 1.0897285 | Q37: 1.0896084 | R37: 1.0861444 | V37: 1.1045419
C38: Northern Scotland | F38: 1.1022838 | G38: 1.1022838 | H38: 1.1022838 | I38: 1.1022838 | J38: 1.1022838 | K38: 1.1022838 | L38: 1.0793407 | M38: 1.0793407 | O38: 1.0793407 | P38: 1.0691809 | Q38: 1.064393 | R38: 1.0555239 | V38: 1.0829159

Sheet 3e CPIH
B2: CPIH
B3: This tab shows the consumer price index (including owner occupiers' housing costs) (the 'CPIH Index'). This is used to index the Operating Cost Allowance and Payment Method Adjustment Additional Cost. It also shows the Initial Value of CPIH ('CPIHo'), as published in the notice.
B7: Output
B9: CPIH Initial Value (December 2016): | C9: =G16 -> 102.2
C11: Historical examples | L11: Values to be used to update level of default tariff cap | X11: Values to be used to update level of default tariff cap
C12: These are for historical periods, for illustration only. | L12: These are the values that will be populated to calculate the updated level of the default tariff cap | X12: These are the values that will be populated to calculate the updated level of the default tariff cap, using the quarterly approach
